Workbook

Sheet Read Me
B2: California Public Utilities Commission
B3: Business Plan Application Template
B7: Updated: | C7: March, 2026 | F7: WORKBOOK DROPDOWN MENU CONTROL
B9: General Instructions for Completing the Tables: | F9: Target Exempt | G9: PA | H9: Program Implementer | I9: Sector | J9: Program Category | K9: Program Segment | L9: Program Changes Reason
B10: PG&E | C10: Input your PA name here. This will appear on all tabs. | F10: Yes | G10: PG&E | H10: IOU Core | I10: Residential | J10: Emerging Tech | K10: Resource Acquisition | L10: Programs to be closed with the disposition of 2028-2035 EE Application
B11: 2028-2035 | C11: Input your reference years here. This will appear on all tabs | F11: No | G11: SCE | H11: Third Party | I11: Commercial | J11: WE&T | K11: Market Support | L11: Programs to be closed upon completion of commitments
C12: All currency will be reported to the dollar, i.e., $0. | G12: SoCalGas | H12: REN/CCA | I12: Industrial | J12: Financing | K12: Equity | L12: Programs with reduced budgets (>40% budget decrease)
C13: Follow the legend to guide the input of various data requirements. | G13: SDG&E | I13: Agricultural | J13: Market Transformation | K13: Codes & Standards | L13: Programs with enhanced budgets (>40% budget increase)
C14: When adding rows, ensure all formulas are copied. | G14: BayREN | I14: Public | J14: Other | K14: EM&V | L14: Programs that are new in 2028 or beyond
C15: All tables totals should be recalculated to ensure footing/cross footing accuracy. | I15: Cross-Cutting | J15: New Construction | L15: Programs with Third-Party Contracts that Sunset in 2028-2031
C16: Be mindful of print area to ensure footnotes are included when added. | I16: Portfolio Support | J16: Marketing Education & Outreach
C17: Review the legend at the bottom of the Read Me. | J17: Energy Savings Assistance
J18: Codes & Standards
B19: Description | J19: EM&V
B20: This workbook supports the development and submission of CPUC Business Plan Application by providing a standardized template for organizing key programmatic, budgetary, and analytical information. Each Tab plans a specific role in collecting, processing, and summarizing relevant data to meet submission and regulatory requirements.
B22: Workbook Tab Definitions
B23: Function Definitions | C23: This tab provides a detailed breakdown of functional categories and definitions used to allocate and report energy efficiency program costs across planning, implementation, compliance, engineering, analytics, marketing, IT, and incentive functions.
B24: 0 Validations | C24: Provides a summary of key budget, revenue requirement, and cost category comparisons across the workbook, highlighting differences to ensure consistency between spending requests, cost recovery, and functional allocations.
B25: 1 Participant Bill Impacts | C25: Calculates estimated average annual and lifecycle bill savings for participating customers by applying electric and gas rates to forecasted program energy savings.
B26: 2 Rate Impacts | C26: Presents the projected changes in electric and gas revenues, rates, and the energy efficiency portion of rates by customer class, illustrating the impact of proposed energy efficiency investments on utility bills.
B27: 3.1 Funding Category | C27: Summarizes funding sources and budget allocations for electric and gas programs, including procurement and revenue requirements, across various program administrators and utilities.
B28: 3.2 Funding - CCA_REN only | C28: Tracks annual electric and gas energy efficiency funds allocated by IOUs to RENs and CCAs from 2028–2035.
B29: 4.1 Program Budget 2028-2031 | C29: Outlines portfolio budget requests, spending, unspent and carryover balances, and cost components for your utility energy efficiency portfolio, including EM&V, ME&O, ESA, and financing pilots.
B30: 4.2 Sector Seg Budget 2032-2035 | C30: Details annual budget requests, energy savings, and emissions impacts by sector and program segment to support portfolio planning from 2028–2035.
B31: 4.3 TSB and C&S Budget 2032-2035 | C31: Compares business plan forecasts to CPUC goals for 2028–2035, including Total System Benefit and energy savings metrics for incentive programs and codes & standards.
B32: Budget Filing Data | C32: Contains raw budget filing data from CEDARS and CET grouped by Year, PA, Program ID, Program Name, Program Group, Primary Sector, Statewide Program, Program Category, Program Implementer, Filing Year Quarter, Program Segment and Program Status. Also includes calculations of interim steps related to cost-effectiveness metrics.
B33: 6 Statewide Programs | C33: Outlines statewide energy efficiency programs, including total contract budgets, proportional funding contributions, and administrative costs allocated across IOUs based on electric and gas load shares.
B34: 7 PA PY Budget | C34: Summarizes annual cost recovery requests (2028–2031) for IOUs, RENs, and CCAs, including EM&V, oversight, and offsets from unspent funds.
... B38: 11 Program Cards | C38: Flat file version of the program card tables in the narrative. Pas can use this template to populate the narrative.
B40: Legend
B41: Solid Gray, black font | C41: This cell style indicates a formula that should not be edited by the user.
B42: Solid Blue, blue font | C42: This cell style indicates a data input cell that should be edited by the user.
B43: Solid Gold, black font | C43: This cell style indicates the cell is a header/footer, no data input cell.
B44: Solid Green, black font | C44: This cell style indicates the aggregated data could come from record level budget filing (posted in CEDARS) or from the aggregated data described in the "Budget Filing Data" tab.

Sheet Function Definitions
B2: Description | C2: This tab provides a detailed breakdown of functional categories and definitions used to allocate and report energy efficiency program costs across planning, implementation, compliance, engineering, analytics, marketing, IT, and incentive functions.
B4: Instructions | C4: Review table to familiarize yourself with functions definitions.
B6: PA Name: | C6: ='Read Me'!B10 -> PG&E
B7: Budget Year: | C7: ='Read Me'!B11 -> 2028-2035
B9: FUNCTION DEFINITIONS
B10: Aggregated Category | C10: Definition | D10: Functional Category | E10: Detailed Definition
B11: Policy, Strategy, and Regulatory Reporting Compliance | C11: Includes policy, strategy, compliance, audits and regulatory support | D11: Planning & Compliance | E11: DSM Goal Planning; lead legislative review/positioning; policy support on reg proceedings; portfolio optimization; end use-market strategy; DSM lead for PRP, DRP, ES; locational targeting; audit support; SOX certifications; developing control plans; developing action plans; continuous monitoring; inspections; program/product QA/QC; decision compliance oversight/tracking; data requests; policies & procedures
D12: Company Regulatory Support | E12: Case management for EE proceedings
B13: Program management | C13: Includes labor, contracts, admin costs for program design, program implementation, product and channel management for all sectors | D13: Program Management & Delivery | E13: Market Segment & Locational Resource programs; Business Core & Finance Programs; Large Power DR Programs; Non-Res HVAC & Technical Services; Program Integration & Optimization; Residential EE & DR Programs (incl. Res HVAC QI); IQP & Economic Assistance Programs; Mass Market DR Programs; Education & Information Products & Services; Energy Leader Partnerships; Institutional & Federal Partnerships; REN Coordination; Strategic Plan Support; Energy/Water Program Mgt; Service Level Agreement Tracking
D14: Product Management | E14: Manage end-to-end new products and services (P&S) intake, evaluation, and launch process; develop and facilitate P&S governance teams, coordination of all sub-process owners, stakeholders, and technical resources required to evaluate and launch new products; evaluate and launch new services and OOR opportunities; develop external partnerships & strategic alliances; work with various companies and associations to help advance standards, products, and tech.; work with external experts to help reduce SCE costs to deliver new prog. and products; develop and launch new customer technologies, products, services for residential and business customers; conduct customer pilots of new technologies and programs; lead customer field demonstrations of new technologies and products; align new P&S to savings programs/incentives; develop new programs/incentives in support of savings goals
D15: Channel Management
D16: Contract Management | E16: Budget forecasting, spend tracking, invoice processing, and contract management with vendors and suppliers; Regulatory support for ME&O activities
B17: Engineering Services | C17: Includes engineering, project management, and contracts associated with workpaper development and pre/post sales project technical reviews and design assistance | D17: Custom project support | E17: Management of Emerging Products projects; Customized reviews; LCR/RFO support; Ex-ante review management; Technical policy support; Technical assessments; Workpapers; Tool development; End use subject matter expertise
D18: Deemed workpapers
D19: Project management
B20: Customer Application/Rebate and Incentive Processing | C20: Costs associated with application management and rebate and incentive processing (deemed and custom) | D20: Rebate & Application Processing
B21: Inspections | C21: Costs associated with project inspections | D21: Inspections
B22: Portfolio Analytics | C22: Includes analytics support, including internal performance reporting and external reporting | D22: Data analytics | E22: Data development for programs, products and services; Standard and ad hoc data extracts for internal and external clients ; Database management; CPUC, CAISO reporting; Data reconciliation; E3 support ; Compliance filing support; Funding Oversight; ESPI support; Program Results Data & Performance
B24: EM&V | C24: EM&V expenditures | D24: EM&V Studies | E24: Program and product review; manage evaluation studies
D25: EM&V Forecasting | E25: EE lead for LTPP and IEPR; market potential study; integration w/ procurement planning; CPUC Demand Analysis Working Group
B26: ME&O | C26: Costs associated with utility EE marketing; no statewide; focus on outsourced portion | D26: Marketing | E26: Customer Programs, Products, and Services Marketing; Digital Product Development; Digital Content & Optimization
D27: Customer insights | E27: Voice of the Customer; Customer satisfaction study measurement and analysis (JD Power, SDS); Customer testing/research
B28: Account Management / Sales | C28: Costs associated with account rep energy efficiency sales functions | D28: Account Management
B29: IT | C29: IT project specific costs and regular O&M | D29: IT - project specific | E29: Projects and minor enhancements. Includes project management/business integration ("PMO/BID"). Excluded: maintenance (which SCE defines as when something goes down, normal batch processing, verifying interfaces, etc.).
D30: IT - regular O&M
B31: Call Center | C31: Costs associated with call center staff fielding EE program questions | D31: Call Center
B32: Incentives | C32: Costs of rebate and incentive payments to customers | D32: Incentives

Sheet 0 Validations
B2: Description | C2: Provides a summary of key budget, revenue requirement, and cost category comparisons across the workbook, highlighting differences to ensure consistency between spending requests, cost recovery, and functional allocations.
B4: Instructions | C4: No entry required. Review summary tables after completing workbook.
B6: PA Name: | C6: ='Read Me'!B10 -> PG&E
B7: Budget Year: | C7: ='Read Me'!B11 -> 2028-2035
B8: Table 0 – Validations
C9: Spending Budget Comparison | D9: 2028 | E9: =+D9+1 -> 2029 | F9: =+E9+1 -> 2030 | G9: =+F9+1 -> 2031 | H9: =+G9+1 -> 2032 | I9: =+H9+1 -> 2033 | J9: =+I9+1 -> 2034 | K9: =+J9+1 -> 2035
C10: Tab 3.1 - PA Spending Budget Request (PA Program and EM&V) | D10: =SUMIFS('3.1 Funding Category'!$D$10:$D$81, '3.1 Funding Category'!$C$10:$C$81, '3.1 Funding Category'!$C$10, '3.1 Funding Category'!$B$10:$B$81, '0 Validations'!D9)+SUMIFS('3.1 Funding Category'!$D$10:$D$81, '3.1 Funding Category'!$C$10:$C$81, '3.1 Funding Category'!$C$18, '3.1 Funding Category'!$B$10:$B$81, '0 Validations'!D9)+SUMIFS('3.1 Funding Category'!$D$10:$D$81, '3.1 Funding Category'!$C$10:$C$81, '3.1 Funding Category'!$C$26, '3.1 Funding Category'!$B$10:$B$81, '0 Validations'!D9) -> 2.2656333e+08 | E10: =SUMIFS('3.1 Funding Category'!$D$10:$D$81, '3.1 Funding Category'!$C$10:$C$81, '3.1 Funding Category'!$C$10, '3.1 Funding Category'!$B$10:$B$81, '0 Validations'!E9)+SUMIFS('3.1 Funding Category'!$D$10:$D$81, '3.1 Funding Category'!$C$10:$C$81, '3.1 Funding Category'!$C$18, '3.1 Funding Category'!$B$10:$B$81, '0 Validations'!E9)+SUMIFS('3.1 Funding Category'!$D$10:$D$81, '3.1 Funding Category'!$C$10:$C$81, '3.1 Funding Category'!$C$26, '3.1 Funding Category'!$B$10:$B$81, '0 Validations'!E9) -> 2.2767518e+08 | F10: =SUMIFS('3.1 Funding Category'!$D$10:$D$81, '3.1 Funding Category'!$C$10:$C$81, '3.1 Funding Category'!$C$10, '3.1 Funding Category'!$B$10:$B$81, '0 Validations'!F9)+SUMIFS('3.1 Funding Category'!$D$10:$D$81, '3.1 Funding Category'!$C$10:$C$81, '3.1 Funding Category'!$C$18, '3.1 Funding Category'!$B$10:$B$81, '0 Validations'!F9)+SUMIFS('3.1 Funding Category'!$D$10:$D$81, '3.1 Funding Category'!$C$10:$C$81, '3.1 Funding Category'!$C$26, '3.1 Funding Category'!$B$10:$B$81, '0 Validations'!F9) -> 2.2725438e+08 | G10: =SUMIFS('3.1 Funding Category'!$D$10:$D$81, '3.1 Funding Category'!$C$10:$C$81, '3.1 Funding Category'!$C$10, '3.1 Funding Category'!$B$10:$B$81, '0 Validations'!G9)+SUMIFS('3.1 Funding Category'!$D$10:$D$81, '3.1 Funding Category'!$C$10:$C$81, '3.1 Funding Category'!$C$18, '3.1 Funding Category'!$B$10:$B$81, '0 Validations'!G9)+SUMIFS('3.1 Funding Category'!$D$10:$D$81, '3.1 Funding Category'!$C$10:$C$81, '3.1 Funding Category'!$C$26, '3.1 Funding Category'!$B$10:$B$81, '0 Validations'!G9) -> 2.2823032e+08 | H10: =SUMIFS('3.1 Funding Category'!$D$10:$D$81, '3.1 Funding Category'!$C$10:$C$81, '3.1 Funding Category'!$C$10, '3.1 Funding Category'!$B$10:$B$81, '0 Validations'!H9)+SUMIFS('3.1 Funding Category'!$D$10:$D$81, '3.1 Funding Category'!$C$10:$C$81, '3.1 Funding Category'!$C$18, '3.1 Funding Category'!$B$10:$B$81, '0 Validations'!H9)+SUMIFS('3.1 Funding Category'!$D$10:$D$81, '3.1 Funding Category'!$C$10:$C$81, '3.1 Funding Category'!$C$26, '3.1 Funding Category'!$B$10:$B$81, '0 Validations'!H9) -> 2.2366571e+08 | I10: =SUMIFS('3.1 Funding Category'!$D$10:$D$81, '3.1 Funding Category'!$C$10:$C$81, '3.1 Funding Category'!$C$10, '3.1 Funding Category'!$B$10:$B$81, '0 Validations'!I9)+SUMIFS('3.1 Funding Category'!$D$10:$D$81, '3.1 Funding Category'!$C$10:$C$81, '3.1 Funding Category'!$C$18, '3.1 Funding Category'!$B$10:$B$81, '0 Validations'!I9)+SUMIFS('3.1 Funding Category'!$D$10:$D$81, '3.1 Funding Category'!$C$10:$C$81, '3.1 Funding Category'!$C$26, '3.1 Funding Category'!$B$10:$B$81, '0 Validations'!I9) -> 2.191924e+08 | J10: =SUMIFS('3.1 Funding Category'!$D$10:$D$81, '3.1 Funding Category'!$C$10:$C$81, '3.1 Funding Category'!$C$10, '3.1 Funding Category'!$B$10:$B$81, '0 Validations'!J9)+SUMIFS('3.1 Funding Category'!$D$10:$D$81, '3.1 Funding Category'!$C$10:$C$81, '3.1 Funding Category'!$C$18, '3.1 Funding Category'!$B$10:$B$81, '0 Validations'!J9)+SUMIFS('3.1 Funding Category'!$D$10:$D$81, '3.1 Funding Category'!$C$10:$C$81, '3.1 Funding Category'!$C$26, '3.1 Funding Category'!$B$10:$B$81, '0 Validations'!J9) -> 2.1480855e+08 | K10: =SUMIFS('3.1 Funding Category'!$D$10:$D$81, '3.1 Funding Category'!$C$10:$C$81, '3.1 Funding Category'!$C$10, '3.1 Funding Category'!$B$10:$B$81, '0 Validations'!K9)+SUMIFS('3.1 Funding Category'!$D$10:$D$81, '3.1 Funding Category'!$C$10:$C$81, '3.1 Funding Category'!$C$18, '3.1 Funding Category'!$B$10:$B$81, '0 Validations'!K9)+SUMIFS('3.1 Funding Category'!$D$10:$D$81, '3.1 Funding Category'!$C$10:$C$81, '3.1 Funding Category'!$C$26, '3.1 Funding Category'!$B$10:$B$81, '0 Validations'!K9) -> 2.1051238e+08
C11: Tab 4.1 & 4.2 - PA Spending Budget Request (PA Program and EM&V) | D11: =SUMIFS('4.1 Program Budget 2028-2031'!$N$16:$N$420, '4.1 Program Budget 2028-2031'!$M$16:$M$420,D9) -> 2.2656333e+08 | E11: =SUMIFS('4.1 Program Budget 2028-2031'!$N$16:$N$420, '4.1 Program Budget 2028-2031'!$M$16:$M$420,E9) -> 2.2767518e+08 | F11: =SUMIFS('4.1 Program Budget 2028-2031'!$N$16:$N$420, '4.1 Program Budget 2028-2031'!$M$16:$M$420,F9) -> 2.2725438e+08 | G11: =SUMIFS('4.1 Program Budget 2028-2031'!$N$16:$N$420, '4.1 Program Budget 2028-2031'!$M$16:$M$420,G9) -> 2.2823032e+08 | H11: =SUMIFS('4.2 Sector Seg Budget 2032-2035'!$F$13:$F$112, '4.2 Sector Seg Budget 2032-2035'!$E$13:$E$112, H9) -> 2.2366571e+08 | I11: =SUMIFS('4.2 Sector Seg Budget 2032-2035'!$F$13:$F$112, '4.2 Sector Seg Budget 2032-2035'!$E$13:$E$112, I9) -> 2.191924e+08 | J11: =SUMIFS('4.2 Sector Seg Budget 2032-2035'!$F$13:$F$112, '4.2 Sector Seg Budget 2032-2035'!$E$13:$E$112, J9) -> 2.1480855e+08 | K11: =SUMIFS('4.2 Sector Seg Budget 2032-2035'!$F$13:$F$112, '4.2 Sector Seg Budget 2032-2035'!$E$13:$E$112, K9) -> 2.1051238e+08
C12: Tab 7 - PA Spending Budget Request (PA Program and EM&V) | D12: =SUMIFS('7 PA PY Budget'!$J$9:$J$60, '7 PA PY Budget'!$D$9:$D$60, '0 Validations'!$C$6, '7 PA PY Budget'!$C$9:$C$60, '0 Validations'!D9) -> 2.2656333e+08 | E12: =SUMIFS('7 PA PY Budget'!$J$9:$J$60, '7 PA PY Budget'!$D$9:$D$60, '0 Validations'!$C$6, '7 PA PY Budget'!$C$9:$C$60, '0 Validations'!E9) -> 2.2767518e+08 | F12: =SUMIFS('7 PA PY Budget'!$J$9:$J$60, '7 PA PY Budget'!$D$9:$D$60, '0 Validations'!$C$6, '7 PA PY Budget'!$C$9:$C$60, '0 Validations'!F9) -> 2.2725438e+08 | G12: =SUMIFS('7 PA PY Budget'!$J$9:$J$60, '7 PA PY Budget'!$D$9:$D$60, '0 Validations'!$C$6, '7 PA PY Budget'!$C$9:$C$60, '0 Validations'!G9) -> 2.2823032e+08 | H12: =SUMIFS('7 PA PY Budget'!$J$9:$J$60, '7 PA PY Budget'!$D$9:$D$60, '0 Validations'!$C$6, '7 PA PY Budget'!$C$9:$C$60, '0 Validations'!H9) -> 0 | I12: =SUMIFS('7 PA PY Budget'!$J$9:$J$60, '7 PA PY Budget'!$D$9:$D$60, '0 Validations'!$C$6, '7 PA PY Budget'!$C$9:$C$60, '0 Validations'!I9) -> 0 | J12: =SUMIFS('7 PA PY Budget'!$J$9:$J$60, '7 PA PY Budget'!$D$9:$D$60, '0 Validations'!$C$6, '7 PA PY Budget'!$C$9:$C$60, '0 Validations'!J9) -> 0 | K12: =SUMIFS('7 PA PY Budget'!$J$9:$J$60, '7 PA PY Budget'!$D$9:$D$60, '0 Validations'!$C$6, '7 PA PY Budget'!$C$9:$C$60, '0 Validations'!K9) -> 0
C13: Tab 8 - PA Spending Budget Request (PA Program and EM&V) | D13: =SUMIFS('8 Cap & Target'!$G$32:$G$111, '8 Cap & Target'!$D$32:$D$111, '8 Cap & Target'!$D$51, '8 Cap & Target'!$B$32:$B$111, D9) -> 2.2656333e+08 | E13: =SUMIFS('8 Cap & Target'!$G$32:$G$111, '8 Cap & Target'!$D$32:$D$111, '8 Cap & Target'!$D$51, '8 Cap & Target'!$B$32:$B$111, E9) -> 2.2767518e+08 | F13: =SUMIFS('8 Cap & Target'!$G$32:$G$111, '8 Cap & Target'!$D$32:$D$111, '8 Cap & Target'!$D$51, '8 Cap & Target'!$B$32:$B$111, F9) -> 2.2725438e+08 | G13: =SUMIFS('8 Cap & Target'!$G$32:$G$111, '8 Cap & Target'!$D$32:$D$111, '8 Cap & Target'!$D$51, '8 Cap & Target'!$B$32:$B$111, G9) -> 2.2823032e+08
C14: Tab 9 - PA Spending Budget Request (PA Program and EM&V) | D14: ='9 Portfolio FTE and Budget'!E55 -> 2.2656333e+08 | E14: ='9 Portfolio FTE and Budget'!F55 -> 2.2767518e+08 | F14: ='9 Portfolio FTE and Budget'!G55 -> 2.2725438e+08 | G14: ='9 Portfolio FTE and Budget'!H55 -> 2.2823032e+08
C15: Difference | D15: =IF(AND(ROUND(D10,2)=ROUND(D11,2),ROUND(D12,2)=ROUND(D13,2),ROUND(D14,2)=ROUND(D13,2),ROUND(D12,2)=ROUND(D11,2),ROUND(D10,2)=ROUND(D14,2),ROUND(D11,2)=ROUND(D13,2))=TRUE,0,"ERROR") -> 0 | E15: =IF(AND(ROUND(E10,2)=ROUND(E11,2),ROUND(E12,2)=ROUND(E13,2),ROUND(E14,2)=ROUND(E13,2),ROUND(E12,2)=ROUND(E11,2),ROUND(E10,2)=ROUND(E14,2),ROUND(E11,2)=ROUND(E13,2))=TRUE,0,"ERROR") -> 0 | F15: =IF(AND(ROUND(F10,2)=ROUND(F11,2),ROUND(F12,2)=ROUND(F13,2),ROUND(F14,2)=ROUND(F13,2),ROUND(F12,2)=ROUND(F11,2),ROUND(F10,2)=ROUND(F14,2),ROUND(F11,2)=ROUND(F13,2))=TRUE,0,"ERROR") -> 0 | G15: =IF(AND(ROUND(G10,2)=ROUND(G11,2),ROUND(G12,2)=ROUND(G13,2),ROUND(G14,2)=ROUND(G13,2),ROUND(G12,2)=ROUND(G11,2),ROUND(G10,2)=ROUND(G14,2),ROUND(G11,2)=ROUND(G13,2))=TRUE,0,"ERROR") -> 0 | H15: =IF(AND(H10=H11)=TRUE,0,"ERROR") -> 0 | I15: =IF(AND(I10=I11)=TRUE,0,"ERROR") -> 0 | J15: =IF(AND(J10=J11)=TRUE,0,"ERROR") -> 0 | K15: =IF(AND(K10=K11)=TRUE,0,"ERROR") -> 0
C17: Revenue Requirement or Cost Recovery Comparison | D17: =LEFT($C$7,4) -> 2028 | E17: =+D17+1 -> 2029 | F17: =+E17+1 -> 2030 | G17: =+F17+1 -> 2031 | H17: =+G17+1 -> 2032 | I17: =+H17+1 -> 2033 | J17: =+I17+1 -> 2034 | K17: =+J17+1 -> 2035
C18: Tab 3.1 - PA Revenue Requirement Request (Cost Recovery) | D18: ='3.1 Funding Category'!$D74 -> 3.4659117e+08 | E18: ='3.1 Funding Category'!$D75 -> 3.6086626e+08 | F18: ='3.1 Funding Category'!$D76 -> 3.7103277e+08 | G18: ='3.1 Funding Category'!$D77 -> 3.828578e+08 | H18: ='3.1 Funding Category'!$D78 -> 3.8943178e+08 | I18: ='3.1 Funding Category'!$D79 -> 3.8959646e+08 | J18: ='3.1 Funding Category'!$D80 -> 3.8957062e+08 | K18: ='3.1 Funding Category'!$D81 -> 3.8992158e+08
D20: 2028 | I20: =+D20+1 -> 2029 | N20: =+I20+1 -> 2030 | S20: =+N20+1 -> 2031
C21: Program Budget by Cost Category | D21: Admin | E21: Mktg | F21: DINI | G21: DI Incentive | H21: EM&V | I21: Admin | J21: Mktg | K21: DINI | L21: DI Incentive | M21: EM&V | N21: Admin | O21: Mktg | P21: DINI | Q21: DI Incentive | R21: EM&V | S21: Admin | T21: Mktg | U21: DINI | V21: DI Incentive | W21: EM&V
C22: Tab 4.1 - Program Budgets | D22: =SUMIFS('4.1 Program Budget 2028-2031'!O$16:O$420, '4.1 Program Budget 2028-2031'!$M$16:$M$420, $D$20) -> 23761108 | E22: =SUMIFS('4.1 Program Budget 2028-2031'!P$16:P$420, '4.1 Program Budget 2028-2031'!$M$16:$M$420, $D$20) -> 14283918 | F22: =SUMIFS('4.1 Program Budget 2028-2031'!Q$16:Q$420, '4.1 Program Budget 2028-2031'!$M$16:$M$420, $D$20) -> 1.385672e+08 | G22: =SUMIFS('4.1 Program Budget 2028-2031'!U$16:U$420, '4.1 Program Budget 2028-2031'!$M$16:$M$420, $D$20) -> 40900011 | H22: =SUMIFS('4.1 Program Budget 2028-2031'!R$16:R$420, '4.1 Program Budget 2028-2031'!$M$16:$M$420, $D$20) -> 9051097.2 | I22: =SUMIFS('4.1 Program Budget 2028-2031'!O$16:O$420, '4.1 Program Budget 2028-2031'!$M$16:$M$420, $I$20) -> 24247499 | J22: =SUMIFS('4.1 Program Budget 2028-2031'!P$16:P$420, '4.1 Program Budget 2028-2031'!$M$16:$M$420, $I$20) -> 14313469 | K22: =SUMIFS('4.1 Program Budget 2028-2031'!Q$16:Q$420, '4.1 Program Budget 2028-2031'!$M$16:$M$420, $I$20) -> 1.3977377e+08 | L22: =SUMIFS('4.1 Program Budget 2028-2031'!U$16:U$420, '4.1 Program Budget 2028-2031'!$M$16:$M$420, $I$20) -> 40244870 | M22: =SUMIFS('4.1 Program Budget 2028-2031'!$R$16:$R$420, '4.1 Program Budget 2028-2031'!$M$16:$M$420, $I$20) -> 9095571.2 | N22: =SUMIFS('4.1 Program Budget 2028-2031'!O$16:O$420, '4.1 Program Budget 2028-2031'!$M$16:$M$420, $N$20) -> 24404471 | O22: =SUMIFS('4.1 Program Budget 2028-2031'!P$16:P$420, '4.1 Program Budget 2028-2031'!$M$16:$M$420, $N$20) -> 14222801 | P22: =SUMIFS('4.1 Program Budget 2028-2031'!Q$16:Q$420, '4.1 Program Budget 2028-2031'!$M$16:$M$420, $N$20) -> 1.3912161e+08 | Q22: =SUMIFS('4.1 Program Budget 2028-2031'!U$16:U$420, '4.1 Program Budget 2028-2031'!$M$16:$M$420, $N$20) -> 40426760 | R22: =SUMIFS('4.1 Program Budget 2028-2031'!$R$16:$R$420, '4.1 Program Budget 2028-2031'!$M$16:$M$420, $N$20) -> 9078739.2 | S22: =SUMIFS('4.1 Program Budget 2028-2031'!O$16:O$420, '4.1 Program Budget 2028-2031'!$M$16:$M$420, $S$20) -> 24312674 | T22: =SUMIFS('4.1 Program Budget 2028-2031'!P$16:P$420, '4.1 Program Budget 2028-2031'!$M$16:$M$420, $S$20) -> 14019826 | U22: =SUMIFS('4.1 Program Budget 2028-2031'!Q$16:Q$420, '4.1 Program Budget 2028-2031'!$M$16:$M$420, $S$20) -> 1.3840886e+08 | V22: =SUMIFS('4.1 Program Budget 2028-2031'!U$16:U$420, '4.1 Program Budget 2028-2031'!$M$16:$M$420, $S$20) -> 42371180 | W22: =SUMIFS('4.1 Program Budget 2028-2031'!$R$16:$R$420, '4.1 Program Budget 2028-2031'!$M$16:$M$420, $S$20) -> 9117776.8
C23: Tab 8 - Caps & Targets | D23: =SUMIFS('8 Cap & Target'!$G$12:$G$111,'8 Cap & Target'!$D$12:$D$111,'8 Cap & Target'!$D$13,'8 Cap & Target'!$B$12:$B$111,D20)+ SUMIFS('8 Cap & Target'!$G$12:$G$111,'8 Cap & Target'!$D$12:$D$111,'8 Cap & Target'!$D$14,'8 Cap & Target'!$B$12:$B$111,D20)+ SUMIFS('8 Cap & Target'!$G$12:$G$111,'8 Cap & Target'!$D$12:$D$111,'8 Cap & Target'!$D$15,'8 Cap & Target'!$B$12:$B$111,D20)+ SUMIFS('8 Cap & Target'!$G$12:$G$111,'8 Cap & Target'!$D$12:$D$111,'8 Cap & Target'!$D$28,'8 Cap & Target'!$B$12:$B$111, D20) -> 23761108 | E23: =SUMIFS('8 Cap & Target'!$G$12:$G$111,'8 Cap & Target'!$D$12:$D$111, '8 Cap & Target'!$D$16,'8 Cap & Target'!$B$12:$B$111, D20) -> 14283918 | F23: =SUMIFS('8 Cap & Target'!$G$12:$G$111,'8 Cap & Target'!$D$12:$D$111, '8 Cap & Target'!$D$19,'8 Cap & Target'!$B$12:$B$111, D20)+ SUMIFS('8 Cap & Target'!$G$12:$G$111,'8 Cap & Target'!$D$12:$D$111, '8 Cap & Target'!$D$20,'8 Cap & Target'!$B$12:$B$111, D20) -> 1.385672e+08 | G23: =SUMIFS('8 Cap & Target'!$G$12:$G$111,'8 Cap & Target'!$D$12:$D$111, '8 Cap & Target'!$D$18,'8 Cap & Target'!$B$12:$B$111, D20) -> 40900011 | H23: =SUMIFS('8 Cap & Target'!$G$12:$G$111,'8 Cap & Target'!$D$12:$D$111, '8 Cap & Target'!$D$21,'8 Cap & Target'!$B$12:$B$111, D20) -> 9051097.2 | I23: =SUMIFS('8 Cap & Target'!$G$12:$G$111,'8 Cap & Target'!$D$12:$D$111,'8 Cap & Target'!$D$13,'8 Cap & Target'!$B$12:$B$111,I20)+ SUMIFS('8 Cap & Target'!$G$12:$G$111,'8 Cap & Target'!$D$12:$D$111,'8 Cap & Target'!$D$14,'8 Cap & Target'!$B$12:$B$111,I20)+ SUMIFS('8 Cap & Target'!$G$12:$G$111,'8 Cap & Target'!$D$12:$D$111,'8 Cap & Target'!$D$15,'8 Cap & Target'!$B$12:$B$111,I20)+ SUMIFS('8 Cap & Target'!$G$12:$G$111,'8 Cap & Target'!$D$12:$D$111,'8 Cap & Target'!$D$28,'8 Cap & Target'!$B$12:$B$111, I20) -> 24247499 | J23: =SUMIFS('8 Cap & Target'!$G$12:$G$111,'8 Cap & Target'!$D$12:$D$111, '8 Cap & Target'!$D$16,'8 Cap & Target'!$B$12:$B$111, I20) -> 14313469 | K23: =SUMIFS('8 Cap & Target'!$G$12:$G$111,'8 Cap & Target'!$D$12:$D$111, '8 Cap & Target'!$D$19,'8 Cap & Target'!$B$12:$B$111, I20)+ SUMIFS('8 Cap & Target'!$G$12:$G$111,'8 Cap & Target'!$D$12:$D$111, '8 Cap & Target'!$D$20,'8 Cap & Target'!$B$12:$B$111, I20) -> 1.3977377e+08 | L23: =SUMIFS('8 Cap & Target'!$G$12:$G$111,'8 Cap & Target'!$D$12:$D$111, '8 Cap & Target'!$D$18,'8 Cap & Target'!$B$12:$B$111, I20) -> 40244870 | M23: =SUMIFS('8 Cap & Target'!$G$12:$G$111,'8 Cap & Target'!$D$12:$D$111, '8 Cap & Target'!$D$21,'8 Cap & Target'!$B$12:$B$111, I20) -> 9095571.2 | N23: =SUMIFS('8 Cap & Target'!$G$12:$G$111,'8 Cap & Target'!$D$12:$D$111,'8 Cap & Target'!$D$13,'8 Cap & Target'!$B$12:$B$111,N20)+ SUMIFS('8 Cap & Target'!$G$12:$G$111,'8 Cap & Target'!$D$12:$D$111,'8 Cap & Target'!$D$14,'8 Cap & Target'!$B$12:$B$111,N20)+ SUMIFS('8 Cap & Target'!$G$12:$G$111,'8 Cap & Target'!$D$12:$D$111,'8 Cap & Target'!$D$15,'8 Cap & Target'!$B$12:$B$111,N20)+ SUMIFS('8 Cap & Target'!$G$12:$G$111,'8 Cap & Target'!$D$12:$D$111,'8 Cap & Target'!$D$28,'8 Cap & Target'!$B$12:$B$111, N20) -> 24404471 | O23: =SUMIFS('8 Cap & Target'!$G$12:$G$111,'8 Cap & Target'!$D$12:$D$111, '8 Cap & Target'!$D$16,'8 Cap & Target'!$B$12:$B$111, N20) -> 14222801 | P23: =SUMIFS('8 Cap & Target'!$G$12:$G$111,'8 Cap & Target'!$D$12:$D$111, '8 Cap & Target'!$D$19,'8 Cap & Target'!$B$12:$B$111, N20)+ SUMIFS('8 Cap & Target'!$G$12:$G$111,'8 Cap & Target'!$D$12:$D$111, '8 Cap & Target'!$D$20,'8 Cap & Target'!$B$12:$B$111, N20) -> 1.3912161e+08 | Q23: =SUMIFS('8 Cap & Target'!$G$12:$G$111,'8 Cap & Target'!$D$12:$D$111, '8 Cap & Target'!$D$18,'8 Cap & Target'!$B$12:$B$111, N20) -> 40426760 | R23: =SUMIFS('8 Cap & Target'!$G$12:$G$111,'8 Cap & Target'!$D$12:$D$111, '8 Cap & Target'!$D$21,'8 Cap & Target'!$B$12:$B$111, N20) -> 9078739.2 | S23: =SUMIFS('8 Cap & Target'!$G$12:$G$111,'8 Cap & Target'!$D$12:$D$111,'8 Cap & Target'!$D$13,'8 Cap & Target'!$B$12:$B$111,S20)+ SUMIFS('8 Cap & Target'!$G$12:$G$111,'8 Cap & Target'!$D$12:$D$111,'8 Cap & Target'!$D$14,'8 Cap & Target'!$B$12:$B$111,S20)+ SUMIFS('8 Cap & Target'!$G$12:$G$111,'8 Cap & Target'!$D$12:$D$111,'8 Cap & Target'!$D$15,'8 Cap & Target'!$B$12:$B$111,S20)+ SUMIFS('8 Cap & Target'!$G$12:$G$111,'8 Cap & Target'!$D$12:$D$111,'8 Cap & Target'!$D$28,'8 Cap & Target'!$B$12:$B$111, S20) -> 24312674 | T23: =SUMIFS('8 Cap & Target'!$G$12:$G$111,'8 Cap & Target'!$D$12:$D$111, '8 Cap & Target'!$D$16,'8 Cap & Target'!$B$12:$B$111, S20) -> 14019826 | U23: =SUMIFS('8 Cap & Target'!$G$12:$G$111,'8 Cap & Target'!$D$12:$D$111, '8 Cap & Target'!$D$19,'8 Cap & Target'!$B$12:$B$111, S20)+ SUMIFS('8 Cap & Target'!$G$12:$G$111,'8 Cap & Target'!$D$12:$D$111, '8 Cap & Target'!$D$20,'8 Cap & Target'!$B$12:$B$111, S20) -> 1.3840886e+08 | V23: =SUMIFS('8 Cap & Target'!$G$12:$G$111,'8 Cap & Target'!$D$12:$D$111, '8 Cap & Target'!$D$18,'8 Cap & Target'!$B$12:$B$111, S20) -> 42371180 | W23: =SUMIFS('8 Cap & Target'!$G$12:$G$111,'8 Cap & Target'!$D$12:$D$111, '8 Cap & Target'!$D$21,'8 Cap & Target'!$B$12:$B$111, S20) -> 9117776.8
C24: Difference | D24: =ROUND(D22,2)-ROUND(D23,2) -> 0 | E24: =ROUND(E22,2)-ROUND(E23,2) -> 0 | F24: =ROUND(F22,2)-ROUND(F23,2) -> 0 | G24: =ROUND(G22,2)-ROUND(G23,2) -> 0 | H24: =ROUND(H22,2)-ROUND(H23,2) -> 0 | I24: =ROUND(I22,2)-ROUND(I23,2) -> 0 | J24: =ROUND(J22,2)-ROUND(J23,2) -> 0 | K24: =ROUND(K22,2)-ROUND(K23,2) -> 0 | ... W24: =ROUND(W22,2)-ROUND(W23,2) -> 0
C25: Tab 9 - Incentives Column, EE Total | G25: =SUM('9 Portfolio FTE and Budget'!E52:E53) -> 40900011 | L25: =SUM('9 Portfolio FTE and Budget'!F52:F53) -> 40244870 | Q25: =SUM('9 Portfolio FTE and Budget'!G52:G53) -> 40426760 | V25: =SUM('9 Portfolio FTE and Budget'!H52:H53) -> 42371180
C26: Difference | G26: =+G22-G25 -> 0 | L26: =+L22-L25 -> 0 | Q26: =+Q22-Q25 -> 0 | V26: =+V22-V25 -> 0

Sheet 1 Participant Bill Impacts
B2: Description | C2: Calculates estimated average first year bill savings for participating customers by calculated the electric and gas savings with the forecasted program energy savings.
B3: Instructions | C3: 2024 data is required for baseline.
B5: PA Name: | C5: ='Read Me'!B10 -> PG&E
B6: Budget Year: | C6: ='Read Me'!B11 -> 2028-2035
B7: Table 1 – Participant Bill Impacts
B11: Program Year | C11: Sector | D11: Participant First Year Electric Net Savings (kWh) | E11: Participant First Year Gas Net Savings (Therms) | F11: Total Average Annual Bill Savings Electric ($) | G11: Total Average Annual Bill Savings Gas ($) | H11: Total Bill Savings | I11: Calculated $/kWh | J11: Calculated $/Therms
B12: Reference: 2024 | C12: Total | D12: =D17+D22+D27+D32+D37+D42+D47 -> 1.5669906e+09 | E12: =E17+E22+E27+E32+E37+E42+E47 -> 58557433 | F12: =F17+F22+F27+F32+F37+F42+F47 -> 5.4440698e+08 | G12: =G17+G22+G27+G32+G37+G42+G47 -> 66747392 | H12: =H17+H22+H27+H32+H37+H42+H47 -> 6.1115437e+08 | I12: =IF(D12<>0,F12/D12,0) -> 0.34742197 | J12: =IF(E12<>0,G12/E12,0) -> 1.139862
B13: 2028 | C13: Total | D13: =D18+D23+D28+D33+D38+D43+D48 -> 1.0444402e+09 | E13: =E18+E23+E28+E33+E38+E43+E48 -> 36056056 | F13: =F18+F23+F28+F33+F38+F43+F48 -> 2.536185e+08 | G13: =G18+G23+G28+G33+G38+G43+G48 -> 63471168 | H13: =H18+H23+H28+H33+H38+H43+H48 -> 3.1708967e+08 | I13: =IF(D13<>0,F13/D13,0) -> 0.24282721 | J13: =IF(E13<>0,G13/E13,0) -> 1.7603469
B14: 2029 | C14: Total | D14: =D19+D24+D29+D34+D39+D44+D49 -> 9.2235039e+08 | E14: =E19+E24+E29+E34+E39+E44+E49 -> 35251591 | F14: =F19+F24+F29+F34+F39+F44+F49 -> 2.3752293e+08 | G14: =G19+G24+G29+G34+G39+G44+G49 -> 62658373 | H14: =H19+H24+H29+H34+H39+H44+H49 -> 3.001813e+08 | I14: =IF(D14<>0,F14/D14,0) -> 0.25751919 | J14: =IF(E14<>0,G14/E14,0) -> 1.7774623
B15: 2030 | C15: Total | D15: =D20+D25+D30+D35+D40+D45+D50 -> 8.7944056e+08 | E15: =E20+E25+E30+E35+E40+E45+E50 -> 34931523 | F15: =F20+F25+F30+F35+F40+F45+F50 -> 2.3651044e+08 | G15: =G20+G25+G30+G35+G40+G45+G50 -> 63616555 | H15: =H20+H25+H30+H35+H40+H45+H50 -> 3.0012699e+08 | I15: =IF(D15<>0,F15/D15,0) -> 0.26893283 | J15: =IF(E15<>0,G15/E15,0) -> 1.8211789
B16: 2031 | C16: Total | D16: =D21+D26+D31+D36+D41+D46+D51 -> 8.4964363e+08 | E16: =E21+E26+E31+E36+E41+E46+E51 -> 34457302 | F16: =F21+F26+F31+F36+F41+F46+F51 -> 2.3750193e+08 | G16: =G21+G26+G31+G36+G41+G46+G51 -> 64374825 | H16: =H21+H26+H31+H36+H41+H46+H51 -> 3.0187676e+08 | I16: =IF(D16<>0,F16/D16,0) -> 0.27953123 | J16: =IF(E16<>0,G16/E16,0) -> 1.8682492
B17: Reference: 2024 | C17: Residential | D17: 2.7638974e+08 | E17: 9151526.3 | F17: 99762168 | G17: 22892619 | H17: =F17+G17 -> 1.2265479e+08 | I17: =IF(D17<>0,F17/D17,0) -> 0.36094743 | J17: =IF(E17<>0,G17/E17,0) -> 2.5015083
B18: 2028 | C18: Residential | D18: =SUMIFS('Budget Filing Data'!$P$10:$P$550,'Budget Filing Data'!$G$10:$G$550,'1 Participant Bill Impacts'!$C18,'Budget Filing Data'!$B$10:$B$550,'1 Participant Bill Impacts'!$B18) -> 2.7114252e+08 | E18: =SUMIFS('Budget Filing Data'!$R$10:$R$550,'Budget Filing Data'!$G$10:$G$550,'1 Participant Bill Impacts'!$C18,'Budget Filing Data'!$B$10:$B$550,'1 Participant Bill Impacts'!$B18) -> 9144721.3 | F18: =SUMIFS('Budget Filing Data'!$AT$10:$AT$550,'Budget Filing Data'!$G$10:$G$550,'1 Participant Bill Impacts'!$C18,'Budget Filing Data'!$B$10:$B$550,'1 Participant Bill Impacts'!$B18) -> 1.1010089e+08 | G18: =SUMIFS('Budget Filing Data'!$AU$10:$AU$550,'Budget Filing Data'!$G$10:$G$550,'1 Participant Bill Impacts'!$C18,'Budget Filing Data'!$B$10:$B$550,'1 Participant Bill Impacts'!$B18) -> 25683927 | H18: =F18+G18 -> 1.3578482e+08 | I18: =IF(D18<>0,F18/D18,0) -> 0.40606281 | J18: =IF(E18<>0,G18/E18,0) -> 2.8086068
B19: 2029 | C19: Residential | D19: =SUMIFS('Budget Filing Data'!$P$10:$P$550,'Budget Filing Data'!$G$10:$G$550,'1 Participant Bill Impacts'!$C19,'Budget Filing Data'!$B$10:$B$550,'1 Participant Bill Impacts'!$B19) -> 2.711473e+08 | E19: =SUMIFS('Budget Filing Data'!$R$10:$R$550,'Budget Filing Data'!$G$10:$G$550,'1 Participant Bill Impacts'!$C19,'Budget Filing Data'!$B$10:$B$550,'1 Participant Bill Impacts'!$B19) -> 9140343.9 | F19: =SUMIFS('Budget Filing Data'!$AT$10:$AT$550,'Budget Filing Data'!$G$10:$G$550,'1 Participant Bill Impacts'!$C19,'Budget Filing Data'!$B$10:$B$550,'1 Participant Bill Impacts'!$B19) -> 1.1340386e+08 | G19: =SUMIFS('Budget Filing Data'!$AU$10:$AU$550,'Budget Filing Data'!$G$10:$G$550,'1 Participant Bill Impacts'!$C19,'Budget Filing Data'!$B$10:$B$550,'1 Participant Bill Impacts'!$B19) -> 26445307 | H19: =F19+G19 -> 1.3984917e+08 | I19: =IF(D19<>0,F19/D19,0) -> 0.41823712 | J19: =IF(E19<>0,G19/E19,0) -> 2.8932507
B20: 2030 | C20: Residential | D20: =SUMIFS('Budget Filing Data'!$P$10:$P$550,'Budget Filing Data'!$G$10:$G$550,'1 Participant Bill Impacts'!$C20,'Budget Filing Data'!$B$10:$B$550,'1 Participant Bill Impacts'!$B20) -> 2.7111448e+08 | E20: =SUMIFS('Budget Filing Data'!$R$10:$R$550,'Budget Filing Data'!$G$10:$G$550,'1 Participant Bill Impacts'!$C20,'Budget Filing Data'!$B$10:$B$550,'1 Participant Bill Impacts'!$B20) -> 9140470.3 | F20: =SUMIFS('Budget Filing Data'!$AT$10:$AT$550,'Budget Filing Data'!$G$10:$G$550,'1 Participant Bill Impacts'!$C20,'Budget Filing Data'!$B$10:$B$550,'1 Participant Bill Impacts'!$B20) -> 1.1679262e+08 | G20: =SUMIFS('Budget Filing Data'!$AU$10:$AU$550,'Budget Filing Data'!$G$10:$G$550,'1 Participant Bill Impacts'!$C20,'Budget Filing Data'!$B$10:$B$550,'1 Participant Bill Impacts'!$B20) -> 27239310 | H20: =F20+G20 -> 1.4403193e+08 | I20: =IF(D20<>0,F20/D20,0) -> 0.43078712 | J20: =IF(E20<>0,G20/E20,0) -> 2.9800776
B21: 2031 | C21: Residential | D21: =SUMIFS('Budget Filing Data'!$P$10:$P$550,'Budget Filing Data'!$G$10:$G$550,'1 Participant Bill Impacts'!$C21,'Budget Filing Data'!$B$10:$B$550,'1 Participant Bill Impacts'!$B21) -> 2.7110415e+08 | E21: =SUMIFS('Budget Filing Data'!$R$10:$R$550,'Budget Filing Data'!$G$10:$G$550,'1 Participant Bill Impacts'!$C21,'Budget Filing Data'!$B$10:$B$550,'1 Participant Bill Impacts'!$B21) -> 9146722.2 | F21: =SUMIFS('Budget Filing Data'!$AT$10:$AT$550,'Budget Filing Data'!$G$10:$G$550,'1 Participant Bill Impacts'!$C21,'Budget Filing Data'!$B$10:$B$550,'1 Participant Bill Impacts'!$B21) -> 1.2029016e+08 | G21: =SUMIFS('Budget Filing Data'!$AU$10:$AU$550,'Budget Filing Data'!$G$10:$G$550,'1 Participant Bill Impacts'!$C21,'Budget Filing Data'!$B$10:$B$550,'1 Participant Bill Impacts'!$B21) -> 28070210 | H21: =F21+G21 -> 1.4836037e+08 | I21: =IF(D21<>0,F21/D21,0) -> 0.44370461 | J21: =IF(E21<>0,G21/E21,0) -> 3.0688819
B22: Reference: 2024 | C22: Commercial | D22: 14152194 | E22: 3591792.8 | F22: 5360066.5 | G22: 6265563 | H22: =F22+G22 -> 11625630 | I22: =IF(D22<>0,F22/D22,0) -> 0.37874455 | J22: =IF(E22<>0,G22/E22,0) -> 1.744411
B23: 2028 | C23: Commercial | D23: =SUMIFS('Budget Filing Data'!$P$10:$P$550,'Budget Filing Data'!$G$10:$G$550,'1 Participant Bill Impacts'!$C23,'Budget Filing Data'!$B$10:$B$550,'1 Participant Bill Impacts'!$B23) -> 11890211 | E23: =SUMIFS('Budget Filing Data'!$R$10:$R$550,'Budget Filing Data'!$G$10:$G$550,'1 Participant Bill Impacts'!$C23,'Budget Filing Data'!$B$10:$B$550,'1 Participant Bill Impacts'!$B23) -> 4161861 | F23: =SUMIFS('Budget Filing Data'!$AT$10:$AT$550,'Budget Filing Data'!$G$10:$G$550,'1 Participant Bill Impacts'!$C23,'Budget Filing Data'!$B$10:$B$550,'1 Participant Bill Impacts'!$B23) -> 2590167.4 | G23: =SUMIFS('Budget Filing Data'!$AU$10:$AU$550,'Budget Filing Data'!$G$10:$G$550,'1 Participant Bill Impacts'!$C23,'Budget Filing Data'!$B$10:$B$550,'1 Participant Bill Impacts'!$B23) -> 4898881.9 | H23: =F23+G23 -> 7489049.3 | I23: =IF(D23<>0,F23/D23,0) -> 0.21784032 | J23: =IF(E23<>0,G23/E23,0) -> 1.1770893
B24: 2029 | C24: Commercial | D24: =SUMIFS('Budget Filing Data'!$P$10:$P$550,'Budget Filing Data'!$G$10:$G$550,'1 Participant Bill Impacts'!$C24,'Budget Filing Data'!$B$10:$B$550,'1 Participant Bill Impacts'!$B24) -> 15162688 | E24: =SUMIFS('Budget Filing Data'!$R$10:$R$550,'Budget Filing Data'!$G$10:$G$550,'1 Participant Bill Impacts'!$C24,'Budget Filing Data'!$B$10:$B$550,'1 Participant Bill Impacts'!$B24) -> 4065021.8 | F24: =SUMIFS('Budget Filing Data'!$AT$10:$AT$550,'Budget Filing Data'!$G$10:$G$550,'1 Participant Bill Impacts'!$C24,'Budget Filing Data'!$B$10:$B$550,'1 Participant Bill Impacts'!$B24) -> 4054421.3 | G24: =SUMIFS('Budget Filing Data'!$AU$10:$AU$550,'Budget Filing Data'!$G$10:$G$550,'1 Participant Bill Impacts'!$C24,'Budget Filing Data'!$B$10:$B$550,'1 Participant Bill Impacts'!$B24) -> 4895174.2 | H24: =F24+G24 -> 8949595.5 | I24: =IF(D24<>0,F24/D24,0) -> 0.26739463 | J24: =IF(E24<>0,G24/E24,0) -> 1.2042184
B25: 2030 | C25: Commercial | D25: =SUMIFS('Budget Filing Data'!$P$10:$P$550,'Budget Filing Data'!$G$10:$G$550,'1 Participant Bill Impacts'!$C25,'Budget Filing Data'!$B$10:$B$550,'1 Participant Bill Impacts'!$B25) -> 14342051 | E25: =SUMIFS('Budget Filing Data'!$R$10:$R$550,'Budget Filing Data'!$G$10:$G$550,'1 Participant Bill Impacts'!$C25,'Budget Filing Data'!$B$10:$B$550,'1 Participant Bill Impacts'!$B25) -> 4051473.6 | F25: =SUMIFS('Budget Filing Data'!$AT$10:$AT$550,'Budget Filing Data'!$G$10:$G$550,'1 Participant Bill Impacts'!$C25,'Budget Filing Data'!$B$10:$B$550,'1 Participant Bill Impacts'!$B25) -> 4076808.1 | G25: =SUMIFS('Budget Filing Data'!$AU$10:$AU$550,'Budget Filing Data'!$G$10:$G$550,'1 Participant Bill Impacts'!$C25,'Budget Filing Data'!$B$10:$B$550,'1 Participant Bill Impacts'!$B25) -> 4963901.1 | H25: =F25+G25 -> 9040709.2 | I25: =IF(D25<>0,F25/D25,0) -> 0.28425558 | J25: =IF(E25<>0,G25/E25,0) -> 1.2252088
B26: 2031 | C26: Commercial | D26: =SUMIFS('Budget Filing Data'!$P$10:$P$550,'Budget Filing Data'!$G$10:$G$550,'1 Participant Bill Impacts'!$C26,'Budget Filing Data'!$B$10:$B$550,'1 Participant Bill Impacts'!$B26) -> 15187375 | E26: =SUMIFS('Budget Filing Data'!$R$10:$R$550,'Budget Filing Data'!$G$10:$G$550,'1 Participant Bill Impacts'!$C26,'Budget Filing Data'!$B$10:$B$550,'1 Participant Bill Impacts'!$B26) -> 3950083.1 | F26: =SUMIFS('Budget Filing Data'!$AT$10:$AT$550,'Budget Filing Data'!$G$10:$G$550,'1 Participant Bill Impacts'!$C26,'Budget Filing Data'!$B$10:$B$550,'1 Participant Bill Impacts'!$B26) -> 4416316.8 | G26: =SUMIFS('Budget Filing Data'!$AU$10:$AU$550,'Budget Filing Data'!$G$10:$G$550,'1 Participant Bill Impacts'!$C26,'Budget Filing Data'!$B$10:$B$550,'1 Participant Bill Impacts'!$B26) -> 4944823.9 | H26: =F26+G26 -> 9361140.7 | I26: =IF(D26<>0,F26/D26,0) -> 0.29078869 | J26: =IF(E26<>0,G26/E26,0) -> 1.2518278
B27: Reference: 2024 | C27: Industrial | D27: 57355188 | E27: 17024608 | F27: 13481728 | G27: 8951026 | H27: =F27+G27 -> 22432754 | I27: =IF(D27<>0,F27/D27,0) -> 0.23505683 | J27: =IF(E27<>0,G27/E27,0) -> 0.52576986
B28: 2028 | C28: Industrial | D28: =SUMIFS('Budget Filing Data'!$P$10:$P$550,'Budget Filing Data'!$G$10:$G$550,'1 Participant Bill Impacts'!$C28,'Budget Filing Data'!$B$10:$B$550,'1 Participant Bill Impacts'!$B28) -> 57799285 | E28: =SUMIFS('Budget Filing Data'!$R$10:$R$550,'Budget Filing Data'!$G$10:$G$550,'1 Participant Bill Impacts'!$C28,'Budget Filing Data'!$B$10:$B$550,'1 Participant Bill Impacts'!$B28) -> 4743811.3 | F28: =SUMIFS('Budget Filing Data'!$AT$10:$AT$550,'Budget Filing Data'!$G$10:$G$550,'1 Participant Bill Impacts'!$C28,'Budget Filing Data'!$B$10:$B$550,'1 Participant Bill Impacts'!$B28) -> 13760994 | G28: =SUMIFS('Budget Filing Data'!$AU$10:$AU$550,'Budget Filing Data'!$G$10:$G$550,'1 Participant Bill Impacts'!$C28,'Budget Filing Data'!$B$10:$B$550,'1 Participant Bill Impacts'!$B28) -> 6440450.3 | H28: =F28+G28 -> 20201445 | I28: =IF(D28<>0,F28/D28,0) -> 0.23808243 | J28: =IF(E28<>0,G28/E28,0) -> 1.3576531
B29: 2029 | C29: Industrial | D29: =SUMIFS('Budget Filing Data'!$P$10:$P$550,'Budget Filing Data'!$G$10:$G$550,'1 Participant Bill Impacts'!$C29,'Budget Filing Data'!$B$10:$B$550,'1 Participant Bill Impacts'!$B29) -> 56795935 | E29: =SUMIFS('Budget Filing Data'!$R$10:$R$550,'Budget Filing Data'!$G$10:$G$550,'1 Participant Bill Impacts'!$C29,'Budget Filing Data'!$B$10:$B$550,'1 Participant Bill Impacts'!$B29) -> 5098298.9 | F29: =SUMIFS('Budget Filing Data'!$AT$10:$AT$550,'Budget Filing Data'!$G$10:$G$550,'1 Participant Bill Impacts'!$C29,'Budget Filing Data'!$B$10:$B$550,'1 Participant Bill Impacts'!$B29) -> 13941722 | G29: =SUMIFS('Budget Filing Data'!$AU$10:$AU$550,'Budget Filing Data'!$G$10:$G$550,'1 Participant Bill Impacts'!$C29,'Budget Filing Data'!$B$10:$B$550,'1 Participant Bill Impacts'!$B29) -> 7129648.5 | H29: =F29+G29 -> 21071370 | I29: =IF(D29<>0,F29/D29,0) -> 0.24547042 | J29: =IF(E29<>0,G29/E29,0) -> 1.3984367
B30: 2030 | C30: Industrial | D30: =SUMIFS('Budget Filing Data'!$P$10:$P$550,'Budget Filing Data'!$G$10:$G$550,'1 Participant Bill Impacts'!$C30,'Budget Filing Data'!$B$10:$B$550,'1 Participant Bill Impacts'!$B30) -> 56052435 | E30: =SUMIFS('Budget Filing Data'!$R$10:$R$550,'Budget Filing Data'!$G$10:$G$550,'1 Participant Bill Impacts'!$C30,'Budget Filing Data'!$B$10:$B$550,'1 Participant Bill Impacts'!$B30) -> 4880664 | F30: =SUMIFS('Budget Filing Data'!$AT$10:$AT$550,'Budget Filing Data'!$G$10:$G$550,'1 Participant Bill Impacts'!$C30,'Budget Filing Data'!$B$10:$B$550,'1 Participant Bill Impacts'!$B30) -> 14181703 | G30: =SUMIFS('Budget Filing Data'!$AU$10:$AU$550,'Budget Filing Data'!$G$10:$G$550,'1 Participant Bill Impacts'!$C30,'Budget Filing Data'!$B$10:$B$550,'1 Participant Bill Impacts'!$B30) -> 7029022.3 | H30: =F30+G30 -> 21210725 | I30: =IF(D30<>0,F30/D30,0) -> 0.25300779 | J30: =IF(E30<>0,G30/E30,0) -> 1.4401775
B31: 2031 | C31: Industrial | D31: =SUMIFS('Budget Filing Data'!$P$10:$P$550,'Budget Filing Data'!$G$10:$G$550,'1 Participant Bill Impacts'!$C31,'Budget Filing Data'!$B$10:$B$550,'1 Participant Bill Impacts'!$B31) -> 53795963 | E31: =SUMIFS('Budget Filing Data'!$R$10:$R$550,'Budget Filing Data'!$G$10:$G$550,'1 Participant Bill Impacts'!$C31,'Budget Filing Data'!$B$10:$B$550,'1 Participant Bill Impacts'!$B31) -> 4740624.5 | F31: =SUMIFS('Budget Filing Data'!$AT$10:$AT$550,'Budget Filing Data'!$G$10:$G$550,'1 Participant Bill Impacts'!$C31,'Budget Filing Data'!$B$10:$B$550,'1 Participant Bill Impacts'!$B31) -> 14027493 | G31: =SUMIFS('Budget Filing Data'!$AU$10:$AU$550,'Budget Filing Data'!$G$10:$G$550,'1 Participant Bill Impacts'!$C31,'Budget Filing Data'!$B$10:$B$550,'1 Participant Bill Impacts'!$B31) -> 7030366.7 | H31: =F31+G31 -> 21057860 | I31: =IF(D31<>0,F31/D31,0) -> 0.26075364 | J31: =IF(E31<>0,G31/E31,0) -> 1.4830043
B32: Reference: 2024 | C32: Agricultural | D32: 7952177.7 | E32: 2400238.5 | F32: 3024149.5 | G32: 1261973.1 | H32: =F32+G32 -> 4286122.5 | I32: =IF(D32<>0,F32/D32,0) -> 0.38029199 | J32: =IF(E32<>0,G32/E32,0) -> 0.52576986
B33: 2028 | C33: Agricultural | D33: =SUMIFS('Budget Filing Data'!$P$10:$P$550,'Budget Filing Data'!$G$10:$G$550,'1 Participant Bill Impacts'!$C33,'Budget Filing Data'!$B$10:$B$550,'1 Participant Bill Impacts'!$B33) -> 7498082.8 | E33: =SUMIFS('Budget Filing Data'!$R$10:$R$550,'Budget Filing Data'!$G$10:$G$550,'1 Participant Bill Impacts'!$C33,'Budget Filing Data'!$B$10:$B$550,'1 Participant Bill Impacts'!$B33) -> 318043.57 | F33: =SUMIFS('Budget Filing Data'!$AT$10:$AT$550,'Budget Filing Data'!$G$10:$G$550,'1 Participant Bill Impacts'!$C33,'Budget Filing Data'!$B$10:$B$550,'1 Participant Bill Impacts'!$B33) -> 2272602.7 | G33: =SUMIFS('Budget Filing Data'!$AU$10:$AU$550,'Budget Filing Data'!$G$10:$G$550,'1 Participant Bill Impacts'!$C33,'Budget Filing Data'!$B$10:$B$550,'1 Participant Bill Impacts'!$B33) -> 374782.42 | H33: =F33+G33 -> 2647385.1 | I33: =IF(D33<>0,F33/D33,0) -> 0.30309117 | J33: =IF(E33<>0,G33/E33,0) -> 1.1783996
B34: 2029 | C34: Agricultural | D34: =SUMIFS('Budget Filing Data'!$P$10:$P$550,'Budget Filing Data'!$G$10:$G$550,'1 Participant Bill Impacts'!$C34,'Budget Filing Data'!$B$10:$B$550,'1 Participant Bill Impacts'!$B34) -> 4144682.8 | E34: =SUMIFS('Budget Filing Data'!$R$10:$R$550,'Budget Filing Data'!$G$10:$G$550,'1 Participant Bill Impacts'!$C34,'Budget Filing Data'!$B$10:$B$550,'1 Participant Bill Impacts'!$B34) -> 441793.57 | F34: =SUMIFS('Budget Filing Data'!$AT$10:$AT$550,'Budget Filing Data'!$G$10:$G$550,'1 Participant Bill Impacts'!$C34,'Budget Filing Data'!$B$10:$B$550,'1 Participant Bill Impacts'!$B34) -> 1658513.8 | G34: =SUMIFS('Budget Filing Data'!$AU$10:$AU$550,'Budget Filing Data'!$G$10:$G$550,'1 Participant Bill Impacts'!$C34,'Budget Filing Data'!$B$10:$B$550,'1 Participant Bill Impacts'!$B34) -> 504691.31 | H34: =F34+G34 -> 2163205.1 | I34: =IF(D34<>0,F34/D34,0) -> 0.40015458 | J34: =IF(E34<>0,G34/E34,0) -> 1.1423691
B35: 2030 | C35: Agricultural | D35: =SUMIFS('Budget Filing Data'!$P$10:$P$550,'Budget Filing Data'!$G$10:$G$550,'1 Participant Bill Impacts'!$C35,'Budget Filing Data'!$B$10:$B$550,'1 Participant Bill Impacts'!$B35) -> 4320800.8 | E35: =SUMIFS('Budget Filing Data'!$R$10:$R$550,'Budget Filing Data'!$G$10:$G$550,'1 Participant Bill Impacts'!$C35,'Budget Filing Data'!$B$10:$B$550,'1 Participant Bill Impacts'!$B35) -> 407887.57 | F35: =SUMIFS('Budget Filing Data'!$AT$10:$AT$550,'Budget Filing Data'!$G$10:$G$550,'1 Participant Bill Impacts'!$C35,'Budget Filing Data'!$B$10:$B$550,'1 Participant Bill Impacts'!$B35) -> 1691962.9 | G35: =SUMIFS('Budget Filing Data'!$AU$10:$AU$550,'Budget Filing Data'!$G$10:$G$550,'1 Participant Bill Impacts'!$C35,'Budget Filing Data'!$B$10:$B$550,'1 Participant Bill Impacts'!$B35) -> 481742.3 | H35: =F35+G35 -> 2173705.2 | I35: =IF(D35<>0,F35/D35,0) -> 0.39158549 | J35: =IF(E35<>0,G35/E35,0) -> 1.1810664
B36: 2031 | C36: Agricultural | D36: =SUMIFS('Budget Filing Data'!$P$10:$P$550,'Budget Filing Data'!$G$10:$G$550,'1 Participant Bill Impacts'!$C36,'Budget Filing Data'!$B$10:$B$550,'1 Participant Bill Impacts'!$B36) -> 2836412.8 | E36: =SUMIFS('Budget Filing Data'!$R$10:$R$550,'Budget Filing Data'!$G$10:$G$550,'1 Participant Bill Impacts'!$C36,'Budget Filing Data'!$B$10:$B$550,'1 Participant Bill Impacts'!$B36) -> 420573.84 | F36: =SUMIFS('Budget Filing Data'!$AT$10:$AT$550,'Budget Filing Data'!$G$10:$G$550,'1 Participant Bill Impacts'!$C36,'Budget Filing Data'!$B$10:$B$550,'1 Participant Bill Impacts'!$B36) -> 1073624 | G36: =SUMIFS('Budget Filing Data'!$AU$10:$AU$550,'Budget Filing Data'!$G$10:$G$550,'1 Participant Bill Impacts'!$C36,'Budget Filing Data'!$B$10:$B$550,'1 Participant Bill Impacts'!$B36) -> 514126.1 | H36: =F36+G36 -> 1587750.1 | I36: =IF(D36<>0,F36/D36,0) -> 0.37851474 | J36: =IF(E36<>0,G36/E36,0) -> 1.2224396
B37: Reference: 2024 | C37: Public | D37: -7943478.3 | E37: 1493025.6 | F37: -3008549.1 | G37: 2604450.3 | H37: =F37+G37 -> -404098.81 | I37: =IF(D37<>0,F37/D37,0) -> 0.37874455 | J37: =IF(E37<>0,G37/E37,0) -> 1.744411
B38: 2028 | C38: Public | D38: =SUMIFS('Budget Filing Data'!$P$10:$P$550,'Budget Filing Data'!$G$10:$G$550,'1 Participant Bill Impacts'!$C38,'Budget Filing Data'!$B$10:$B$550,'1 Participant Bill Impacts'!$B38) -> -457811.43 | E38: =SUMIFS('Budget Filing Data'!$R$10:$R$550,'Budget Filing Data'!$G$10:$G$550,'1 Participant Bill Impacts'!$C38,'Budget Filing Data'!$B$10:$B$550,'1 Participant Bill Impacts'!$B38) -> 625010.42 | F38: =SUMIFS('Budget Filing Data'!$AT$10:$AT$550,'Budget Filing Data'!$G$10:$G$550,'1 Participant Bill Impacts'!$C38,'Budget Filing Data'!$B$10:$B$550,'1 Participant Bill Impacts'!$B38) -> -718685.15 | G38: =SUMIFS('Budget Filing Data'!$AU$10:$AU$550,'Budget Filing Data'!$G$10:$G$550,'1 Participant Bill Impacts'!$C38,'Budget Filing Data'!$B$10:$B$550,'1 Participant Bill Impacts'!$B38) -> 759031.05 | H38: =F38+G38 -> 40345.902 | I38: =IF(D38<>0,F38/D38,0) -> 1.5698279 | J38: =IF(E38<>0,G38/E38,0) -> 1.2144294
B39: 2029 | C39: Public | D39: =SUMIFS('Budget Filing Data'!$P$10:$P$550,'Budget Filing Data'!$G$10:$G$550,'1 Participant Bill Impacts'!$C39,'Budget Filing Data'!$B$10:$B$550,'1 Participant Bill Impacts'!$B39) -> 2322850.5 | E39: =SUMIFS('Budget Filing Data'!$R$10:$R$550,'Budget Filing Data'!$G$10:$G$550,'1 Participant Bill Impacts'!$C39,'Budget Filing Data'!$B$10:$B$550,'1 Participant Bill Impacts'!$B39) -> 642226.16 | F39: =SUMIFS('Budget Filing Data'!$AT$10:$AT$550,'Budget Filing Data'!$G$10:$G$550,'1 Participant Bill Impacts'!$C39,'Budget Filing Data'!$B$10:$B$550,'1 Participant Bill Impacts'!$B39) -> -242164.37 | G39: =SUMIFS('Budget Filing Data'!$AU$10:$AU$550,'Budget Filing Data'!$G$10:$G$550,'1 Participant Bill Impacts'!$C39,'Budget Filing Data'!$B$10:$B$550,'1 Participant Bill Impacts'!$B39) -> 861814.18 | H39: =F39+G39 -> 619649.81 | I39: =IF(D39<>0,F39/D39,0) -> -0.1042531 | J39: =IF(E39<>0,G39/E39,0) -> 1.341917
B40: 2030 | C40: Public | D40: =SUMIFS('Budget Filing Data'!$P$10:$P$550,'Budget Filing Data'!$G$10:$G$550,'1 Participant Bill Impacts'!$C40,'Budget Filing Data'!$B$10:$B$550,'1 Participant Bill Impacts'!$B40) -> 5735409.4 | E40: =SUMIFS('Budget Filing Data'!$R$10:$R$550,'Budget Filing Data'!$G$10:$G$550,'1 Participant Bill Impacts'!$C40,'Budget Filing Data'!$B$10:$B$550,'1 Participant Bill Impacts'!$B40) -> 617965.14 | F40: =SUMIFS('Budget Filing Data'!$AT$10:$AT$550,'Budget Filing Data'!$G$10:$G$550,'1 Participant Bill Impacts'!$C40,'Budget Filing Data'!$B$10:$B$550,'1 Participant Bill Impacts'!$B40) -> 578911.04 | G40: =SUMIFS('Budget Filing Data'!$AU$10:$AU$550,'Budget Filing Data'!$G$10:$G$550,'1 Participant Bill Impacts'!$C40,'Budget Filing Data'!$B$10:$B$550,'1 Participant Bill Impacts'!$B40) -> 915896.19 | H40: =F40+G40 -> 1494807.2 | I40: =IF(D40<>0,F40/D40,0) -> 0.10093631 | J40: =IF(E40<>0,G40/E40,0) -> 1.4821163
B41: 2031 | C41: Public | D41: =SUMIFS('Budget Filing Data'!$P$10:$P$550,'Budget Filing Data'!$G$10:$G$550,'1 Participant Bill Impacts'!$C41,'Budget Filing Data'!$B$10:$B$550,'1 Participant Bill Impacts'!$B41) -> 7138066.7 | E41: =SUMIFS('Budget Filing Data'!$R$10:$R$550,'Budget Filing Data'!$G$10:$G$550,'1 Participant Bill Impacts'!$C41,'Budget Filing Data'!$B$10:$B$550,'1 Participant Bill Impacts'!$B41) -> 548628.59 | F41: =SUMIFS('Budget Filing Data'!$AT$10:$AT$550,'Budget Filing Data'!$G$10:$G$550,'1 Participant Bill Impacts'!$C41,'Budget Filing Data'!$B$10:$B$550,'1 Participant Bill Impacts'!$B41) -> 1125479.5 | G41: =SUMIFS('Budget Filing Data'!$AU$10:$AU$550,'Budget Filing Data'!$G$10:$G$550,'1 Participant Bill Impacts'!$C41,'Budget Filing Data'!$B$10:$B$550,'1 Participant Bill Impacts'!$B41) -> 875518.22 | H41: =F41+G41 -> 2000997.8 | I41: =IF(D41<>0,F41/D41,0) -> 0.15767288 | J41: =IF(E41<>0,G41/E41,0) -> 1.5958305
B42: Reference: 2024 | C42: Cross-Cutting | D42: 1.2190848e+09 | E42: 24896241 | F42: 4.2578742e+08 | G42: 24771760 | H42: =F42+G42 -> 4.5055918e+08 | I42: =IF(D42<>0,F42/D42,0) -> 0.34926808 | J42: =IF(E42<>0,G42/E42,0) -> 0.995
B43: 2028 | C43: Cross-Cutting | D43: =SUMIFS('Budget Filing Data'!$P$10:$P$550,'Budget Filing Data'!$G$10:$G$550,'1 Participant Bill Impacts'!$C43,'Budget Filing Data'!$B$10:$B$550,'1 Participant Bill Impacts'!$B43) -> 6.965679e+08 | E43: =SUMIFS('Budget Filing Data'!$R$10:$R$550,'Budget Filing Data'!$G$10:$G$550,'1 Participant Bill Impacts'!$C43,'Budget Filing Data'!$B$10:$B$550,'1 Participant Bill Impacts'!$B43) -> 17062608 | F43: =SUMIFS('Budget Filing Data'!$AT$10:$AT$550,'Budget Filing Data'!$G$10:$G$550,'1 Participant Bill Impacts'!$C43,'Budget Filing Data'!$B$10:$B$550,'1 Participant Bill Impacts'!$B43) -> 1.2561252e+08 | G43: =SUMIFS('Budget Filing Data'!$AU$10:$AU$550,'Budget Filing Data'!$G$10:$G$550,'1 Participant Bill Impacts'!$C43,'Budget Filing Data'!$B$10:$B$550,'1 Participant Bill Impacts'!$B43) -> 25314095 | H43: =F43+G43 -> 1.5092662e+08 | I43: =IF(D43<>0,F43/D43,0) -> 0.18033062 | J43: =IF(E43<>0,G43/E43,0) -> 1.4836006
B44: 2029 | C44: Cross-Cutting | D44: =SUMIFS('Budget Filing Data'!$P$10:$P$550,'Budget Filing Data'!$G$10:$G$550,'1 Participant Bill Impacts'!$C44,'Budget Filing Data'!$B$10:$B$550,'1 Participant Bill Impacts'!$B44) -> 5.7277694e+08 | E44: =SUMIFS('Budget Filing Data'!$R$10:$R$550,'Budget Filing Data'!$G$10:$G$550,'1 Participant Bill Impacts'!$C44,'Budget Filing Data'!$B$10:$B$550,'1 Participant Bill Impacts'!$B44) -> 15863907 | F44: =SUMIFS('Budget Filing Data'!$AT$10:$AT$550,'Budget Filing Data'!$G$10:$G$550,'1 Participant Bill Impacts'!$C44,'Budget Filing Data'!$B$10:$B$550,'1 Participant Bill Impacts'!$B44) -> 1.0470657e+08 | G44: =SUMIFS('Budget Filing Data'!$AU$10:$AU$550,'Budget Filing Data'!$G$10:$G$550,'1 Participant Bill Impacts'!$C44,'Budget Filing Data'!$B$10:$B$550,'1 Participant Bill Impacts'!$B44) -> 22821738 | H44: =F44+G44 -> 1.2752831e+08 | I44: =IF(D44<>0,F44/D44,0) -> 0.18280514 | J44: =IF(E44<>0,G44/E44,0) -> 1.4385951
B45: 2030 | C45: Cross-Cutting | D45: =SUMIFS('Budget Filing Data'!$P$10:$P$550,'Budget Filing Data'!$G$10:$G$550,'1 Participant Bill Impacts'!$C45,'Budget Filing Data'!$B$10:$B$550,'1 Participant Bill Impacts'!$B45) -> 5.2787539e+08 | E45: =SUMIFS('Budget Filing Data'!$R$10:$R$550,'Budget Filing Data'!$G$10:$G$550,'1 Participant Bill Impacts'!$C45,'Budget Filing Data'!$B$10:$B$550,'1 Participant Bill Impacts'!$B45) -> 15833063 | F45: =SUMIFS('Budget Filing Data'!$AT$10:$AT$550,'Budget Filing Data'!$G$10:$G$550,'1 Participant Bill Impacts'!$C45,'Budget Filing Data'!$B$10:$B$550,'1 Participant Bill Impacts'!$B45) -> 99188431 | G45: =SUMIFS('Budget Filing Data'!$AU$10:$AU$550,'Budget Filing Data'!$G$10:$G$550,'1 Participant Bill Impacts'!$C45,'Budget Filing Data'!$B$10:$B$550,'1 Participant Bill Impacts'!$B45) -> 22986682 | H45: =F45+G45 -> 1.2217511e+08 | I45: =IF(D45<>0,F45/D45,0) -> 0.18790122 | J45: =IF(E45<>0,G45/E45,0) -> 1.4518153
B46: 2031 | C46: Cross-Cutting | D46: =SUMIFS('Budget Filing Data'!$P$10:$P$550,'Budget Filing Data'!$G$10:$G$550,'1 Participant Bill Impacts'!$C46,'Budget Filing Data'!$B$10:$B$550,'1 Participant Bill Impacts'!$B46) -> 4.9958166e+08 | E46: =SUMIFS('Budget Filing Data'!$R$10:$R$550,'Budget Filing Data'!$G$10:$G$550,'1 Participant Bill Impacts'!$C46,'Budget Filing Data'!$B$10:$B$550,'1 Participant Bill Impacts'!$B46) -> 15650670 | F46: =SUMIFS('Budget Filing Data'!$AT$10:$AT$550,'Budget Filing Data'!$G$10:$G$550,'1 Participant Bill Impacts'!$C46,'Budget Filing Data'!$B$10:$B$550,'1 Participant Bill Impacts'!$B46) -> 96568858 | G46: =SUMIFS('Budget Filing Data'!$AU$10:$AU$550,'Budget Filing Data'!$G$10:$G$550,'1 Participant Bill Impacts'!$C46,'Budget Filing Data'!$B$10:$B$550,'1 Participant Bill Impacts'!$B46) -> 22939780 | H46: =F46+G46 -> 1.1950864e+08 | I46: =IF(D46<>0,F46/D46,0) -> 0.19329945 | J46: =IF(E46<>0,G46/E46,0) -> 1.4657379
B47: Reference: 2024 | C47: Portfolio Support | D47: 0 | E47: 0 | F47: 0 | G47: 0 | H47: =F47+G47 -> 0 | I47: =IF(D47<>0,F47/D47,0) -> 0 | J47: =IF(E47<>0,G47/E47,0) -> 0
B48: 2028 | C48: Portfolio Support | D48: =SUMIFS('Budget Filing Data'!$P$10:$P$550,'Budget Filing Data'!$G$10:$G$550,'1 Participant Bill Impacts'!$C48,'Budget Filing Data'!$B$10:$B$550,'1 Participant Bill Impacts'!$B48) -> 0 | E48: =SUMIFS('Budget Filing Data'!$R$10:$R$550,'Budget Filing Data'!$G$10:$G$550,'1 Participant Bill Impacts'!$C48,'Budget Filing Data'!$B$10:$B$550,'1 Participant Bill Impacts'!$B48) -> 0 | F48: =SUMIFS('Budget Filing Data'!$AT$10:$AT$550,'Budget Filing Data'!$G$10:$G$550,'1 Participant Bill Impacts'!$C48,'Budget Filing Data'!$B$10:$B$550,'1 Participant Bill Impacts'!$B48) -> 0 | G48: =SUMIFS('Budget Filing Data'!$AU$10:$AU$550,'Budget Filing Data'!$G$10:$G$550,'1 Participant Bill Impacts'!$C48,'Budget Filing Data'!$B$10:$B$550,'1 Participant Bill Impacts'!$B48) -> 0 | H48: =F48+G48 -> 0 | I48: =IF(D48<>0,F48/D48,0) -> 0 | J48: =IF(E48<>0,G48/E48,0) -> 0
B49: 2029 | C49: Portfolio Support | D49: =SUMIFS('Budget Filing Data'!$P$10:$P$550,'Budget Filing Data'!$G$10:$G$550,'1 Participant Bill Impacts'!$C49,'Budget Filing Data'!$B$10:$B$550,'1 Participant Bill Impacts'!$B49) -> 0 | E49: =SUMIFS('Budget Filing Data'!$R$10:$R$550,'Budget Filing Data'!$G$10:$G$550,'1 Participant Bill Impacts'!$C49,'Budget Filing Data'!$B$10:$B$550,'1 Participant Bill Impacts'!$B49) -> 0 | F49: =SUMIFS('Budget Filing Data'!$AT$10:$AT$550,'Budget Filing Data'!$G$10:$G$550,'1 Participant Bill Impacts'!$C49,'Budget Filing Data'!$B$10:$B$550,'1 Participant Bill Impacts'!$B49) -> 0 | G49: =SUMIFS('Budget Filing Data'!$AU$10:$AU$550,'Budget Filing Data'!$G$10:$G$550,'1 Participant Bill Impacts'!$C49,'Budget Filing Data'!$B$10:$B$550,'1 Participant Bill Impacts'!$B49) -> 0 | H49: =F49+G49 -> 0 | I49: =IF(D49<>0,F49/D49,0) -> 0 | J49: =IF(E49<>0,G49/E49,0) -> 0
B50: 2030 | C50: Portfolio Support | D50: =SUMIFS('Budget Filing Data'!$P$10:$P$550,'Budget Filing Data'!$G$10:$G$550,'1 Participant Bill Impacts'!$C50,'Budget Filing Data'!$B$10:$B$550,'1 Participant Bill Impacts'!$B50) -> 0 | E50: =SUMIFS('Budget Filing Data'!$R$10:$R$550,'Budget Filing Data'!$G$10:$G$550,'1 Participant Bill Impacts'!$C50,'Budget Filing Data'!$B$10:$B$550,'1 Participant Bill Impacts'!$B50) -> 0 | F50: =SUMIFS('Budget Filing Data'!$AT$10:$AT$550,'Budget Filing Data'!$G$10:$G$550,'1 Participant Bill Impacts'!$C50,'Budget Filing Data'!$B$10:$B$550,'1 Participant Bill Impacts'!$B50) -> 0 | G50: =SUMIFS('Budget Filing Data'!$AU$10:$AU$550,'Budget Filing Data'!$G$10:$G$550,'1 Participant Bill Impacts'!$C50,'Budget Filing Data'!$B$10:$B$550,'1 Participant Bill Impacts'!$B50) -> 0 | H50: =F50+G50 -> 0 | I50: =IF(D50<>0,F50/D50,0) -> 0 | J50: =IF(E50<>0,G50/E50,0) -> 0
B51: 2031 | C51: Portfolio Support | D51: =SUMIFS('Budget Filing Data'!$P$10:$P$550,'Budget Filing Data'!$G$10:$G$550,'1 Participant Bill Impacts'!$C51,'Budget Filing Data'!$B$10:$B$550,'1 Participant Bill Impacts'!$B51) -> 0 | E51: =SUMIFS('Budget Filing Data'!$R$10:$R$550,'Budget Filing Data'!$G$10:$G$550,'1 Participant Bill Impacts'!$C51,'Budget Filing Data'!$B$10:$B$550,'1 Participant Bill Impacts'!$B51) -> 0 | F51: =SUMIFS('Budget Filing Data'!$AT$10:$AT$550,'Budget Filing Data'!$G$10:$G$550,'1 Participant Bill Impacts'!$C51,'Budget Filing Data'!$B$10:$B$550,'1 Participant Bill Impacts'!$B51) -> 0 | G51: =SUMIFS('Budget Filing Data'!$AU$10:$AU$550,'Budget Filing Data'!$G$10:$G$550,'1 Participant Bill Impacts'!$C51,'Budget Filing Data'!$B$10:$B$550,'1 Participant Bill Impacts'!$B51) -> 0 | H51: =F51+G51 -> 0 | I51: =IF(D51<>0,F51/D51,0) -> 0 | J51: =IF(E51<>0,G51/E51,0) -> 0
B52: Notes:
B53: 1) First Year Net Energy Savings are the first year of all installed measures. Average Annual Bill Savings are the Lifecycle Bill Savings divided by the Weighted EUL, as calculated in the budget filing data table. Because of this difference, sectors that have fuel-substitution measures with long EULs and otherwise short EULs for other measures, such as the public sector, may exhibit negative values in the calculations.

Sheet 2 Rates Rev- IOU Only
B2: Description | C2: Presents the projected changes in electric and gas revenues, rates, and the energy efficiency portion of rates by customer class, illustrating the impact of proposed energy efficiency investments on utility bills. (This Table applies only to the IOU PAs.)
B3: Instructions | C3: Populate only the blue highlighted cells. Review and complete the table accordingly.
B5: PA Name: | C5: ='Read Me'!B10 -> PG&E
B6: Budget Year: | C6: ='Read Me'!B11 -> 2028-2035
B7: Table 2 – Estimated Rate Impacts
D10: Net Present Value of Lifecycle RIM Electric Benefits / Weighted EUL | E10: Net Present Value of Lifecycle RIM Gas Benefits / Weighted EUL | F10: Net Present Value of Lifecycle RIM Electric Costs / Weighted EUL | G10: Net Present Value of Lifecycle RIM Gas Costs / Weighted EUL | H10: RIM Electric Benefits - RIM Electric Costs | I10: RIM Electric Benefits - RIM Electric Costs | J10: PG&E uses actual 2024 Energy Sales Values | L10: Net Electric RIM Benefits/2024 Baseline Energy Electric Sales | M10: Net Gas RIM Benefits/2024 Baseline Energy Gas Sales
B11: Program Year | C11: Sector | D11: Annualized RIM Electric Benefits | E11: Annualized RIM Gas Benefits | F11: Annualized RIM Electric Costs | G11: Annualized RIM Gas Costs | H11: Net Annualized Electric RIM Benefits | I11: Net Annualized Gas RIM Benefits | J11: Actual 2024 Electric Sales (kWh) | K11: Actual 2024 Gas Sales (Therms) | L11: $/kWh Impacts | M11: $/Therm Impacts
B12: Reference: 2024 | C12: Total | D12: =D17+D22+D27+D32+D37+D42+D47 -> 1.0159901e+08 | E12: =E17+E22+E27+E32+E37+E42+E47 -> 81819479 | F12: =F17+F22+F27+F32+F37+F42+F47 -> 6.2100697e+08 | G12: =G17+G22+G27+G32+G37+G42+G47 -> 1.0970438e+08 | H12: =D12-F12 -> -5.1940796e+08 | I12: =E12-G12 -> -27884903 | J12: 73822547411 | K12: 4.3344521e+09 | L12: =H12/$J$12 -> -0.0070358986 | M12: =I12/$K$12 -> -0.0064333166
B13: 2028 | C13: Total | D13: =D18+D23+D28+D33+D38+D43+D48 -> 88323616 | E13: =E18+E23+E28+E33+E38+E43+E48 -> 68955921 | F13: =F18+F23+F28+F33+F38+F43+F48 -> 3.4221936e+08 | G13: =G18+G23+G28+G33+G38+G43+G48 -> 1.1993891e+08 | H13: =D13-F13 -> -2.5389574e+08 | I13: =E13-G13 -> -50982991 | J13: =F13-H13 -> 5.9611509e+08 | K13: =G13-I13 -> 1.709219e+08 | L13: =H13/$J$12 -> -0.0034392709 | M13: =I13/$K$12 -> -0.011762269
B14: 2029 | C14: Total | D14: =D19+D24+D29+D34+D39+D44+D49 -> 83674380 | E14: =E19+E24+E29+E34+E39+E44+E49 -> 71054481 | F14: =F19+F24+F29+F34+F39+F44+F49 -> 3.2438619e+08 | G14: =G19+G24+G29+G34+G39+G44+G49 -> 1.2194098e+08 | H14: =D14-F14 -> -2.4071181e+08 | I14: =E14-G14 -> -50886503 | J14: =F14-H14 -> 5.65098e+08 | K14: =G14-I14 -> 1.7282749e+08 | L14: =H14/$J$12 -> -0.0032606814 | M14: =I14/$K$12 -> -0.011740008
B15: 2030 | C15: Total | D15: =D20+D25+D30+D35+D40+D45+D50 -> 87119060 | E15: =E20+E25+E30+E35+E40+E45+E50 -> 74018993 | F15: =F20+F25+F30+F35+F40+F45+F50 -> 3.215096e+08 | G15: =G20+G25+G30+G35+G40+G45+G50 -> 1.2388773e+08 | H15: =D15-F15 -> -2.3439054e+08 | I15: =E15-G15 -> -49868736 | J15: =F15-H15 -> 5.5590014e+08 | K15: =G15-I15 -> 1.7375647e+08 | L15: =H15/$J$12 -> -0.0031750535 | M15: =I15/$K$12 -> -0.0115052
B16: 2031 | C16: Total | D16: =D21+D26+D31+D36+D41+D46+D51 -> 88501025 | E16: =E21+E26+E31+E36+E41+E46+E51 -> 76683732 | F16: =F21+F26+F31+F36+F41+F46+F51 -> 3.2178919e+08 | G16: =G21+G26+G31+G36+G41+G46+G51 -> 1.2648355e+08 | H16: =D16-F16 -> -2.3328816e+08 | I16: =E16-G16 -> -49799814 | J16: =F16-H16 -> 5.5507736e+08 | K16: =G16-I16 -> 1.7628336e+08 | L16: =H16/$J$12 -> -0.0031601208 | M16: =I16/$K$12 -> -0.011489299
B17: Reference: 2024 | C17: Residential | D17: 32469423 | E17: 14349876 | F17: 1.3190077e+08 | G17: 37482960 | H17: =D17-F17 -> -99431350 | I17: =E17-G17 -> -23133084 | J17: 25969001665 | K17: 1.6945523e+09 | L17: =H17/$J$17 -> -0.0038288476 | M17: =I17/$K$17 -> -0.013651443
B18: 2028 | C18: Residential | D18: =SUMIFS('Budget Filing Data'!AV$10:AV$999999,'Budget Filing Data'!$B$10:$B$999999,'2 Rates Rev- IOU Only'!B18,'Budget Filing Data'!$G$10:$G$999999,'2 Rates Rev- IOU Only'!C18) -> 31386519 | E18: =SUMIFS('Budget Filing Data'!AW$10:AW$999999,'Budget Filing Data'!$B$10:$B$999999,'2 Rates Rev- IOU Only'!B18,'Budget Filing Data'!$G$10:$G$999999,'2 Rates Rev- IOU Only'!C18) -> 19618580 | F18: =SUMIFS('Budget Filing Data'!AX$10:AX$999999,'Budget Filing Data'!$B$10:$B$999999,'2 Rates Rev- IOU Only'!B18,'Budget Filing Data'!$G$10:$G$999999,'2 Rates Rev- IOU Only'!C18) -> 1.4385654e+08 | G18: =SUMIFS('Budget Filing Data'!AY$10:AY$999999,'Budget Filing Data'!$B$10:$B$999999,'2 Rates Rev- IOU Only'!B18,'Budget Filing Data'!$G$10:$G$999999,'2 Rates Rev- IOU Only'!C18) -> 49114507 | H18: =D18-F18 -> -1.1247002e+08 | I18: =E18-G18 -> -29495927 | L18: =H18/$J$17 -> -0.0043309334 | M18: =I18/$K$17 -> -0.017406325
B19: 2029 | C19: Residential | D19: =SUMIFS('Budget Filing Data'!AV$10:AV$999999,'Budget Filing Data'!$B$10:$B$999999,'2 Rates Rev- IOU Only'!B19,'Budget Filing Data'!$G$10:$G$999999,'2 Rates Rev- IOU Only'!C19) -> 31627972 | E19: =SUMIFS('Budget Filing Data'!AW$10:AW$999999,'Budget Filing Data'!$B$10:$B$999999,'2 Rates Rev- IOU Only'!B19,'Budget Filing Data'!$G$10:$G$999999,'2 Rates Rev- IOU Only'!C19) -> 20568273 | F19: =SUMIFS('Budget Filing Data'!AX$10:AX$999999,'Budget Filing Data'!$B$10:$B$999999,'2 Rates Rev- IOU Only'!B19,'Budget Filing Data'!$G$10:$G$999999,'2 Rates Rev- IOU Only'!C19) -> 1.4560327e+08 | G19: =SUMIFS('Budget Filing Data'!AY$10:AY$999999,'Budget Filing Data'!$B$10:$B$999999,'2 Rates Rev- IOU Only'!B19,'Budget Filing Data'!$G$10:$G$999999,'2 Rates Rev- IOU Only'!C19) -> 50699926 | H19: =D19-F19 -> -1.139753e+08 | I19: =E19-G19 -> -30131653 | L19: =H19/$J$17 -> -0.004388898 | M19: =I19/$K$17 -> -0.017781483
B20: 2030 | C20: Residential | D20: =SUMIFS('Budget Filing Data'!AV$10:AV$999999,'Budget Filing Data'!$B$10:$B$999999,'2 Rates Rev- IOU Only'!B20,'Budget Filing Data'!$G$10:$G$999999,'2 Rates Rev- IOU Only'!C20) -> 36070101 | E20: =SUMIFS('Budget Filing Data'!AW$10:AW$999999,'Budget Filing Data'!$B$10:$B$999999,'2 Rates Rev- IOU Only'!B20,'Budget Filing Data'!$G$10:$G$999999,'2 Rates Rev- IOU Only'!C20) -> 21592667 | F20: =SUMIFS('Budget Filing Data'!AX$10:AX$999999,'Budget Filing Data'!$B$10:$B$999999,'2 Rates Rev- IOU Only'!B20,'Budget Filing Data'!$G$10:$G$999999,'2 Rates Rev- IOU Only'!C20) -> 1.4776086e+08 | G20: =SUMIFS('Budget Filing Data'!AY$10:AY$999999,'Budget Filing Data'!$B$10:$B$999999,'2 Rates Rev- IOU Only'!B20,'Budget Filing Data'!$G$10:$G$999999,'2 Rates Rev- IOU Only'!C20) -> 51527701 | H20: =D20-F20 -> -1.1169076e+08 | I20: =E20-G20 -> -29935034 | L20: =H20/$J$17 -> -0.0043009261 | M20: =I20/$K$17 -> -0.017665453
B21: 2031 | C21: Residential | D21: =SUMIFS('Budget Filing Data'!AV$10:AV$999999,'Budget Filing Data'!$B$10:$B$999999,'2 Rates Rev- IOU Only'!B21,'Budget Filing Data'!$G$10:$G$999999,'2 Rates Rev- IOU Only'!C21) -> 38188913 | E21: =SUMIFS('Budget Filing Data'!AW$10:AW$999999,'Budget Filing Data'!$B$10:$B$999999,'2 Rates Rev- IOU Only'!B21,'Budget Filing Data'!$G$10:$G$999999,'2 Rates Rev- IOU Only'!C21) -> 22715718 | F21: =SUMIFS('Budget Filing Data'!AX$10:AX$999999,'Budget Filing Data'!$B$10:$B$999999,'2 Rates Rev- IOU Only'!B21,'Budget Filing Data'!$G$10:$G$999999,'2 Rates Rev- IOU Only'!C21) -> 1.5086309e+08 | G21: =SUMIFS('Budget Filing Data'!AY$10:AY$999999,'Budget Filing Data'!$B$10:$B$999999,'2 Rates Rev- IOU Only'!B21,'Budget Filing Data'!$G$10:$G$999999,'2 Rates Rev- IOU Only'!C21) -> 53046993 | H21: =D21-F21 -> -1.1267418e+08 | I21: =E21-G21 -> -30331275 | L21: =H21/$J$17 -> -0.0043387953 | M21: =I21/$K$17 -> -0.017899285
B22: Reference: 2024 | C22: Commercial | D22: 2117347.5 | E22: 4238993.1 | F22: 10629551 | G22: 8091965.7 | H22: =D22-F22 -> -8512203.7 | I22: =E22-G22 -> -3852972.6 | J22: 27807234548 | K22: 8.467264e+08 | L22: =H22/$J$22 -> -0.00030611471 | M22: =I22/$K$22 -> -0.004550434
B23: 2028 | C23: Commercial | D23: =SUMIFS('Budget Filing Data'!AV$10:AV$999999,'Budget Filing Data'!$B$10:$B$999999,'2 Rates Rev- IOU Only'!B23,'Budget Filing Data'!$G$10:$G$999999,'2 Rates Rev- IOU Only'!C23) -> 6259727.6 | E23: =SUMIFS('Budget Filing Data'!AW$10:AW$999999,'Budget Filing Data'!$B$10:$B$999999,'2 Rates Rev- IOU Only'!B23,'Budget Filing Data'!$G$10:$G$999999,'2 Rates Rev- IOU Only'!C23) -> 7067555.9 | F23: =SUMIFS('Budget Filing Data'!AX$10:AX$999999,'Budget Filing Data'!$B$10:$B$999999,'2 Rates Rev- IOU Only'!B23,'Budget Filing Data'!$G$10:$G$999999,'2 Rates Rev- IOU Only'!C23) -> 13519649 | G23: =SUMIFS('Budget Filing Data'!AY$10:AY$999999,'Budget Filing Data'!$B$10:$B$999999,'2 Rates Rev- IOU Only'!B23,'Budget Filing Data'!$G$10:$G$999999,'2 Rates Rev- IOU Only'!C23) -> 9303478.5 | H23: =D23-F23 -> -7259921.2 | I23: =E23-G23 -> -2235922.6 | L23: =H23/$J$22 -> -0.0002610803 | M23: =I23/$K$22 -> -0.0026406671
B24: 2029 | C24: Commercial | D24: =SUMIFS('Budget Filing Data'!AV$10:AV$999999,'Budget Filing Data'!$B$10:$B$999999,'2 Rates Rev- IOU Only'!B24,'Budget Filing Data'!$G$10:$G$999999,'2 Rates Rev- IOU Only'!C24) -> 6973249.6 | E24: =SUMIFS('Budget Filing Data'!AW$10:AW$999999,'Budget Filing Data'!$B$10:$B$999999,'2 Rates Rev- IOU Only'!B24,'Budget Filing Data'!$G$10:$G$999999,'2 Rates Rev- IOU Only'!C24) -> 7296921.1 | F24: =SUMIFS('Budget Filing Data'!AX$10:AX$999999,'Budget Filing Data'!$B$10:$B$999999,'2 Rates Rev- IOU Only'!B24,'Budget Filing Data'!$G$10:$G$999999,'2 Rates Rev- IOU Only'!C24) -> 14916993 | G24: =SUMIFS('Budget Filing Data'!AY$10:AY$999999,'Budget Filing Data'!$B$10:$B$999999,'2 Rates Rev- IOU Only'!B24,'Budget Filing Data'!$G$10:$G$999999,'2 Rates Rev- IOU Only'!C24) -> 9432059.2 | H24: =D24-F24 -> -7943743.6 | I24: =E24-G24 -> -2135138.1 | L24: =H24/$J$22 -> -0.00028567183 | M24: =I24/$K$22 -> -0.0025216388
B25: 2030 | C25: Commercial | D25: =SUMIFS('Budget Filing Data'!AV$10:AV$999999,'Budget Filing Data'!$B$10:$B$999999,'2 Rates Rev- IOU Only'!B25,'Budget Filing Data'!$G$10:$G$999999,'2 Rates Rev- IOU Only'!C25) -> 6907510.7 | E25: =SUMIFS('Budget Filing Data'!AW$10:AW$999999,'Budget Filing Data'!$B$10:$B$999999,'2 Rates Rev- IOU Only'!B25,'Budget Filing Data'!$G$10:$G$999999,'2 Rates Rev- IOU Only'!C25) -> 7619124.2 | F25: =SUMIFS('Budget Filing Data'!AX$10:AX$999999,'Budget Filing Data'!$B$10:$B$999999,'2 Rates Rev- IOU Only'!B25,'Budget Filing Data'!$G$10:$G$999999,'2 Rates Rev- IOU Only'!C25) -> 14528220 | G25: =SUMIFS('Budget Filing Data'!AY$10:AY$999999,'Budget Filing Data'!$B$10:$B$999999,'2 Rates Rev- IOU Only'!B25,'Budget Filing Data'!$G$10:$G$999999,'2 Rates Rev- IOU Only'!C25) -> 9428454.3 | H25: =D25-F25 -> -7620709.7 | I25: =E25-G25 -> -1809330 | L25: =H25/$J$22 -> -0.00027405493 | M25: =I25/$K$22 -> -0.0021368532
B26: 2031 | C26: Commercial | D26: =SUMIFS('Budget Filing Data'!AV$10:AV$999999,'Budget Filing Data'!$B$10:$B$999999,'2 Rates Rev- IOU Only'!B26,'Budget Filing Data'!$G$10:$G$999999,'2 Rates Rev- IOU Only'!C26) -> 6978783.6 | E26: =SUMIFS('Budget Filing Data'!AW$10:AW$999999,'Budget Filing Data'!$B$10:$B$999999,'2 Rates Rev- IOU Only'!B26,'Budget Filing Data'!$G$10:$G$999999,'2 Rates Rev- IOU Only'!C26) -> 7854434.1 | F26: =SUMIFS('Budget Filing Data'!AX$10:AX$999999,'Budget Filing Data'!$B$10:$B$999999,'2 Rates Rev- IOU Only'!B26,'Budget Filing Data'!$G$10:$G$999999,'2 Rates Rev- IOU Only'!C26) -> 14777180 | G26: =SUMIFS('Budget Filing Data'!AY$10:AY$999999,'Budget Filing Data'!$B$10:$B$999999,'2 Rates Rev- IOU Only'!B26,'Budget Filing Data'!$G$10:$G$999999,'2 Rates Rev- IOU Only'!C26) -> 9524232.7 | H26: =D26-F26 -> -7798396.8 | I26: =E26-G26 -> -1669798.6 | L26: =H26/$J$22 -> -0.00028044489 | M26: =I26/$K$22 -> -0.001972064
B27: Reference: 2024 | C27: Industrial | D27: 3661581.1 | E27: 24539335 | F27: 15715561 | G27: 11222250 | H27: =D27-F27 -> -12053980 | I27: =E27-G27 -> 13317085 | J27: 13845900950 | K27: 1.7931734e+09 | L27: =H27/$J$27 -> -0.00087058111 | M27: =I27/$K$27 -> 0.0074265461
B28: 2028 | C28: Industrial | D28: =SUMIFS('Budget Filing Data'!AV$10:AV$999999,'Budget Filing Data'!$B$10:$B$999999,'2 Rates Rev- IOU Only'!B28,'Budget Filing Data'!$G$10:$G$999999,'2 Rates Rev- IOU Only'!C28) -> 5292657.1 | E28: =SUMIFS('Budget Filing Data'!AW$10:AW$999999,'Budget Filing Data'!$B$10:$B$999999,'2 Rates Rev- IOU Only'!B28,'Budget Filing Data'!$G$10:$G$999999,'2 Rates Rev- IOU Only'!C28) -> 9308031.3 | F28: =SUMIFS('Budget Filing Data'!AX$10:AX$999999,'Budget Filing Data'!$B$10:$B$999999,'2 Rates Rev- IOU Only'!B28,'Budget Filing Data'!$G$10:$G$999999,'2 Rates Rev- IOU Only'!C28) -> 15746654 | G28: =SUMIFS('Budget Filing Data'!AY$10:AY$999999,'Budget Filing Data'!$B$10:$B$999999,'2 Rates Rev- IOU Only'!B28,'Budget Filing Data'!$G$10:$G$999999,'2 Rates Rev- IOU Only'!C28) -> 7796756.5 | H28: =D28-F28 -> -10453996 | I28: =E28-G28 -> 1511274.8 | L28: =H28/$J$27 -> -0.00075502464 | M28: =I28/$K$27 -> 0.00084279348
B29: 2029 | C29: Industrial | D29: =SUMIFS('Budget Filing Data'!AV$10:AV$999999,'Budget Filing Data'!$B$10:$B$999999,'2 Rates Rev- IOU Only'!B29,'Budget Filing Data'!$G$10:$G$999999,'2 Rates Rev- IOU Only'!C29) -> 5533989.8 | E29: =SUMIFS('Budget Filing Data'!AW$10:AW$999999,'Budget Filing Data'!$B$10:$B$999999,'2 Rates Rev- IOU Only'!B29,'Budget Filing Data'!$G$10:$G$999999,'2 Rates Rev- IOU Only'!C29) -> 10518672 | F29: =SUMIFS('Budget Filing Data'!AX$10:AX$999999,'Budget Filing Data'!$B$10:$B$999999,'2 Rates Rev- IOU Only'!B29,'Budget Filing Data'!$G$10:$G$999999,'2 Rates Rev- IOU Only'!C29) -> 15871170 | G29: =SUMIFS('Budget Filing Data'!AY$10:AY$999999,'Budget Filing Data'!$B$10:$B$999999,'2 Rates Rev- IOU Only'!B29,'Budget Filing Data'!$G$10:$G$999999,'2 Rates Rev- IOU Only'!C29) -> 8558820.6 | H29: =D29-F29 -> -10337180 | I29: =E29-G29 -> 1959851.5 | L29: =H29/$J$27 -> -0.00074658774 | M29: =I29/$K$27 -> 0.0010929515
B30: 2030 | C30: Industrial | D30: =SUMIFS('Budget Filing Data'!AV$10:AV$999999,'Budget Filing Data'!$B$10:$B$999999,'2 Rates Rev- IOU Only'!B30,'Budget Filing Data'!$G$10:$G$999999,'2 Rates Rev- IOU Only'!C30) -> 5673510.2 | E30: =SUMIFS('Budget Filing Data'!AW$10:AW$999999,'Budget Filing Data'!$B$10:$B$999999,'2 Rates Rev- IOU Only'!B30,'Budget Filing Data'!$G$10:$G$999999,'2 Rates Rev- IOU Only'!C30) -> 10586878 | F30: =SUMIFS('Budget Filing Data'!AX$10:AX$999999,'Budget Filing Data'!$B$10:$B$999999,'2 Rates Rev- IOU Only'!B30,'Budget Filing Data'!$G$10:$G$999999,'2 Rates Rev- IOU Only'!C30) -> 16075719 | G30: =SUMIFS('Budget Filing Data'!AY$10:AY$999999,'Budget Filing Data'!$B$10:$B$999999,'2 Rates Rev- IOU Only'!B30,'Budget Filing Data'!$G$10:$G$999999,'2 Rates Rev- IOU Only'!C30) -> 8488864.2 | H30: =D30-F30 -> -10402209 | I30: =E30-G30 -> 2098014.1 | L30: =H30/$J$27 -> -0.00075128434 | M30: =I30/$K$27 -> 0.0011700007
B31: 2031 | C31: Industrial | D31: =SUMIFS('Budget Filing Data'!AV$10:AV$999999,'Budget Filing Data'!$B$10:$B$999999,'2 Rates Rev- IOU Only'!B31,'Budget Filing Data'!$G$10:$G$999999,'2 Rates Rev- IOU Only'!C31) -> 5615879.3 | E31: =SUMIFS('Budget Filing Data'!AW$10:AW$999999,'Budget Filing Data'!$B$10:$B$999999,'2 Rates Rev- IOU Only'!B31,'Budget Filing Data'!$G$10:$G$999999,'2 Rates Rev- IOU Only'!C31) -> 10814208 | F31: =SUMIFS('Budget Filing Data'!AX$10:AX$999999,'Budget Filing Data'!$B$10:$B$999999,'2 Rates Rev- IOU Only'!B31,'Budget Filing Data'!$G$10:$G$999999,'2 Rates Rev- IOU Only'!C31) -> 15890874 | G31: =SUMIFS('Budget Filing Data'!AY$10:AY$999999,'Budget Filing Data'!$B$10:$B$999999,'2 Rates Rev- IOU Only'!B31,'Budget Filing Data'!$G$10:$G$999999,'2 Rates Rev- IOU Only'!C31) -> 8524462 | H31: =D31-F31 -> -10274995 | I31: =E31-G31 -> 2289746.2 | L31: =H31/$J$27 -> -0.00074209653 | M31: =I31/$K$27 -> 0.001276924
B32: Reference: 2024 | C32: Agricultural | D32: 840071.17 | E32: 3226044.8 | F32: 6224502.2 | G32: 1959542.5 | H32: =D32-F32 -> -5384431.1 | I32: =E32-G32 -> 1266502.3 | J32: 5.0392545e+09 | K32: 1.7931734e+09 | L32: =H32/$J$32 -> -0.0010684975 | M32: =I32/$K$32 -> 0.00070629104
B33: 2028 | C33: Agricultural | D33: =SUMIFS('Budget Filing Data'!AV$10:AV$999999,'Budget Filing Data'!$B$10:$B$999999,'2 Rates Rev- IOU Only'!B33,'Budget Filing Data'!$G$10:$G$999999,'2 Rates Rev- IOU Only'!C33) -> 522915.61 | E33: =SUMIFS('Budget Filing Data'!AW$10:AW$999999,'Budget Filing Data'!$B$10:$B$999999,'2 Rates Rev- IOU Only'!B33,'Budget Filing Data'!$G$10:$G$999999,'2 Rates Rev- IOU Only'!C33) -> 594119.46 | F33: =SUMIFS('Budget Filing Data'!AX$10:AX$999999,'Budget Filing Data'!$B$10:$B$999999,'2 Rates Rev- IOU Only'!B33,'Budget Filing Data'!$G$10:$G$999999,'2 Rates Rev- IOU Only'!C33) -> 2775891.3 | G33: =SUMIFS('Budget Filing Data'!AY$10:AY$999999,'Budget Filing Data'!$B$10:$B$999999,'2 Rates Rev- IOU Only'!B33,'Budget Filing Data'!$G$10:$G$999999,'2 Rates Rev- IOU Only'!C33) -> 724525.31 | H33: =D33-F33 -> -2252975.7 | I33: =E33-G33 -> -130405.85 | L33: =H33/$J$32 -> -0.00044708511 | M33: =I33/$K$32 -> -7.2723503e-05
B34: 2029 | C34: Agricultural | D34: =SUMIFS('Budget Filing Data'!AV$10:AV$999999,'Budget Filing Data'!$B$10:$B$999999,'2 Rates Rev- IOU Only'!B34,'Budget Filing Data'!$G$10:$G$999999,'2 Rates Rev- IOU Only'!C34) -> 835096.84 | E34: =SUMIFS('Budget Filing Data'!AW$10:AW$999999,'Budget Filing Data'!$B$10:$B$999999,'2 Rates Rev- IOU Only'!B34,'Budget Filing Data'!$G$10:$G$999999,'2 Rates Rev- IOU Only'!C34) -> 803184.67 | F34: =SUMIFS('Budget Filing Data'!AX$10:AX$999999,'Budget Filing Data'!$B$10:$B$999999,'2 Rates Rev- IOU Only'!B34,'Budget Filing Data'!$G$10:$G$999999,'2 Rates Rev- IOU Only'!C34) -> 2638597.4 | G34: =SUMIFS('Budget Filing Data'!AY$10:AY$999999,'Budget Filing Data'!$B$10:$B$999999,'2 Rates Rev- IOU Only'!B34,'Budget Filing Data'!$G$10:$G$999999,'2 Rates Rev- IOU Only'!C34) -> 971569.32 | H34: =D34-F34 -> -1803500.6 | I34: =E34-G34 -> -168384.65 | L34: =H34/$J$32 -> -0.00035789036 | M34: =I34/$K$32 -> -9.3903163e-05
B35: 2030 | C35: Agricultural | D35: =SUMIFS('Budget Filing Data'!AV$10:AV$999999,'Budget Filing Data'!$B$10:$B$999999,'2 Rates Rev- IOU Only'!B35,'Budget Filing Data'!$G$10:$G$999999,'2 Rates Rev- IOU Only'!C35) -> 736578.38 | E35: =SUMIFS('Budget Filing Data'!AW$10:AW$999999,'Budget Filing Data'!$B$10:$B$999999,'2 Rates Rev- IOU Only'!B35,'Budget Filing Data'!$G$10:$G$999999,'2 Rates Rev- IOU Only'!C35) -> 787986.38 | F35: =SUMIFS('Budget Filing Data'!AX$10:AX$999999,'Budget Filing Data'!$B$10:$B$999999,'2 Rates Rev- IOU Only'!B35,'Budget Filing Data'!$G$10:$G$999999,'2 Rates Rev- IOU Only'!C35) -> 2543098.4 | G35: =SUMIFS('Budget Filing Data'!AY$10:AY$999999,'Budget Filing Data'!$B$10:$B$999999,'2 Rates Rev- IOU Only'!B35,'Budget Filing Data'!$G$10:$G$999999,'2 Rates Rev- IOU Only'!C35) -> 937444.54 | H35: =D35-F35 -> -1806520 | I35: =E35-G35 -> -149458.16 | L35: =H35/$J$32 -> -0.00035848954 | M35: =I35/$K$32 -> -8.3348415e-05
B36: 2031 | C36: Agricultural | D36: =SUMIFS('Budget Filing Data'!AV$10:AV$999999,'Budget Filing Data'!$B$10:$B$999999,'2 Rates Rev- IOU Only'!B36,'Budget Filing Data'!$G$10:$G$999999,'2 Rates Rev- IOU Only'!C36) -> 568327.12 | E36: =SUMIFS('Budget Filing Data'!AW$10:AW$999999,'Budget Filing Data'!$B$10:$B$999999,'2 Rates Rev- IOU Only'!B36,'Budget Filing Data'!$G$10:$G$999999,'2 Rates Rev- IOU Only'!C36) -> 867818.61 | F36: =SUMIFS('Budget Filing Data'!AX$10:AX$999999,'Budget Filing Data'!$B$10:$B$999999,'2 Rates Rev- IOU Only'!B36,'Budget Filing Data'!$G$10:$G$999999,'2 Rates Rev- IOU Only'!C36) -> 1876334.8 | G36: =SUMIFS('Budget Filing Data'!AY$10:AY$999999,'Budget Filing Data'!$B$10:$B$999999,'2 Rates Rev- IOU Only'!B36,'Budget Filing Data'!$G$10:$G$999999,'2 Rates Rev- IOU Only'!C36) -> 963856.03 | H36: =D36-F36 -> -1308007.7 | I36: =E36-G36 -> -96037.419 | L36: =H36/$J$32 -> -0.00025956372 | M36: =I36/$K$32 -> -5.3557241e-05
B37: Reference: 2024 | C37: Public | D37: 1966783.5 | E37: 1223303.5 | F37: 4262754.8 | G37: 2907611.3 | H37: =D37-F37 -> -2295971.3 | I37: =E37-G37 -> -1684307.8 | J37: 27807234548 | K37: 8.467264e+08 | L37: =H37/$J$37 -> -8.256741e-05 | M37: =I37/$K$37 -> -0.0019891996
B38: 2028 | C38: Public | D38: =SUMIFS('Budget Filing Data'!AV$10:AV$999999,'Budget Filing Data'!$B$10:$B$999999,'2 Rates Rev- IOU Only'!B38,'Budget Filing Data'!$G$10:$G$999999,'2 Rates Rev- IOU Only'!C38) -> 1910887.4 | E38: =SUMIFS('Budget Filing Data'!AW$10:AW$999999,'Budget Filing Data'!$B$10:$B$999999,'2 Rates Rev- IOU Only'!B38,'Budget Filing Data'!$G$10:$G$999999,'2 Rates Rev- IOU Only'!C38) -> 1166170.2 | F38: =SUMIFS('Budget Filing Data'!AX$10:AX$999999,'Budget Filing Data'!$B$10:$B$999999,'2 Rates Rev- IOU Only'!B38,'Budget Filing Data'!$G$10:$G$999999,'2 Rates Rev- IOU Only'!C38) -> 1880056.3 | G38: =SUMIFS('Budget Filing Data'!AY$10:AY$999999,'Budget Filing Data'!$B$10:$B$999999,'2 Rates Rev- IOU Only'!B38,'Budget Filing Data'!$G$10:$G$999999,'2 Rates Rev- IOU Only'!C38) -> 1471283.6 | H38: =D38-F38 -> 30831.126 | I38: =E38-G38 -> -305113.36 | L38: =H38/$J$37 -> 1.1087448e-06 | M38: =I38/$K$37 -> -0.00036034469
B39: 2029 | C39: Public | D39: =SUMIFS('Budget Filing Data'!AV$10:AV$999999,'Budget Filing Data'!$B$10:$B$999999,'2 Rates Rev- IOU Only'!B39,'Budget Filing Data'!$G$10:$G$999999,'2 Rates Rev- IOU Only'!C39) -> 2045727.6 | E39: =SUMIFS('Budget Filing Data'!AW$10:AW$999999,'Budget Filing Data'!$B$10:$B$999999,'2 Rates Rev- IOU Only'!B39,'Budget Filing Data'!$G$10:$G$999999,'2 Rates Rev- IOU Only'!C39) -> 1349165.4 | F39: =SUMIFS('Budget Filing Data'!AX$10:AX$999999,'Budget Filing Data'!$B$10:$B$999999,'2 Rates Rev- IOU Only'!B39,'Budget Filing Data'!$G$10:$G$999999,'2 Rates Rev- IOU Only'!C39) -> 2416295.6 | G39: =SUMIFS('Budget Filing Data'!AY$10:AY$999999,'Budget Filing Data'!$B$10:$B$999999,'2 Rates Rev- IOU Only'!B39,'Budget Filing Data'!$G$10:$G$999999,'2 Rates Rev- IOU Only'!C39) -> 1679215.3 | H39: =D39-F39 -> -370568.08 | I39: =E39-G39 -> -330049.96 | L39: =H39/$J$37 -> -1.3326319e-05 | M39: =I39/$K$37 -> -0.00038979529
B40: 2030 | C40: Public | D40: =SUMIFS('Budget Filing Data'!AV$10:AV$999999,'Budget Filing Data'!$B$10:$B$999999,'2 Rates Rev- IOU Only'!B40,'Budget Filing Data'!$G$10:$G$999999,'2 Rates Rev- IOU Only'!C40) -> 2137224 | E40: =SUMIFS('Budget Filing Data'!AW$10:AW$999999,'Budget Filing Data'!$B$10:$B$999999,'2 Rates Rev- IOU Only'!B40,'Budget Filing Data'!$G$10:$G$999999,'2 Rates Rev- IOU Only'!C40) -> 1453989.1 | F40: =SUMIFS('Budget Filing Data'!AX$10:AX$999999,'Budget Filing Data'!$B$10:$B$999999,'2 Rates Rev- IOU Only'!B40,'Budget Filing Data'!$G$10:$G$999999,'2 Rates Rev- IOU Only'!C40) -> 3190617.8 | G40: =SUMIFS('Budget Filing Data'!AY$10:AY$999999,'Budget Filing Data'!$B$10:$B$999999,'2 Rates Rev- IOU Only'!B40,'Budget Filing Data'!$G$10:$G$999999,'2 Rates Rev- IOU Only'!C40) -> 1817774.1 | H40: =D40-F40 -> -1053393.8 | I40: =E40-G40 -> -363785.02 | L40: =H40/$J$37 -> -3.7882004e-05 | M40: =I40/$K$37 -> -0.00042963703
B41: 2031 | C41: Public | D41: =SUMIFS('Budget Filing Data'!AV$10:AV$999999,'Budget Filing Data'!$B$10:$B$999999,'2 Rates Rev- IOU Only'!B41,'Budget Filing Data'!$G$10:$G$999999,'2 Rates Rev- IOU Only'!C41) -> 2125323.7 | E41: =SUMIFS('Budget Filing Data'!AW$10:AW$999999,'Budget Filing Data'!$B$10:$B$999999,'2 Rates Rev- IOU Only'!B41,'Budget Filing Data'!$G$10:$G$999999,'2 Rates Rev- IOU Only'!C41) -> 1416302.2 | F41: =SUMIFS('Budget Filing Data'!AX$10:AX$999999,'Budget Filing Data'!$B$10:$B$999999,'2 Rates Rev- IOU Only'!B41,'Budget Filing Data'!$G$10:$G$999999,'2 Rates Rev- IOU Only'!C41) -> 3651941.1 | G41: =SUMIFS('Budget Filing Data'!AY$10:AY$999999,'Budget Filing Data'!$B$10:$B$999999,'2 Rates Rev- IOU Only'!B41,'Budget Filing Data'!$G$10:$G$999999,'2 Rates Rev- IOU Only'!C41) -> 1817266.7 | H41: =D41-F41 -> -1526617.4 | I41: =E41-G41 -> -400964.52 | L41: =H41/$J$37 -> -5.4900009e-05 | M41: =I41/$K$37 -> -0.00047354673
B42: Reference: 2024 | C42: Cross-Cutting | D42: 60543808 | E42: 34241926 | F42: 4.4077298e+08 | G42: 40687051 | H42: =D42-F42 -> -3.8022917e+08 | I42: =E42-G42 -> -6445124.6 | J42: 73822547411 | K42: 4.3344521e+09 | L42: =H42/J42 -> -0.0051505832 | M42: =I42/K42 -> -0.0014869526
B43: 2028 | C43: Cross-Cutting | D43: =SUMIFS('Budget Filing Data'!AV$10:AV$999999,'Budget Filing Data'!$B$10:$B$999999,'2 Rates Rev- IOU Only'!B43,'Budget Filing Data'!$G$10:$G$999999,'2 Rates Rev- IOU Only'!C43) -> 42950909 | E43: =SUMIFS('Budget Filing Data'!AW$10:AW$999999,'Budget Filing Data'!$B$10:$B$999999,'2 Rates Rev- IOU Only'!B43,'Budget Filing Data'!$G$10:$G$999999,'2 Rates Rev- IOU Only'!C43) -> 31201464 | F43: =SUMIFS('Budget Filing Data'!AX$10:AX$999999,'Budget Filing Data'!$B$10:$B$999999,'2 Rates Rev- IOU Only'!B43,'Budget Filing Data'!$G$10:$G$999999,'2 Rates Rev- IOU Only'!C43) -> 1.5279836e+08 | G43: =SUMIFS('Budget Filing Data'!AY$10:AY$999999,'Budget Filing Data'!$B$10:$B$999999,'2 Rates Rev- IOU Only'!B43,'Budget Filing Data'!$G$10:$G$999999,'2 Rates Rev- IOU Only'!C43) -> 43438012 | H43: =D43-F43 -> -1.0984745e+08 | I43: =E43-G43 -> -12236548 | L43: =H43/J42 -> -0.0014879932 | M43: =I43/K42 -> -0.00282309
B44: 2029 | C44: Cross-Cutting | D44: =SUMIFS('Budget Filing Data'!AV$10:AV$999999,'Budget Filing Data'!$B$10:$B$999999,'2 Rates Rev- IOU Only'!B44,'Budget Filing Data'!$G$10:$G$999999,'2 Rates Rev- IOU Only'!C44) -> 36658344 | E44: =SUMIFS('Budget Filing Data'!AW$10:AW$999999,'Budget Filing Data'!$B$10:$B$999999,'2 Rates Rev- IOU Only'!B44,'Budget Filing Data'!$G$10:$G$999999,'2 Rates Rev- IOU Only'!C44) -> 30518265 | F44: =SUMIFS('Budget Filing Data'!AX$10:AX$999999,'Budget Filing Data'!$B$10:$B$999999,'2 Rates Rev- IOU Only'!B44,'Budget Filing Data'!$G$10:$G$999999,'2 Rates Rev- IOU Only'!C44) -> 1.3147798e+08 | G44: =SUMIFS('Budget Filing Data'!AY$10:AY$999999,'Budget Filing Data'!$B$10:$B$999999,'2 Rates Rev- IOU Only'!B44,'Budget Filing Data'!$G$10:$G$999999,'2 Rates Rev- IOU Only'!C44) -> 41952706 | H44: =D44-F44 -> -94819632 | I44: =E44-G44 -> -11434441 | L44: =H44/J42 -> -0.0012844264 | M44: =I44/K42 -> -0.0026380362
B45: 2030 | C45: Cross-Cutting | D45: =SUMIFS('Budget Filing Data'!AV$10:AV$999999,'Budget Filing Data'!$B$10:$B$999999,'2 Rates Rev- IOU Only'!B45,'Budget Filing Data'!$G$10:$G$999999,'2 Rates Rev- IOU Only'!C45) -> 35594135 | E45: =SUMIFS('Budget Filing Data'!AW$10:AW$999999,'Budget Filing Data'!$B$10:$B$999999,'2 Rates Rev- IOU Only'!B45,'Budget Filing Data'!$G$10:$G$999999,'2 Rates Rev- IOU Only'!C45) -> 31978348 | F45: =SUMIFS('Budget Filing Data'!AX$10:AX$999999,'Budget Filing Data'!$B$10:$B$999999,'2 Rates Rev- IOU Only'!B45,'Budget Filing Data'!$G$10:$G$999999,'2 Rates Rev- IOU Only'!C45) -> 1.2593182e+08 | G45: =SUMIFS('Budget Filing Data'!AY$10:AY$999999,'Budget Filing Data'!$B$10:$B$999999,'2 Rates Rev- IOU Only'!B45,'Budget Filing Data'!$G$10:$G$999999,'2 Rates Rev- IOU Only'!C45) -> 42668067 | H45: =D45-F45 -> -90337682 | I45: =E45-G45 -> -10689719 | L45: =H45/J42 -> -0.001223714 | M45: =I45/K42 -> -0.0024662215
B46: 2031 | C46: Cross-Cutting | D46: =SUMIFS('Budget Filing Data'!AV$10:AV$999999,'Budget Filing Data'!$B$10:$B$999999,'2 Rates Rev- IOU Only'!B46,'Budget Filing Data'!$G$10:$G$999999,'2 Rates Rev- IOU Only'!C46) -> 35023799 | E46: =SUMIFS('Budget Filing Data'!AW$10:AW$999999,'Budget Filing Data'!$B$10:$B$999999,'2 Rates Rev- IOU Only'!B46,'Budget Filing Data'!$G$10:$G$999999,'2 Rates Rev- IOU Only'!C46) -> 33015251 | F46: =SUMIFS('Budget Filing Data'!AX$10:AX$999999,'Budget Filing Data'!$B$10:$B$999999,'2 Rates Rev- IOU Only'!B46,'Budget Filing Data'!$G$10:$G$999999,'2 Rates Rev- IOU Only'!C46) -> 1.2323287e+08 | G46: =SUMIFS('Budget Filing Data'!AY$10:AY$999999,'Budget Filing Data'!$B$10:$B$999999,'2 Rates Rev- IOU Only'!B46,'Budget Filing Data'!$G$10:$G$999999,'2 Rates Rev- IOU Only'!C46) -> 43200189 | H46: =D46-F46 -> -88209076 | I46: =E46-G46 -> -10184938 | L46: =H46/J42 -> -0.0011948799 | M46: =I46/K42 -> -0.0023497637
B47: Reference: 2024 | C47: Portfolio Support | D47: 0 | E47: 0 | F47: 11500848 | G47: 7353001 | H47: =D47-F47 -> -11500848 | I47: =E47-G47 -> -7353001 | J47: 73822547411 | K47: 4.3344521e+09 | L47: =H47/J47 -> -0.00015579045 | M47: =I47/K47 -> -0.0016964084
B48: 2028 | C48: Portfolio Support | D48: =SUMIFS('Budget Filing Data'!AV$10:AV$999999,'Budget Filing Data'!$B$10:$B$999999,'2 Rates Rev- IOU Only'!B48,'Budget Filing Data'!$G$10:$G$999999,'2 Rates Rev- IOU Only'!C48) -> 0 | E48: =SUMIFS('Budget Filing Data'!AW$10:AW$999999,'Budget Filing Data'!$B$10:$B$999999,'2 Rates Rev- IOU Only'!B48,'Budget Filing Data'!$G$10:$G$999999,'2 Rates Rev- IOU Only'!C48) -> 0 | F48: =SUMIFS('Budget Filing Data'!AX$10:AX$999999,'Budget Filing Data'!$B$10:$B$999999,'2 Rates Rev- IOU Only'!B48,'Budget Filing Data'!$G$10:$G$999999,'2 Rates Rev- IOU Only'!C48) -> 11642209 | G48: =SUMIFS('Budget Filing Data'!AY$10:AY$999999,'Budget Filing Data'!$B$10:$B$999999,'2 Rates Rev- IOU Only'!B48,'Budget Filing Data'!$G$10:$G$999999,'2 Rates Rev- IOU Only'!C48) -> 8090348.9 | H48: =D48-F48 -> -11642209 | I48: =E48-G48 -> -8090348.9 | L48: =H48/J47 -> -0.00015770533 | M48: =I48/K47 -> -0.0018665217
B49: 2029 | C49: Portfolio Support | D49: =SUMIFS('Budget Filing Data'!AV$10:AV$999999,'Budget Filing Data'!$B$10:$B$999999,'2 Rates Rev- IOU Only'!B49,'Budget Filing Data'!$G$10:$G$999999,'2 Rates Rev- IOU Only'!C49) -> 0 | E49: =SUMIFS('Budget Filing Data'!AW$10:AW$999999,'Budget Filing Data'!$B$10:$B$999999,'2 Rates Rev- IOU Only'!B49,'Budget Filing Data'!$G$10:$G$999999,'2 Rates Rev- IOU Only'!C49) -> 0 | F49: =SUMIFS('Budget Filing Data'!AX$10:AX$999999,'Budget Filing Data'!$B$10:$B$999999,'2 Rates Rev- IOU Only'!B49,'Budget Filing Data'!$G$10:$G$999999,'2 Rates Rev- IOU Only'!C49) -> 11461888 | G49: =SUMIFS('Budget Filing Data'!AY$10:AY$999999,'Budget Filing Data'!$B$10:$B$999999,'2 Rates Rev- IOU Only'!B49,'Budget Filing Data'!$G$10:$G$999999,'2 Rates Rev- IOU Only'!C49) -> 8646687.1 | H49: =D49-F49 -> -11461888 | I49: =E49-G49 -> -8646687.1 | L49: =H49/J47 -> -0.00015526269 | M49: =I49/K47 -> -0.0019948743
B50: 2030 | C50: Portfolio Support | D50: =SUMIFS('Budget Filing Data'!AV$10:AV$999999,'Budget Filing Data'!$B$10:$B$999999,'2 Rates Rev- IOU Only'!B50,'Budget Filing Data'!$G$10:$G$999999,'2 Rates Rev- IOU Only'!C50) -> 0 | E50: =SUMIFS('Budget Filing Data'!AW$10:AW$999999,'Budget Filing Data'!$B$10:$B$999999,'2 Rates Rev- IOU Only'!B50,'Budget Filing Data'!$G$10:$G$999999,'2 Rates Rev- IOU Only'!C50) -> 0 | F50: =SUMIFS('Budget Filing Data'!AX$10:AX$999999,'Budget Filing Data'!$B$10:$B$999999,'2 Rates Rev- IOU Only'!B50,'Budget Filing Data'!$G$10:$G$999999,'2 Rates Rev- IOU Only'!C50) -> 11479267 | G50: =SUMIFS('Budget Filing Data'!AY$10:AY$999999,'Budget Filing Data'!$B$10:$B$999999,'2 Rates Rev- IOU Only'!B50,'Budget Filing Data'!$G$10:$G$999999,'2 Rates Rev- IOU Only'!C50) -> 9019424.3 | H50: =D50-F50 -> -11479267 | I50: =E50-G50 -> -9019424.3 | L50: =H50/J47 -> -0.00015549812 | M50: =I50/K47 -> -0.0020808684
B51: 2031 | C51: Portfolio Support | D51: =SUMIFS('Budget Filing Data'!AV$10:AV$999999,'Budget Filing Data'!$B$10:$B$999999,'2 Rates Rev- IOU Only'!B51,'Budget Filing Data'!$G$10:$G$999999,'2 Rates Rev- IOU Only'!C51) -> 0 | E51: =SUMIFS('Budget Filing Data'!AW$10:AW$999999,'Budget Filing Data'!$B$10:$B$999999,'2 Rates Rev- IOU Only'!B51,'Budget Filing Data'!$G$10:$G$999999,'2 Rates Rev- IOU Only'!C51) -> 0 | F51: =SUMIFS('Budget Filing Data'!AX$10:AX$999999,'Budget Filing Data'!$B$10:$B$999999,'2 Rates Rev- IOU Only'!B51,'Budget Filing Data'!$G$10:$G$999999,'2 Rates Rev- IOU Only'!C51) -> 11496891 | G51: =SUMIFS('Budget Filing Data'!AY$10:AY$999999,'Budget Filing Data'!$B$10:$B$999999,'2 Rates Rev- IOU Only'!B51,'Budget Filing Data'!$G$10:$G$999999,'2 Rates Rev- IOU Only'!C51) -> 9406547.2 | H51: =D51-F51 -> -11496891 | I51: =E51-G51 -> -9406547.2 | L51: =H51/J47 -> -0.00015573685 | M51: =I51/K47 -> -0.0021701814
B52: Notes:
B53: 1) Cross-Cutting, Portfolio Support and the Total use the 2024 Total Sales for columns J and K
B54: 2) Public uses the Commercial Sales for Columns J and K
B55: 3) Agricultural uses the Industrial sector's sales for Column K only.
B56: 4) 2024 estimated RIM impacts in columns D to F were calculated using the 2024 claims data and rates used in the bill impact calculations from PG&E's 2024 annual report. The RIM calculations in the CET for 2024 claims included mapping errors to rates within the CET, so the same process could not be used that is used for the 2028-2031 years with the CET corrections in place.

Sheet 3.1 Funding Category
B2: Description | C2: Provides a comprehensive overview of budget requests, funding sources, cost recovery mechanisms, and unspent funds for energy efficiency and demand response programs, categorized by funding type, source, and portfolio administrator.
B3: Instructions | C3: Populate only the blue highlighted cells. The blue cells are for the forecasted electric and gas portfolio allocation percentage; PA fuel substitution spending budget request; ED portfolio oversight; EM&V PA; and EM&V - ED amounts by year.
B5: PA Name: | C5: ='Read Me'!B10 -> PG&E
B6: Budget Year: | C6: ='Read Me'!B11 -> 2028-2035
B7: Table 3.1 – Funding Category
B9: Year | C9: Budget & Cost Recovery Category | D9: Total | E9: Electric | F9: % Electric | G9: Gas | H9: % Gas
B10: 2028 | C10: PA Spending Budget Request (excluding fuel substitution budget) | D10: =SUMIF('4.1 Program Budget 2028-2031'!$M$16:$M$419,'3.1 Funding Category'!B10,'4.1 Program Budget 2028-2031'!$N$16:$N$419)-D18-D26 -> 2.0116213e+08 | E10: =F10*D10 -> 1.0862755e+08 | F10: 0.54 | G10: =H10*D10 -> 92534579 | H10: =1-F10 -> 0.46
B11: 2029 | C11: PA Spending Budget Request (excluding fuel substitution budget) | D11: =SUMIF('4.1 Program Budget 2028-2031'!$M$16:$M$419,'3.1 Funding Category'!B11,'4.1 Program Budget 2028-2031'!$N$16:$N$419)-D19-D27 -> 2.0106938e+08 | E11: =F11*D11 -> 1.0254538e+08 | F11: 0.51 | G11: =H11*D11 -> 98523994 | H11: =1-F11 -> 0.49
B12: 2030 | C12: PA Spending Budget Request (excluding fuel substitution budget) | D12: =SUMIF('4.1 Program Budget 2028-2031'!$M$16:$M$419,'3.1 Funding Category'!B12,'4.1 Program Budget 2028-2031'!$N$16:$N$419)-D20-D28 -> 1.9664729e+08 | E12: =F12*D12 -> 96357174 | F12: 0.49 | G12: =H12*D12 -> 1.0029012e+08 | H12: =1-F12 -> 0.51
B13: 2031 | C13: PA Spending Budget Request (excluding fuel substitution budget) | D13: =SUMIF('4.1 Program Budget 2028-2031'!$M$16:$M$419,'3.1 Funding Category'!B13,'4.1 Program Budget 2028-2031'!$N$16:$N$419)-D21-D29 -> 1.9819481e+08 | E13: =F13*D13 -> 95133511 | F13: 0.48 | G13: =H13*D13 -> 1.030613e+08 | H13: =1-F13 -> 0.52
B14: 2032 | C14: PA Spending Budget Request (excluding fuel substitution budget) | D14: =SUMIF('4.2 Sector Seg Budget 2032-2035'!$E$13:$E$200,'3.1 Funding Category'!B14,'4.2 Sector Seg Budget 2032-2035'!$F$13:$F$200)-D22-D30 -> 1.8883796e+08 | E14: =F14*D14 -> 90642218 | F14: 0.48 | G14: =H14*D14 -> 98195737 | H14: =1-F14 -> 0.52
B15: 2033 | C15: PA Spending Budget Request (excluding fuel substitution budget) | D15: =SUMIF('4.2 Sector Seg Budget 2032-2035'!$E$13:$E$200,'3.1 Funding Category'!B15,'4.2 Sector Seg Budget 2032-2035'!$F$13:$F$200)-D23-D31 -> 1.7990446e+08 | E15: =F15*D15 -> 86354139 | F15: 0.48 | G15: =H15*D15 -> 93550317 | H15: =1-F15 -> 0.52
B16: 2034 | C16: PA Spending Budget Request (excluding fuel substitution budget) | D16: =SUMIF('4.2 Sector Seg Budget 2032-2035'!$E$13:$E$200,'3.1 Funding Category'!B16,'4.2 Sector Seg Budget 2032-2035'!$F$13:$F$200)-D24-D32 -> 1.7125265e+08 | E16: =F16*D16 -> 82201271 | F16: 0.48 | G16: =H16*D16 -> 89051377 | H16: =1-F16 -> 0.52
B17: 2035 | C17: PA Spending Budget Request (excluding fuel substitution budget) | D17: =SUMIF('4.2 Sector Seg Budget 2032-2035'!$E$13:$E$200,'3.1 Funding Category'!B17,'4.2 Sector Seg Budget 2032-2035'!$F$13:$F$200)-D25-D33 -> 1.6287484e+08 | E17: =F17*D17 -> 78179922 | F17: 0.48 | G17: =H17*D17 -> 84694915 | H17: =1-F17 -> 0.52
B18: 2028 | C18: PA Fuel Substitution Spending Budget Request | D18: 25115301 | E18: =F18*D18 -> 25115301 | F18: 1 | G18: =H18*D18 -> 0 | H18: =1-F18 -> 0
B19: 2029 | C19: PA Fuel Substitution Spending Budget Request | D19: 26319904 | E19: =F19*D19 -> 26319904 | F19: 1 | G19: =H19*D19 -> 0 | H19: =1-F19 -> 0
B20: 2030 | C20: PA Fuel Substitution Spending Budget Request | D20: 30321186 | E20: =F20*D20 -> 30321186 | F20: 1 | G20: =H20*D20 -> 0 | H20: =1-F20 -> 0
B21: 2031 | C21: PA Fuel Substitution Spending Budget Request | D21: 29749605 | E21: =F21*D21 -> 29749605 | F21: 1 | G21: =H21*D21 -> 0 | H21: =1-F21 -> 0
B22: 2032 | C22: PA Fuel Substitution Spending Budget Request | D22: 34541858 | E22: =F22*D22 -> 34541858 | F22: 1 | G22: =H22*D22 -> 0 | H22: =1-F22 -> 0
B23: 2033 | C23: PA Fuel Substitution Spending Budget Request | D23: 39002042 | E23: =F23*D23 -> 39002042 | F23: 1 | G23: =H23*D23 -> 0 | H23: =1-F23 -> 0
B24: 2034 | C24: PA Fuel Substitution Spending Budget Request | D24: 43270002 | E24: =F24*D24 -> 43270002 | F24: 1 | G24: =H24*D24 -> 0 | H24: =1-F24 -> 0
B25: 2035 | C25: PA Fuel Substitution Spending Budget Request | D25: 47351643 | E25: =F25*D25 -> 47351643 | F25: 1 | G25: =H25*D25 -> 0 | H25: =1-F25 -> 0
B26: 2028 | C26: ED Portfolio Oversight Spending Budget Request | D26: 285900 | E26: =F26*D26 -> 168964.77 | F26: 0.59099254 | G26: =H26*D26 -> 116935.23 | H26: =1-F26 -> 0.40900746
B27: 2029 | C27: ED Portfolio Oversight Spending Budget Request | D27: 285900 | E27: =F27*D27 -> 162003.92 | F27: 0.56664541 | G27: =H27*D27 -> 123896.08 | H27: =1-F27 -> 0.43335459
B28: 2030 | C28: ED Portfolio Oversight Spending Budget Request | D28: 285900 | E28: =F28*D28 -> 159545.42 | F28: 0.55804624 | G28: =H28*D28 -> 126354.58 | H28: =1-F28 -> 0.44195376
B29: 2031 | C29: ED Portfolio Oversight Spending Budget Request | D29: 285900 | E29: =F29*D29 -> 156610.73 | F29: 0.5477815 | G29: =H29*D29 -> 129289.27 | H29: =1-F29 -> 0.4522185
... B33: 2035 | C33: ED Portfolio Oversight Spending Budget Request | D33: 285900 | E33: =F33*D33 -> 156610.73 | F33: 0.5477815 | G33: =H33*D33 -> 129289.27 | H33: =1-F33 -> 0.4522185
B34: 2028 | C34: REN & CCA Spending Budget Request | D34: =SUMIFS('7 PA PY Budget'!$J$9:$J$60,'7 PA PY Budget'!$C$9:$C$60,'3.1 Funding Category'!B26,'7 PA PY Budget'!$D$9:$D$60,"Total REN")+SUMIFS('7 PA PY Budget'!$J$9:$J$60,'7 PA PY Budget'!$C$9:$C$60,'3.1 Funding Category'!B26,'7 PA PY Budget'!$D$9:$D$60,"Total CCA") -> 1.2002784e+08 | E34: 83533463 | F34: 0.69595075 | G34: =H34*D34 -> 36494374 | H34: =1-F34 -> 0.30404925
B35: 2029 | C35: REN & CCA Spending Budget Request | D35: =SUMIFS('7 PA PY Budget'!$J$9:$J$60,'7 PA PY Budget'!$C$9:$C$60,'3.1 Funding Category'!B27,'7 PA PY Budget'!$D$9:$D$60,"Total REN")+SUMIFS('7 PA PY Budget'!$J$9:$J$60,'7 PA PY Budget'!$C$9:$C$60,'3.1 Funding Category'!B27,'7 PA PY Budget'!$D$9:$D$60,"Total CCA") -> 1.3319108e+08 | E35: 93605312 | F35: 0.70278963 | G35: =H35*D35 -> 39585770 | H35: =1-F35 -> 0.29721037
B36: 2030 | C36: REN & CCA Spending Budget Request | D36: =SUMIFS('7 PA PY Budget'!$J$9:$J$60,'7 PA PY Budget'!$C$9:$C$60,'3.1 Funding Category'!B28,'7 PA PY Budget'!$D$9:$D$60,"Total REN")+SUMIFS('7 PA PY Budget'!$J$9:$J$60,'7 PA PY Budget'!$C$9:$C$60,'3.1 Funding Category'!B28,'7 PA PY Budget'!$D$9:$D$60,"Total CCA") -> 1.4377839e+08 | E36: 101357727 | F36: 0.704958 | G36: =H36*D36 -> 42420664 | H36: =1-F36 -> 0.295042
B37: 2031 | C37: REN & CCA Spending Budget Request | D37: =SUMIFS('7 PA PY Budget'!$J$9:$J$60,'7 PA PY Budget'!$C$9:$C$60,'3.1 Funding Category'!B29,'7 PA PY Budget'!$D$9:$D$60,"Total REN")+SUMIFS('7 PA PY Budget'!$J$9:$J$60,'7 PA PY Budget'!$C$9:$C$60,'3.1 Funding Category'!B29,'7 PA PY Budget'!$D$9:$D$60,"Total CCA") -> 1.5462748e+08 | E37: 108948621 | F37: 0.70458769 | G37: =H37*D37 -> 45678861 | H37: =1-F37 -> 0.29541231
B38: 2032 | C38: REN & CCA Spending Budget Request | D38: 1.6576607e+08 | E38: =F38*D38 -> 1.1679673e+08 | F38: 0.70458769 | G38: =H38*D38 -> 48969337 | H38: =1-F38 -> 0.29541231
B39: 2033 | C39: REN & CCA Spending Budget Request | D39: 1.7040406e+08 | E39: =F39*D39 -> 1.200646e+08 | F39: 0.70458769 | G39: =H39*D39 -> 50339456 | H39: =1-F39 -> 0.29541231
B40: 2034 | C40: REN & CCA Spending Budget Request | D40: 1.7476207e+08 | E40: =F40*D40 -> 1.2313521e+08 | F40: 0.70458769 | G40: =H40*D40 -> 51626867 | H40: =1-F40 -> 0.29541231
B41: 2035 | C41: REN & CCA Spending Budget Request | D41: 1.794092e+08 | E41: =F41*D41 -> 1.2640951e+08 | F41: 0.70458769 | G41: =H41*D41 -> 52999685 | H41: =1-F41 -> 0.29541231
B42: 2028 | C42: PA (IOU+CCAs+RENs+ED Portfolio Oversight) Spending Budget Request | D42: =D10+D18+D26+D34 -> 3.4659117e+08 | E42: =F42*D42 -> 2.174307e+08 | F42: 0.62734057 | G42: =H42*D42 -> 1.2916047e+08 | H42: =1-F42 -> 0.37265943
B43: 2029 | C43: PA (IOU+CCAs+RENs+ED Portfolio Oversight) Spending Budget Request | D43: =D11+D19+D27+D35 -> 3.6086626e+08 | E43: =F43*D43 -> 2.2261641e+08 | F43: 0.61689448 | G43: =H43*D43 -> 1.3824986e+08 | H43: =1-F43 -> 0.38310552
B44: 2030 | C44: PA (IOU+CCAs+RENs+ED Portfolio Oversight) Spending Budget Request | D44: =D12+D20+D28+D36 -> 3.7103277e+08 | E44: =F44*D44 -> 2.2817618e+08 | F44: 0.61497581 | G44: =H44*D44 -> 1.4285659e+08 | H44: =1-F44 -> 0.38502419
B45: 2031 | C45: PA (IOU+CCAs+RENs+ED Portfolio Oversight) Spending Budget Request | D45: =D13+D21+D29+D37 -> 3.828578e+08 | E45: =F45*D45 -> 2.3396897e+08 | F45: 0.61111193 | G45: =H45*D45 -> 1.4888883e+08 | H45: =1-F45 -> 0.38888807
B46: 2032 | C46: PA (IOU+CCAs+RENs+ED Portfolio Oversight) Spending Budget Request | D46: =D14+D22+D30+D38 -> 3.8943178e+08 | E46: =F46*D46 -> 2.3798641e+08 | F46: 0.61111193 | G46: =H46*D46 -> 1.5144538e+08 | H46: =1-F46 -> 0.38888807
B47: 2033 | C47: PA (IOU+CCAs+RENs+ED Portfolio Oversight) Spending Budget Request | D47: =D15+D23+D31+D39 -> 3.8959646e+08 | E47: =F47*D47 -> 2.3808704e+08 | F47: 0.61111193 | G47: =H47*D47 -> 1.5150942e+08 | H47: =1-F47 -> 0.38888807
B48: 2034 | C48: PA (IOU+CCAs+RENs+ED Portfolio Oversight) Spending Budget Request | D48: =D16+D24+D32+D40 -> 3.8957062e+08 | E48: =F48*D48 -> 2.3807125e+08 | F48: 0.61111193 | G48: =H48*D48 -> 1.5149937e+08 | H48: =1-F48 -> 0.38888807
B49: 2035 | C49: PA (IOU+CCAs+RENs+ED Portfolio Oversight) Spending Budget Request | D49: =D17+D25+D33+D41 -> 3.8992158e+08 | E49: =F49*D49 -> 2.3828573e+08 | F49: 0.61111193 | G49: =H49*D49 -> 1.5163585e+08 | H49: =1-F49 -> 0.38888807
B50: 2028 | C50: Total Unspent/Uncommitted Funds | D50: 0 | E50: =F50*D50 -> 0 | F50: 0.62734057 | G50: =H50*D50 -> 0 | H50: =1-F50 -> 0.37265943
B51: 2029 | C51: Total Unspent/Uncommitted Funds | D51: 0 | E51: =F51*D51 -> 0 | F51: 0.61689448 | G51: =H51*D51 -> 0 | H51: =1-F51 -> 0.38310552
B52: 2030 | C52: Total Unspent/Uncommitted Funds | D52: 0 | E52: =F52*D52 -> 0 | F52: 0.61497581 | G52: =H52*D52 -> 0 | H52: =1-F52 -> 0.38502419
B53: 2031 | C53: Total Unspent/Uncommitted Funds | D53: 0 | E53: =F53*D53 -> 0 | F53: 0.61111193 | G53: =H53*D53 -> 0 | H53: =1-F53 -> 0.38888807
B54: 2032 | C54: Total Unspent/Uncommitted Funds | D54: 0 | E54: =F54*D54 -> 0 | F54: 0.61111193 | G54: =H54*D54 -> 0 | H54: =1-F54 -> 0.38888807
B55: 2033 | C55: Total Unspent/Uncommitted Funds | D55: 0 | E55: =F55*D55 -> 0 | F55: 0.61111193 | G55: =H55*D55 -> 0 | H55: =1-F55 -> 0.38888807
B56: 2034 | C56: Total Unspent/Uncommitted Funds | D56: 0 | E56: =F56*D56 -> 0 | F56: 0.61111193 | G56: =H56*D56 -> 0 | H56: =1-F56 -> 0.38888807
B57: 2035 | C57: Total Unspent/Uncommitted Funds | D57: 0 | E57: =F57*D57 -> 0 | F57: 0.61111193 | G57: =H57*D57 -> 0 | H57: =1-F57 -> 0.38888807
B58: 2028 | C58: EM&V - PA | D58: 2489051.7 | E58: =F58*D58 -> 1471011 | F58: 0.59099254 | G58: =H58*D58 -> 1018040.7 | H58: =1-F58 -> 0.40900746
B59: 2029 | C59: EM&V - PA | D59: 2501282.1 | E59: =F59*D59 -> 1417340 | F59: 0.56664541 | G59: =H59*D59 -> 1083942.1 | H59: =1-F59 -> 0.43335459
B60: 2030 | C60: EM&V - PA | D60: 2496653.3 | E60: =F60*D60 -> 1393248 | F60: 0.55804624 | G60: =H60*D60 -> 1103405.3 | H60: =1-F60 -> 0.44195376
B61: 2031 | C61: EM&V - PA | D61: 2507388.6 | E61: =F61*D61 -> 1373501.1 | F61: 0.5477815 | G61: =H61*D61 -> 1133887.5 | H61: =1-F61 -> 0.4522185
... B73: 2035 | C73: EM&V - ED | D73: 6096567.9 | E73: =F73*D73 -> 3339587.1 | F73: 0.5477815 | G73: =H73*D73 -> 2756980.8 | H73: =1-F73 -> 0.4522185
B74: 2028 | C74: PA (IOU+CCAs+RENs+ED Portfolio Oversight) Revenue Requirement Request (Cost Recovery) | D74: =D42-D50 -> 3.4659117e+08 | E74: =F74*D74 -> 2.174307e+08 | F74: 0.62734057 | G74: =H74*D74 -> 1.2916047e+08 | H74: =1-F74 -> 0.37265943
B75: 2029 | C75: PA (IOU+CCAs+RENs+ED Portfolio Oversight) Revenue Requirement Request (Cost Recovery) | D75: =D43-D51 -> 3.6086626e+08 | E75: =F75*D75 -> 2.2261641e+08 | F75: 0.61689448 | G75: =H75*D75 -> 1.3824986e+08 | H75: =1-F75 -> 0.38310552
B76: 2030 | C76: PA (IOU+CCAs+RENs+ED Portfolio Oversight) Revenue Requirement Request (Cost Recovery) | D76: =D44-D52 -> 3.7103277e+08 | E76: =F76*D76 -> 2.2817618e+08 | F76: 0.61497581 | G76: =H76*D76 -> 1.4285659e+08 | H76: =1-F76 -> 0.38502419
B77: 2031 | C77: PA (IOU+CCAs+RENs+ED Portfolio Oversight) Revenue Requirement Request (Cost Recovery) | D77: =D45-D53 -> 3.828578e+08 | E77: =F77*D77 -> 2.3396897e+08 | F77: 0.61111193 | G77: =H77*D77 -> 1.4888883e+08 | H77: =1-F77 -> 0.38888807
B78: 2032 | C78: PA (IOU+CCAs+RENs+ED Portfolio Oversight) Revenue Requirement Request (Cost Recovery) | D78: =D46-D54 -> 3.8943178e+08 | E78: =F78*D78 -> 2.3798641e+08 | F78: 0.61111193 | G78: =H78*D78 -> 1.5144538e+08 | H78: =1-F78 -> 0.38888807
B79: 2033 | C79: PA (IOU+CCAs+RENs+ED Portfolio Oversight) Revenue Requirement Request (Cost Recovery) | D79: =D47-D55 -> 3.8959646e+08 | E79: =F79*D79 -> 2.3808704e+08 | F79: 0.61111193 | G79: =H79*D79 -> 1.5150942e+08 | H79: =1-F79 -> 0.38888807
B80: 2034 | C80: PA (IOU+CCAs+RENs+ED Portfolio Oversight) Revenue Requirement Request (Cost Recovery) | D80: =D48-D56 -> 3.8957062e+08 | E80: =F80*D80 -> 2.3807125e+08 | F80: 0.61111193 | G80: =H80*D80 -> 1.5149937e+08 | H80: =1-F80 -> 0.38888807
B81: 2035 | C81: PA (IOU+CCAs+RENs+ED Portfolio Oversight) Revenue Requirement Request (Cost Recovery) | D81: =D49-D57 -> 3.8992158e+08 | E81: =F81*D81 -> 2.3828573e+08 | F81: 0.61111193 | G81: =H81*D81 -> 1.5163585e+08 | H81: =1-F81 -> 0.38888807
B82: Total | C82: PA (IOU+CCAs+RENs+ED Portfolio Oversight) Revenue Requirement Request (Cost Recovery) | D82: =SUM(D74:D81) -> 3.0198684e+09 | E82: =SUM(E74:E81) -> 1.8546227e+09 | G82: =SUM(G74:G81) -> 1.1652458e+09

Sheet 3.2 Funding CCA_REN only
B2: Description | C2: Table for documenting the source of all funds for the CCAs and RENs.
B3: Instructions | C3: CCAs and RENs to populate the funds received by IOU for their respective portfolio. For Electric, they are the Electric Energy Efficiency Funds and for Gas, they are the Natural Gas Public Purpose Funds.
B5: PA Name: | C5: PG&E
B6: Budget Year: | C6: 2028-2035
B7: Table 3.2 – Funding Source (CCAs and RENs only)
B10: 8 Year Funding Sources - RENs/CCAs
B12: Year | C12: PG&E | E12: SDG&E | G12: SCE | H12: SCG
C13: Electric $ | D13: Gas $ | E13: Electric $ | F13: Gas $ | G13: Electric $ | H13: Gas $ | I13: Total Proposed Budget $
B14: 2028
B15: 2029
B16: 2030
B17: 2031
B18: 2032
B19: 2033
B20: 2034
B21: 2035
B22: Total | C22: =SUM(C14:C21) -> 0 | D22: =SUM(D14:D21) -> 0 | E22: =SUM(E14:E21) -> 0 | F22: =SUM(F14:F21) -> 0 | G22: =SUM(G14:G21) -> 0 | H22: =SUM(H14:H21) -> 0 | I22: =SUM(I14:I21) -> 0

Sheet 4.1 Program Budget 2028-2031
B2: Description | C2: Program-level budget requests and cost and savings components for your energy efficiency programs.
B3: Instructions | C3: Review and complete the table accordingly. Can use the Budget Filing Data to fill in the tab by using SumIfs based on the data pulled from the Program Card tab (columns marked accordingly).
B5: PA Name: | C5: ='Read Me'!B10 -> PG&E
B6: Budget Year: | C6: ='Read Me'!B11 -> 2028-2035
B7: (report budgets to the $--do not round)
C8: Table 4.1 – Program Budget and Savings Details, 2028-2031
C11: Check to make sure that the formulas in the subtotal include the added rows.
C15: Program ID | D15: Program Name | E15: Changing Status or Budget Reason Select from look up table | F15: Justification for Program Change If programs are to be closed, specify reason (this can include underperformance of TSB and/or TRC) | G15: Program Implementer "_PA portion" of Statewide programs must be marked as "Core PA" rather than "Statewide" | H15: Statewide | I15: Target Exempt Select from look up table | J15: Primary Sector | K15: Program Category | L15: Program Segment | M15: Year Must complete for all four years | N15: PA Spending Budget Request Sum of (admin, M&O, DI Non-incentives, incentives) | O15: Administrative | P15: Marketing/ Outreach | Q15: Direct Implementation Non-Incentive | R15: EM&V Costs | S15: On Bill Financing Loan Pool Addition | T15: Cost Recovered from Other Sources | U15: Incentive/ Rebate | V15: Net TSB | W15: TRC | X15: PAC | Y15: RIM | Z15: SCT-Base (from CET) | AA15: SCT-High (from CET) | AB15: First Year Net KWH | AC15: First Year Net KW | AD15: First Year Net Therms | AE15: First Year Net Electric CO2e | AF15: First Year Net Gas CO2e | AG15: Lifecycle Net KWH | AH15: Lifecycle Net Therms | AI15: Lifecycle Net Electric CO2e | AJ15: Lifecycle Net Gas CO2e | AK15: Lifecycle Net Electric CO2e from low-GWP Measures | AL15: Lifecycle Net Gas CO2e from low-GWP Measures
C16: ='Budget Filing Data'!D10 -> PGE_Ag_001 | D16: ='Budget Filing Data'!E10 -> Agricultural Efficiency Program | G16: ='Budget Filing Data'!J10 -> Third-Party Solicited | H16: ='Budget Filing Data'!H10 -> Local | I16: No | J16: ='Budget Filing Data'!G10 -> Agricultural | K16: ='Budget Filing Data'!I10 -> Other | L16: ='Budget Filing Data'!K10 -> Resource | M16: ='Budget Filing Data'!B10 -> 2028 | N16: =SUM(O16:R16,U16) -> 8385104.9 | O16: ='Budget Filing Data'!AG10 -> 342635.69 | P16: ='Budget Filing Data'!AH10 -> 277855 | Q16: ='Budget Filing Data'!AI10 -> 4564614.2 | R16: ='Budget Filing Data'!AJ10 -> 0 | S16: ='Budget Filing Data'!AK10 -> 0 | T16: ='Budget Filing Data'!AL10 -> 0 | U16: ='Budget Filing Data'!AM10 -> 3200000 | V16: ='Budget Filing Data'!W10 -> 12940313 | W16: =IF('Budget Filing Data'!Z10<>0,('Budget Filing Data'!AB10+'Budget Filing Data'!AC10+'Budget Filing Data'!AR10+'Budget Filing Data'!AD10+'Budget Filing Data'!BK10)/'Budget Filing Data'!Z10,0) -> 1.2480208 | X16: =IF('Budget Filing Data'!AA10<>0,('Budget Filing Data'!AB10+'Budget Filing Data'!AC10+'Budget Filing Data'!AR10+'Budget Filing Data'!AD10)/'Budget Filing Data'!AA10,0) -> 1.5664419 | Y16: =IF('Budget Filing Data'!BL10<>0,('Budget Filing Data'!AB10+'Budget Filing Data'!AC10+'Budget Filing Data'!AR10+'Budget Filing Data'!AD10+'Budget Filing Data'!AP10+'Budget Filing Data'!AQ10)/('Budget Filing Data'!BL10),0) -> 0.33261375 | Z16: =IF('Budget Filing Data'!BC10<>0,('Budget Filing Data'!BD10+'Budget Filing Data'!BE10+'Budget Filing Data'!BF10+'Budget Filing Data'!AD10)/'Budget Filing Data'!BC10,0) -> 1.7686624 | AA16: =IF('Budget Filing Data'!BG10<>0,('Budget Filing Data'!BH10+'Budget Filing Data'!BI10+'Budget Filing Data'!BJ10+'Budget Filing Data'!AD10)/'Budget Filing Data'!BG10,0) -> 1.7796507 | AB16: ='Budget Filing Data'!P10 -> 7443044 | AC16: ='Budget Filing Data'!Q10 -> 900.2652 | AD16: ='Budget Filing Data'!R10 -> 318043.57 | AE16: ='Budget Filing Data'!AE10 -> 1956.9916 | AF16: ='Budget Filing Data'!AF10 -> 1688.8114 | AG16: ='Budget Filing Data'!$S10 -> 77207264 | AH16: ='Budget Filing Data'!T10 -> 4020408.9 | AI16: ='Budget Filing Data'!$U10 -> 33848.229 | AJ16: ='Budget Filing Data'!$V10 -> 21348.371 | AK16: 0 | AL16: 0
C17: ='Budget Filing Data'!D11 -> PGE_CC_001 | D17: ='Budget Filing Data'!E11 -> Innovation-enabling Market Support Program Placeholder | E17: Programs that are new in 2028 or beyond | F17: See Chapter 6, Section B | G17: ='Budget Filing Data'!J11 -> IOU Core | H17: ='Budget Filing Data'!H11 -> Local | I17: Yes | J17: ='Budget Filing Data'!G11 -> Cross-Cutting | K17: ='Budget Filing Data'!I11 -> Market Transformation | L17: ='Budget Filing Data'!K11 -> Market Support | M17: ='Budget Filing Data'!B11 -> 2028 | N17: =SUM(O17:R17,U17) -> 1500000 | O17: ='Budget Filing Data'!AG11 -> 150000 | P17: ='Budget Filing Data'!AH11 -> 150000 | Q17: ='Budget Filing Data'!AI11 -> 1200000 | R17: ='Budget Filing Data'!AJ11 -> 0 | S17: ='Budget Filing Data'!AK11 -> 0 | T17: ='Budget Filing Data'!AL11 -> 0 | U17: ='Budget Filing Data'!AM11 -> 0 | V17: ='Budget Filing Data'!W11 -> 0 | W17: =IF('Budget Filing Data'!Z11<>0,('Budget Filing Data'!AB11+'Budget Filing Data'!AC11+'Budget Filing Data'!AR11+'Budget Filing Data'!AD11+'Budget Filing Data'!BK11)/'Budget Filing Data'!Z11,0) -> 0 | X17: =IF('Budget Filing Data'!AA11<>0,('Budget Filing Data'!AB11+'Budget Filing Data'!AC11+'Budget Filing Data'!AR11+'Budget Filing Data'!AD11)/'Budget Filing Data'!AA11,0) -> 0 | Y17: =IF('Budget Filing Data'!BL11<>0,('Budget Filing Data'!AB11+'Budget Filing Data'!AC11+'Budget Filing Data'!AR11+'Budget Filing Data'!AD11+'Budget Filing Data'!AP11+'Budget Filing Data'!AQ11)/('Budget Filing Data'!BL11),0) -> 0 | Z17: =IF('Budget Filing Data'!BC11<>0,('Budget Filing Data'!BD11+'Budget Filing Data'!BE11+'Budget Filing Data'!BF11+'Budget Filing Data'!AD11)/'Budget Filing Data'!BC11,0) -> 0 | AA17: =IF('Budget Filing Data'!BG11<>0,('Budget Filing Data'!BH11+'Budget Filing Data'!BI11+'Budget Filing Data'!BJ11+'Budget Filing Data'!AD11)/'Budget Filing Data'!BG11,0) -> 0 | AB17: ='Budget Filing Data'!P11 -> 0 | AC17: ='Budget Filing Data'!Q11 -> 0 | AD17: ='Budget Filing Data'!R11 -> 0 | AE17: ='Budget Filing Data'!AE11 -> 0 | AF17: ='Budget Filing Data'!AF11 -> 0 | AG17: ='Budget Filing Data'!$S11 -> 0 | AH17: ='Budget Filing Data'!T11 -> 0 | AI17: ='Budget Filing Data'!$U11 -> 0 | AJ17: ='Budget Filing Data'!$V11 -> 0 | AK17: 0 | AL17: 0
C18: ='Budget Filing Data'!D12 -> PGE_Com_003 | D18: ='Budget Filing Data'!E12 -> Commercial Efficiency Program | G18: ='Budget Filing Data'!J12 -> Third-Party Solicited | H18: ='Budget Filing Data'!H12 -> Local | I18: No | J18: ='Budget Filing Data'!G12 -> Commercial | K18: ='Budget Filing Data'!I12 -> Other | L18: ='Budget Filing Data'!K12 -> Resource | M18: ='Budget Filing Data'!B12 -> 2028 | N18: =SUM(O18:R18,U18) -> 11794524 | O18: ='Budget Filing Data'!AG12 -> 1111351.6 | P18: ='Budget Filing Data'!AH12 -> 687375.59 | Q18: ='Budget Filing Data'!AI12 -> 3991579.3 | R18: ='Budget Filing Data'!AJ12 -> 0 | S18: ='Budget Filing Data'!AK12 -> 0 | T18: ='Budget Filing Data'!AL12 -> 0 | U18: ='Budget Filing Data'!AM12 -> 6004217.5 | V18: ='Budget Filing Data'!W12 -> 22707754 | W18: =IF('Budget Filing Data'!Z12<>0,('Budget Filing Data'!AB12+'Budget Filing Data'!AC12+'Budget Filing Data'!AR12+'Budget Filing Data'!AD12+'Budget Filing Data'!BK12)/'Budget Filing Data'!Z12,0) -> 1.6128373 | X18: =IF('Budget Filing Data'!AA12<>0,('Budget Filing Data'!AB12+'Budget Filing Data'!AC12+'Budget Filing Data'!AR12+'Budget Filing Data'!AD12)/'Budget Filing Data'!AA12,0) -> 1.50054 | Y18: =IF('Budget Filing Data'!BL12<>0,('Budget Filing Data'!AB12+'Budget Filing Data'!AC12+'Budget Filing Data'!AR12+'Budget Filing Data'!AD12+'Budget Filing Data'!AP12+'Budget Filing Data'!AQ12)/('Budget Filing Data'!BL12),0) -> 1.3646409 | Z18: =IF('Budget Filing Data'!BC12<>0,('Budget Filing Data'!BD12+'Budget Filing Data'!BE12+'Budget Filing Data'!BF12+'Budget Filing Data'!AD12)/'Budget Filing Data'!BC12,0) -> 2.1923413 | AA18: =IF('Budget Filing Data'!BG12<>0,('Budget Filing Data'!BH12+'Budget Filing Data'!BI12+'Budget Filing Data'!BJ12+'Budget Filing Data'!AD12)/'Budget Filing Data'!BG12,0) -> 2.1967307 | AB18: ='Budget Filing Data'!P12 -> -2866652 | AC18: ='Budget Filing Data'!Q12 -> 3.4223595 | AD18: ='Budget Filing Data'!R12 -> 1310365.7 | AE18: ='Budget Filing Data'!AE12 -> -999.26494 | AF18: ='Budget Filing Data'!AF12 -> 6958.0419 | AG18: ='Budget Filing Data'!$S12 -> -96201677 | AH18: ='Budget Filing Data'!T12 -> 17081088 | AI18: ='Budget Filing Data'!$U12 -> -20489.376 | AJ18: ='Budget Filing Data'!$V12 -> 90700.578 | AK18: -2199.9071 | AL18: 9161.343
C19: ='Budget Filing Data'!D13 -> PGE_Com_004 | D19: ='Budget Filing Data'!E13 -> High Tech and Bio Tech Efficiency Program | G19: ='Budget Filing Data'!J13 -> Third-Party Solicited | H19: ='Budget Filing Data'!H13 -> Local | I19: No | J19: ='Budget Filing Data'!G13 -> Commercial | K19: ='Budget Filing Data'!I13 -> Other | L19: ='Budget Filing Data'!K13 -> Resource | M19: ='Budget Filing Data'!B13 -> 2028 | N19: =SUM(O19:R19,U19) -> 942927.57 | O19: ='Budget Filing Data'!AG13 -> 23437.529 | P19: ='Budget Filing Data'!AH13 -> 31326.05 | Q19: ='Budget Filing Data'!AI13 -> 609163.99 | R19: ='Budget Filing Data'!AJ13 -> 0 | S19: ='Budget Filing Data'!AK13 -> 0 | T19: ='Budget Filing Data'!AL13 -> 0 | U19: ='Budget Filing Data'!AM13 -> 279000 | V19: ='Budget Filing Data'!W13 -> 1805381.4 | W19: =IF('Budget Filing Data'!Z13<>0,('Budget Filing Data'!AB13+'Budget Filing Data'!AC13+'Budget Filing Data'!AR13+'Budget Filing Data'!AD13+'Budget Filing Data'!BK13)/'Budget Filing Data'!Z13,0) -> 1.3345692 | X19: =IF('Budget Filing Data'!AA13<>0,('Budget Filing Data'!AB13+'Budget Filing Data'!AC13+'Budget Filing Data'!AR13+'Budget Filing Data'!AD13)/'Budget Filing Data'!AA13,0) -> 1.8144072 | Y19: =IF('Budget Filing Data'!BL13<>0,('Budget Filing Data'!AB13+'Budget Filing Data'!AC13+'Budget Filing Data'!AR13+'Budget Filing Data'!AD13+'Budget Filing Data'!AP13+'Budget Filing Data'!AQ13)/('Budget Filing Data'!BL13),0) -> 0.31219132 | Z19: =IF('Budget Filing Data'!BC13<>0,('Budget Filing Data'!BD13+'Budget Filing Data'!BE13+'Budget Filing Data'!BF13+'Budget Filing Data'!AD13)/'Budget Filing Data'!BC13,0) -> 1.6712856 | AA19: =IF('Budget Filing Data'!BG13<>0,('Budget Filing Data'!BH13+'Budget Filing Data'!BI13+'Budget Filing Data'!BJ13+'Budget Filing Data'!AD13)/'Budget Filing Data'!BG13,0) -> 1.6725748 | AB19: ='Budget Filing Data'!P13 -> 2436311.6 | AC19: ='Budget Filing Data'!Q13 -> 123.26896 | AD19: ='Budget Filing Data'!R13 -> 29367.461 | AE19: ='Budget Filing Data'!AE13 -> 402.47097 | AF19: ='Budget Filing Data'!AF13 -> 155.94122 | AG19: ='Budget Filing Data'!$S13 -> 17294693 | AH19: ='Budget Filing Data'!T13 -> 318989.14 | AI19: ='Budget Filing Data'!$U13 -> 2471.6956 | AJ19: ='Budget Filing Data'!$V13 -> 1693.8323 | AK19: 0 | AL19: 0
C20: ='Budget Filing Data'!D14 -> PGE_Com_005 | D20: ='Budget Filing Data'!E14 -> Healthcare Efficiency Program | G20: ='Budget Filing Data'!J14 -> Third-Party Solicited | H20: ='Budget Filing Data'!H14 -> Local | I20: No | J20: ='Budget Filing Data'!G14 -> Commercial | K20: ='Budget Filing Data'!I14 -> Other | L20: ='Budget Filing Data'!K14 -> Resource | M20: ='Budget Filing Data'!B14 -> 2028 | N20: =SUM(O20:R20,U20) -> 1572997.8 | O20: ='Budget Filing Data'!AG14 -> 47479.262 | P20: ='Budget Filing Data'!AH14 -> 87423.427 | Q20: ='Budget Filing Data'!AI14 -> 1372363.3 | R20: ='Budget Filing Data'!AJ14 -> 0 | S20: ='Budget Filing Data'!AK14 -> 0 | T20: ='Budget Filing Data'!AL14 -> 0 | U20: ='Budget Filing Data'!AM14 -> 65731.9 | V20: ='Budget Filing Data'!W14 -> 4065076.8 | W20: =IF('Budget Filing Data'!Z14<>0,('Budget Filing Data'!AB14+'Budget Filing Data'!AC14+'Budget Filing Data'!AR14+'Budget Filing Data'!AD14+'Budget Filing Data'!BK14)/'Budget Filing Data'!Z14,0) -> 1.0771318 | X20: =IF('Budget Filing Data'!AA14<>0,('Budget Filing Data'!AB14+'Budget Filing Data'!AC14+'Budget Filing Data'!AR14+'Budget Filing Data'!AD14)/'Budget Filing Data'!AA14,0) -> 2.164692 | Y20: =IF('Budget Filing Data'!BL14<>0,('Budget Filing Data'!AB14+'Budget Filing Data'!AC14+'Budget Filing Data'!AR14+'Budget Filing Data'!AD14+'Budget Filing Data'!AP14+'Budget Filing Data'!AQ14)/('Budget Filing Data'!BL14),0) -> 0.4400535 | Z20: =IF('Budget Filing Data'!BC14<>0,('Budget Filing Data'!BD14+'Budget Filing Data'!BE14+'Budget Filing Data'!BF14+'Budget Filing Data'!AD14)/'Budget Filing Data'!BC14,0) -> 1.3909427 | AA20: =IF('Budget Filing Data'!BG14<>0,('Budget Filing Data'!BH14+'Budget Filing Data'!BI14+'Budget Filing Data'!BJ14+'Budget Filing Data'!AD14)/'Budget Filing Data'!BG14,0) -> 1.3960278 | AB20: ='Budget Filing Data'!P14 -> 4402967.9 | AC20: ='Budget Filing Data'!Q14 -> 264.57727 | AD20: ='Budget Filing Data'!R14 -> 93906.665 | AE20: ='Budget Filing Data'!AE14 -> 780.93985 | AF20: ='Budget Filing Data'!AF14 -> 498.64439 | AG20: ='Budget Filing Data'!$S14 -> 28279044 | AH20: ='Budget Filing Data'!T14 -> 1093100.6 | AI20: ='Budget Filing Data'!$U14 -> 7271.9132 | AJ20: ='Budget Filing Data'!$V14 -> 5804.3643 | AK20: 0 | AL20: 0
C21: ='Budget Filing Data'!D15 -> PGE_Com_007 | D21: ='Budget Filing Data'!E15 -> Commercial Behavioral Program | G21: ='Budget Filing Data'!J15 -> Third-Party Solicited | H21: ='Budget Filing Data'!H15 -> Local | I21: No | J21: ='Budget Filing Data'!G15 -> Commercial | K21: ='Budget Filing Data'!I15 -> Other | L21: ='Budget Filing Data'!K15 -> Resource | M21: ='Budget Filing Data'!B15 -> 2028 | N21: =SUM(O21:R21,U21) -> 229600.33 | O21: ='Budget Filing Data'!AG15 -> 5269.5152 | P21: ='Budget Filing Data'!AH15 -> 47240.181 | Q21: ='Budget Filing Data'!AI15 -> 177090.64 | R21: ='Budget Filing Data'!AJ15 -> 0 | S21: ='Budget Filing Data'!AK15 -> 0 | T21: ='Budget Filing Data'!AL15 -> 0 | U21: ='Budget Filing Data'!AM15 -> 0 | V21: ='Budget Filing Data'!W15 -> 0 | W21: =IF('Budget Filing Data'!Z15<>0,('Budget Filing Data'!AB15+'Budget Filing Data'!AC15+'Budget Filing Data'!AR15+'Budget Filing Data'!AD15+'Budget Filing Data'!BK15)/'Budget Filing Data'!Z15,0) -> 0 | X21: =IF('Budget Filing Data'!AA15<>0,('Budget Filing Data'!AB15+'Budget Filing Data'!AC15+'Budget Filing Data'!AR15+'Budget Filing Data'!AD15)/'Budget Filing Data'!AA15,0) -> 0 | Y21: =IF('Budget Filing Data'!BL15<>0,('Budget Filing Data'!AB15+'Budget Filing Data'!AC15+'Budget Filing Data'!AR15+'Budget Filing Data'!AD15+'Budget Filing Data'!AP15+'Budget Filing Data'!AQ15)/('Budget Filing Data'!BL15),0) -> 0 | Z21: =IF('Budget Filing Data'!BC15<>0,('Budget Filing Data'!BD15+'Budget Filing Data'!BE15+'Budget Filing Data'!BF15+'Budget Filing Data'!AD15)/'Budget Filing Data'!BC15,0) -> 0 | AA21: =IF('Budget Filing Data'!BG15<>0,('Budget Filing Data'!BH15+'Budget Filing Data'!BI15+'Budget Filing Data'!BJ15+'Budget Filing Data'!AD15)/'Budget Filing Data'!BG15,0) -> 0 | AB21: ='Budget Filing Data'!P15 -> 0 | AC21: ='Budget Filing Data'!Q15 -> 0 | AD21: ='Budget Filing Data'!R15 -> 0 | AE21: ='Budget Filing Data'!AE15 -> 0 | AF21: ='Budget Filing Data'!AF15 -> 0 | AG21: ='Budget Filing Data'!$S15 -> 0 | AH21: ='Budget Filing Data'!T15 -> 0 | AI21: ='Budget Filing Data'!$U15 -> 0 | AJ21: ='Budget Filing Data'!$V15 -> 0 | AK21: 0 | AL21: 0
C22: ='Budget Filing Data'!D16 -> PGE_Com_009 | D22: ='Budget Filing Data'!E16 -> Strategic Energy Management - Commercial | E22: Programs with enhanced budgets (>40% budget increase) | F22: The program is steadily ramping up, its first year of operation having been 2025. Budget growth is consistent with this trajectory of program activity. Forecasting customer participation to increase annually, ~18 participants per year. | G22: ='Budget Filing Data'!J16 -> Third-Party Solicited | H22: ='Budget Filing Data'!H16 -> Local | I22: No | J22: ='Budget Filing Data'!G16 -> Commercial | K22: ='Budget Filing Data'!I16 -> Other | L22: ='Budget Filing Data'!K16 -> Resource | M22: ='Budget Filing Data'!B16 -> 2028 | N22: =SUM(O22:R22,U22) -> 3065036.7 | O22: ='Budget Filing Data'!AG16 -> 71067.642 | P22: ='Budget Filing Data'!AH16 -> 45815 | Q22: ='Budget Filing Data'!AI16 -> 2461540.2 | R22: ='Budget Filing Data'!AJ16 -> 0 | S22: ='Budget Filing Data'!AK16 -> 0 | T22: ='Budget Filing Data'!AL16 -> 0 | U22: ='Budget Filing Data'!AM16 -> 486613.89 | V22: ='Budget Filing Data'!W16 -> 4230218.8 | W22: =IF('Budget Filing Data'!Z16<>0,('Budget Filing Data'!AB16+'Budget Filing Data'!AC16+'Budget Filing Data'!AR16+'Budget Filing Data'!AD16+'Budget Filing Data'!BK16)/'Budget Filing Data'!Z16,0) -> 1.5071255 | X22: =IF('Budget Filing Data'!AA16<>0,('Budget Filing Data'!AB16+'Budget Filing Data'!AC16+'Budget Filing Data'!AR16+'Budget Filing Data'!AD16)/'Budget Filing Data'!AA16,0) -> 1.3923812 | Y22: =IF('Budget Filing Data'!BL16<>0,('Budget Filing Data'!AB16+'Budget Filing Data'!AC16+'Budget Filing Data'!AR16+'Budget Filing Data'!AD16+'Budget Filing Data'!AP16+'Budget Filing Data'!AQ16)/('Budget Filing Data'!BL16),0) -> 0.25380494 | Z22: =IF('Budget Filing Data'!BC16<>0,('Budget Filing Data'!BD16+'Budget Filing Data'!BE16+'Budget Filing Data'!BF16+'Budget Filing Data'!AD16)/'Budget Filing Data'!BC16,0) -> 1.974974 | AA22: =IF('Budget Filing Data'!BG16<>0,('Budget Filing Data'!BH16+'Budget Filing Data'!BI16+'Budget Filing Data'!BJ16+'Budget Filing Data'!AD16)/'Budget Filing Data'!BG16,0) -> 2.0267188 | AB22: ='Budget Filing Data'!P16 -> 6280721.8 | AC22: ='Budget Filing Data'!Q16 -> 0 | AD22: ='Budget Filing Data'!R16 -> 150188.59 | AE22: ='Budget Filing Data'!AE16 -> 1867.5789 | AF22: ='Budget Filing Data'!AF16 -> 797.5014 | AG22: ='Budget Filing Data'!$S16 -> 31403609 | AH22: ='Budget Filing Data'!T16 -> 750942.94 | AI22: ='Budget Filing Data'!$U16 -> 20738.629 | AJ22: ='Budget Filing Data'!$V16 -> 3987.507 | AK22: 0 | AL22: 0
C23: ='Budget Filing Data'!D17 -> PGE_Com_010 | D23: ='Budget Filing Data'!E17 -> Targeted Load Management Placeholder | E23: Programs that are new in 2028 or beyond | F23: See Chapter 6, Section B | G23: ='Budget Filing Data'!J17 -> IOU Core | H23: ='Budget Filing Data'!H17 -> Local | I23: Yes | J23: ='Budget Filing Data'!G17 -> Commercial | K23: ='Budget Filing Data'!I17 -> Market Transformation | L23: ='Budget Filing Data'!K17 -> Market Support | M23: ='Budget Filing Data'!B17 -> 2028 | N23: =SUM(O23:R23,U23) -> 2614848.4 | O23: ='Budget Filing Data'!AG17 -> 261484.84 | P23: ='Budget Filing Data'!AH17 -> 250000 | Q23: ='Budget Filing Data'!AI17 -> 2103363.6 | R23: ='Budget Filing Data'!AJ17 -> 0 | S23: ='Budget Filing Data'!AK17 -> 0 | T23: ='Budget Filing Data'!AL17 -> 0 | U23: ='Budget Filing Data'!AM17 -> 0 | V23: ='Budget Filing Data'!W17 -> 0 | W23: =IF('Budget Filing Data'!Z17<>0,('Budget Filing Data'!AB17+'Budget Filing Data'!AC17+'Budget Filing Data'!AR17+'Budget Filing Data'!AD17+'Budget Filing Data'!BK17)/'Budget Filing Data'!Z17,0) -> 0 | X23: =IF('Budget Filing Data'!AA17<>0,('Budget Filing Data'!AB17+'Budget Filing Data'!AC17+'Budget Filing Data'!AR17+'Budget Filing Data'!AD17)/'Budget Filing Data'!AA17,0) -> 0 | Y23: =IF('Budget Filing Data'!BL17<>0,('Budget Filing Data'!AB17+'Budget Filing Data'!AC17+'Budget Filing Data'!AR17+'Budget Filing Data'!AD17+'Budget Filing Data'!AP17+'Budget Filing Data'!AQ17)/('Budget Filing Data'!BL17),0) -> 0 | Z23: =IF('Budget Filing Data'!BC17<>0,('Budget Filing Data'!BD17+'Budget Filing Data'!BE17+'Budget Filing Data'!BF17+'Budget Filing Data'!AD17)/'Budget Filing Data'!BC17,0) -> 0 | AA23: =IF('Budget Filing Data'!BG17<>0,('Budget Filing Data'!BH17+'Budget Filing Data'!BI17+'Budget Filing Data'!BJ17+'Budget Filing Data'!AD17)/'Budget Filing Data'!BG17,0) -> 0 | AB23: ='Budget Filing Data'!P17 -> 0 | AC23: ='Budget Filing Data'!Q17 -> 0 | AD23: ='Budget Filing Data'!R17 -> 0 | AE23: ='Budget Filing Data'!AE17 -> 0 | AF23: ='Budget Filing Data'!AF17 -> 0 | AG23: ='Budget Filing Data'!$S17 -> 0 | AH23: ='Budget Filing Data'!T17 -> 0 | AI23: ='Budget Filing Data'!$U17 -> 0 | AJ23: ='Budget Filing Data'!$V17 -> 0 | AK23: 0 | AL23: 0
C24: ='Budget Filing Data'!D18 -> PGE_Com_SmallBiz | D24: ='Budget Filing Data'!E18 -> Micro and Small Business Program | G24: ='Budget Filing Data'!J18 -> Third-Party Solicited | H24: ='Budget Filing Data'!H18 -> Local | I24: No | J24: ='Budget Filing Data'!G18 -> Commercial | K24: ='Budget Filing Data'!I18 -> Other | L24: ='Budget Filing Data'!K18 -> Equity | M24: ='Budget Filing Data'!B18 -> 2028 | N24: =SUM(O24:R24,U24) -> 3231386.9 | O24: ='Budget Filing Data'!AG18 -> 50024.158 | P24: ='Budget Filing Data'!AH18 -> 121145.33 | Q24: ='Budget Filing Data'!AI18 -> 1080217.4 | R24: ='Budget Filing Data'!AJ18 -> 0 | S24: ='Budget Filing Data'!AK18 -> 0 | T24: ='Budget Filing Data'!AL18 -> 0 | U24: ='Budget Filing Data'!AM18 -> 1980000 | V24: ='Budget Filing Data'!W18 -> 0 | W24: =IF('Budget Filing Data'!Z18<>0,('Budget Filing Data'!AB18+'Budget Filing Data'!AC18+'Budget Filing Data'!AR18+'Budget Filing Data'!AD18+'Budget Filing Data'!BK18)/'Budget Filing Data'!Z18,0) -> 0 | X24: =IF('Budget Filing Data'!AA18<>0,('Budget Filing Data'!AB18+'Budget Filing Data'!AC18+'Budget Filing Data'!AR18+'Budget Filing Data'!AD18)/'Budget Filing Data'!AA18,0) -> 0 | Y24: =IF('Budget Filing Data'!BL18<>0,('Budget Filing Data'!AB18+'Budget Filing Data'!AC18+'Budget Filing Data'!AR18+'Budget Filing Data'!AD18+'Budget Filing Data'!AP18+'Budget Filing Data'!AQ18)/('Budget Filing Data'!BL18),0) -> 0 | Z24: =IF('Budget Filing Data'!BC18<>0,('Budget Filing Data'!BD18+'Budget Filing Data'!BE18+'Budget Filing Data'!BF18+'Budget Filing Data'!AD18)/'Budget Filing Data'!BC18,0) -> 0 | AA24: =IF('Budget Filing Data'!BG18<>0,('Budget Filing Data'!BH18+'Budget Filing Data'!BI18+'Budget Filing Data'!BJ18+'Budget Filing Data'!AD18)/'Budget Filing Data'!BG18,0) -> 0 | AB24: ='Budget Filing Data'!P18 -> 0 | AC24: ='Budget Filing Data'!Q18 -> 0 | AD24: ='Budget Filing Data'!R18 -> 0 | AE24: ='Budget Filing Data'!AE18 -> 0 | AF24: ='Budget Filing Data'!AF18 -> 0 | AG24: ='Budget Filing Data'!$S18 -> 0 | AH24: ='Budget Filing Data'!T18 -> 0 | AI24: ='Budget Filing Data'!$U18 -> 0 | AJ24: ='Budget Filing Data'!$V18 -> 0 | AK24: 0 | AL24: 0
C25: ='Budget Filing Data'!D19 -> PGE_CS_Decarb | D25: ='Budget Filing Data'!E19 -> C&S Decarbonization Support Placeholder | G25: ='Budget Filing Data'!J19 -> IOU Core | H25: ='Budget Filing Data'!H19 -> Local | I25: Yes | J25: ='Budget Filing Data'!G19 -> Cross-Cutting | K25: ='Budget Filing Data'!I19 -> Codes and Standards | L25: ='Budget Filing Data'!K19 -> C&S | M25: ='Budget Filing Data'!B19 -> 2028 | N25: =SUM(O25:R25,U25) -> 1290985.1 | O25: ='Budget Filing Data'!AG19 -> 16598.512 | P25: ='Budget Filing Data'!AH19 -> 0 | Q25: ='Budget Filing Data'!AI19 -> 1274386.6 | R25: ='Budget Filing Data'!AJ19 -> 0 | S25: ='Budget Filing Data'!AK19 -> 0 | T25: ='Budget Filing Data'!AL19 -> 0 | U25: ='Budget Filing Data'!AM19 -> 0 | V25: ='Budget Filing Data'!W19 -> 0 | W25: =IF('Budget Filing Data'!Z19<>0,('Budget Filing Data'!AB19+'Budget Filing Data'!AC19+'Budget Filing Data'!AR19+'Budget Filing Data'!AD19+'Budget Filing Data'!BK19)/'Budget Filing Data'!Z19,0) -> 0 | X25: =IF('Budget Filing Data'!AA19<>0,('Budget Filing Data'!AB19+'Budget Filing Data'!AC19+'Budget Filing Data'!AR19+'Budget Filing Data'!AD19)/'Budget Filing Data'!AA19,0) -> 0 | Y25: =IF('Budget Filing Data'!BL19<>0,('Budget Filing Data'!AB19+'Budget Filing Data'!AC19+'Budget Filing Data'!AR19+'Budget Filing Data'!AD19+'Budget Filing Data'!AP19+'Budget Filing Data'!AQ19)/('Budget Filing Data'!BL19),0) -> 0 | Z25: =IF('Budget Filing Data'!BC19<>0,('Budget Filing Data'!BD19+'Budget Filing Data'!BE19+'Budget Filing Data'!BF19+'Budget Filing Data'!AD19)/'Budget Filing Data'!BC19,0) -> 0 | AA25: =IF('Budget Filing Data'!BG19<>0,('Budget Filing Data'!BH19+'Budget Filing Data'!BI19+'Budget Filing Data'!BJ19+'Budget Filing Data'!AD19)/'Budget Filing Data'!BG19,0) -> 0 | AB25: ='Budget Filing Data'!P19 -> 0 | AC25: ='Budget Filing Data'!Q19 -> 0 | AD25: ='Budget Filing Data'!R19 -> 0 | AE25: ='Budget Filing Data'!AE19 -> 0 | AF25: ='Budget Filing Data'!AF19 -> 0 | AG25: ='Budget Filing Data'!$S19 -> 0 | AH25: ='Budget Filing Data'!T19 -> 0 | AI25: ='Budget Filing Data'!$U19 -> 0 | AJ25: ='Budget Filing Data'!$V19 -> 0 | AK25: 0 | AL25: 0
C26: ='Budget Filing Data'!D20 -> PGE_CS_PortfolioSupport | D26: ='Budget Filing Data'!E20 -> Codes & Standards Portfolio Support PA Costs | G26: ='Budget Filing Data'!J20 -> Non-Program | H26: ='Budget Filing Data'!H20 -> PA Costs | I26: No | J26: ='Budget Filing Data'!G20 -> Portfolio Support | K26: ='Budget Filing Data'!I20 -> Other | L26: ='Budget Filing Data'!K20 -> C&S | M26: ='Budget Filing Data'!B20 -> 2028 | N26: =SUM(O26:R26,U26) -> 3273799.1 | O26: ='Budget Filing Data'!AG20 -> 2003143.3 | P26: ='Budget Filing Data'!AH20 -> 771317.99 | Q26: ='Budget Filing Data'!AI20 -> 499337.79 | R26: ='Budget Filing Data'!AJ20 -> 0 | S26: ='Budget Filing Data'!AK20 -> 0 | T26: ='Budget Filing Data'!AL20 -> 0 | U26: ='Budget Filing Data'!AM20 -> 0 | V26: ='Budget Filing Data'!W20 -> 0 | W26: =IF('Budget Filing Data'!Z20<>0,('Budget Filing Data'!AB20+'Budget Filing Data'!AC20+'Budget Filing Data'!AR20+'Budget Filing Data'!AD20+'Budget Filing Data'!BK20)/'Budget Filing Data'!Z20,0) -> 0 | X26: =IF('Budget Filing Data'!AA20<>0,('Budget Filing Data'!AB20+'Budget Filing Data'!AC20+'Budget Filing Data'!AR20+'Budget Filing Data'!AD20)/'Budget Filing Data'!AA20,0) -> 0 | Y26: =IF('Budget Filing Data'!BL20<>0,('Budget Filing Data'!AB20+'Budget Filing Data'!AC20+'Budget Filing Data'!AR20+'Budget Filing Data'!AD20+'Budget Filing Data'!AP20+'Budget Filing Data'!AQ20)/('Budget Filing Data'!BL20),0) -> 0 | Z26: =IF('Budget Filing Data'!BC20<>0,('Budget Filing Data'!BD20+'Budget Filing Data'!BE20+'Budget Filing Data'!BF20+'Budget Filing Data'!AD20)/'Budget Filing Data'!BC20,0) -> 0 | AA26: =IF('Budget Filing Data'!BG20<>0,('Budget Filing Data'!BH20+'Budget Filing Data'!BI20+'Budget Filing Data'!BJ20+'Budget Filing Data'!AD20)/'Budget Filing Data'!BG20,0) -> 0 | AB26: ='Budget Filing Data'!P20 -> 0 | AC26: ='Budget Filing Data'!Q20 -> 0 | AD26: ='Budget Filing Data'!R20 -> 0 | AE26: ='Budget Filing Data'!AE20 -> 0 | AF26: ='Budget Filing Data'!AF20 -> 0 | AG26: ='Budget Filing Data'!$S20 -> 0 | AH26: ='Budget Filing Data'!T20 -> 0 | AI26: ='Budget Filing Data'!$U20 -> 0 | AJ26: ='Budget Filing Data'!$V20 -> 0 | AK26: 0 | AL26: 0
C27: ='Budget Filing Data'!D21 -> PGE_EMV_001 | D27: ='Budget Filing Data'!E21 -> PGE EM&V | G27: ='Budget Filing Data'!J21 -> Non-Program | H27: ='Budget Filing Data'!H21 -> EM&V | I27: No | J27: ='Budget Filing Data'!G21 -> Cross-Cutting | K27: ='Budget Filing Data'!I21 -> Evaluation Measurement and Verification | L27: ='Budget Filing Data'!K21 -> EM&V | M27: ='Budget Filing Data'!B21 -> 2028 | N27: =SUM(O27:R27,U27) -> 2489051.7 | O27: ='Budget Filing Data'!AG21 -> 0 | P27: ='Budget Filing Data'!AH21 -> 0 | Q27: ='Budget Filing Data'!AI21 -> 0 | R27: ='Budget Filing Data'!AJ21 -> 2489051.7 | S27: ='Budget Filing Data'!AK21 -> 0 | T27: ='Budget Filing Data'!AL21 -> 0 | U27: ='Budget Filing Data'!AM21 -> 0 | V27: ='Budget Filing Data'!W21 -> 0 | W27: =IF('Budget Filing Data'!Z21<>0,('Budget Filing Data'!AB21+'Budget Filing Data'!AC21+'Budget Filing Data'!AR21+'Budget Filing Data'!AD21+'Budget Filing Data'!BK21)/'Budget Filing Data'!Z21,0) -> 0 | X27: =IF('Budget Filing Data'!AA21<>0,('Budget Filing Data'!AB21+'Budget Filing Data'!AC21+'Budget Filing Data'!AR21+'Budget Filing Data'!AD21)/'Budget Filing Data'!AA21,0) -> 0 | Y27: =IF('Budget Filing Data'!BL21<>0,('Budget Filing Data'!AB21+'Budget Filing Data'!AC21+'Budget Filing Data'!AR21+'Budget Filing Data'!AD21+'Budget Filing Data'!AP21+'Budget Filing Data'!AQ21)/('Budget Filing Data'!BL21),0) -> 0 | Z27: =IF('Budget Filing Data'!BC21<>0,('Budget Filing Data'!BD21+'Budget Filing Data'!BE21+'Budget Filing Data'!BF21+'Budget Filing Data'!AD21)/'Budget Filing Data'!BC21,0) -> 0 | AA27: =IF('Budget Filing Data'!BG21<>0,('Budget Filing Data'!BH21+'Budget Filing Data'!BI21+'Budget Filing Data'!BJ21+'Budget Filing Data'!AD21)/'Budget Filing Data'!BG21,0) -> 0 | AB27: ='Budget Filing Data'!P21 -> 0 | AC27: ='Budget Filing Data'!Q21 -> 0 | AD27: ='Budget Filing Data'!R21 -> 0 | AE27: ='Budget Filing Data'!AE21 -> 0 | AF27: ='Budget Filing Data'!AF21 -> 0 | AG27: ='Budget Filing Data'!$S21 -> 0 | AH27: ='Budget Filing Data'!T21 -> 0 | AI27: ='Budget Filing Data'!$U21 -> 0 | AJ27: ='Budget Filing Data'!$V21 -> 0 | AK27: 0 | AL27: 0
C28: ='Budget Filing Data'!D22 -> PGE_EMV_002 | D28: ='Budget Filing Data'!E22 -> CPUC EM&V | G28: ='Budget Filing Data'!J22 -> Non-Program | H28: ='Budget Filing Data'!H22 -> EM&V | I28: No | J28: ='Budget Filing Data'!G22 -> Cross-Cutting | K28: ='Budget Filing Data'!I22 -> Evaluation Measurement and Verification | L28: ='Budget Filing Data'!K22 -> EM&V | M28: ='Budget Filing Data'!B22 -> 2028 | N28: =SUM(O28:R28,U28) -> 6562045.5 | O28: ='Budget Filing Data'!AG22 -> 0 | P28: ='Budget Filing Data'!AH22 -> 0 | Q28: ='Budget Filing Data'!AI22 -> 0 | R28: ='Budget Filing Data'!AJ22 -> 6562045.5 | S28: ='Budget Filing Data'!AK22 -> 0 | T28: ='Budget Filing Data'!AL22 -> 0 | U28: ='Budget Filing Data'!AM22 -> 0 | V28: ='Budget Filing Data'!W22 -> 0 | W28: =IF('Budget Filing Data'!Z22<>0,('Budget Filing Data'!AB22+'Budget Filing Data'!AC22+'Budget Filing Data'!AR22+'Budget Filing Data'!AD22+'Budget Filing Data'!BK22)/'Budget Filing Data'!Z22,0) -> 0 | X28: =IF('Budget Filing Data'!AA22<>0,('Budget Filing Data'!AB22+'Budget Filing Data'!AC22+'Budget Filing Data'!AR22+'Budget Filing Data'!AD22)/'Budget Filing Data'!AA22,0) -> 0 | Y28: =IF('Budget Filing Data'!BL22<>0,('Budget Filing Data'!AB22+'Budget Filing Data'!AC22+'Budget Filing Data'!AR22+'Budget Filing Data'!AD22+'Budget Filing Data'!AP22+'Budget Filing Data'!AQ22)/('Budget Filing Data'!BL22),0) -> 0 | Z28: =IF('Budget Filing Data'!BC22<>0,('Budget Filing Data'!BD22+'Budget Filing Data'!BE22+'Budget Filing Data'!BF22+'Budget Filing Data'!AD22)/'Budget Filing Data'!BC22,0) -> 0 | AA28: =IF('Budget Filing Data'!BG22<>0,('Budget Filing Data'!BH22+'Budget Filing Data'!BI22+'Budget Filing Data'!BJ22+'Budget Filing Data'!AD22)/'Budget Filing Data'!BG22,0) -> 0 | AB28: ='Budget Filing Data'!P22 -> 0 | AC28: ='Budget Filing Data'!Q22 -> 0 | AD28: ='Budget Filing Data'!R22 -> 0 | AE28: ='Budget Filing Data'!AE22 -> 0 | AF28: ='Budget Filing Data'!AF22 -> 0 | AG28: ='Budget Filing Data'!$S22 -> 0 | AH28: ='Budget Filing Data'!T22 -> 0 | AI28: ='Budget Filing Data'!$U22 -> 0 | AJ28: ='Budget Filing Data'!$V22 -> 0 | AK28: 0 | AL28: 0
C29: ='Budget Filing Data'!D23 -> PGE_Equity_PortfolioSupport | D29: ='Budget Filing Data'!E23 -> Equity Portfolio Support PA Costs | G29: ='Budget Filing Data'!J23 -> Non-Program | H29: ='Budget Filing Data'!H23 -> PA Costs | I29: No | J29: ='Budget Filing Data'!G23 -> Portfolio Support | K29: ='Budget Filing Data'!I23 -> Other | L29: ='Budget Filing Data'!K23 -> Equity | M29: ='Budget Filing Data'!B23 -> 2028 | N29: =SUM(O29:R29,U29) -> 1566390.1 | O29: ='Budget Filing Data'!AG23 -> 958428.95 | P29: ='Budget Filing Data'!AH23 -> 369046.73 | Q29: ='Budget Filing Data'!AI23 -> 238914.4 | R29: ='Budget Filing Data'!AJ23 -> 0 | S29: ='Budget Filing Data'!AK23 -> 0 | T29: ='Budget Filing Data'!AL23 -> 0 | U29: ='Budget Filing Data'!AM23 -> 0 | V29: ='Budget Filing Data'!W23 -> 0 | W29: =IF('Budget Filing Data'!Z23<>0,('Budget Filing Data'!AB23+'Budget Filing Data'!AC23+'Budget Filing Data'!AR23+'Budget Filing Data'!AD23+'Budget Filing Data'!BK23)/'Budget Filing Data'!Z23,0) -> 0 | X29: =IF('Budget Filing Data'!AA23<>0,('Budget Filing Data'!AB23+'Budget Filing Data'!AC23+'Budget Filing Data'!AR23+'Budget Filing Data'!AD23)/'Budget Filing Data'!AA23,0) -> 0 | Y29: =IF('Budget Filing Data'!BL23<>0,('Budget Filing Data'!AB23+'Budget Filing Data'!AC23+'Budget Filing Data'!AR23+'Budget Filing Data'!AD23+'Budget Filing Data'!AP23+'Budget Filing Data'!AQ23)/('Budget Filing Data'!BL23),0) -> 0 | Z29: =IF('Budget Filing Data'!BC23<>0,('Budget Filing Data'!BD23+'Budget Filing Data'!BE23+'Budget Filing Data'!BF23+'Budget Filing Data'!AD23)/'Budget Filing Data'!BC23,0) -> 0 | AA29: =IF('Budget Filing Data'!BG23<>0,('Budget Filing Data'!BH23+'Budget Filing Data'!BI23+'Budget Filing Data'!BJ23+'Budget Filing Data'!AD23)/'Budget Filing Data'!BG23,0) -> 0 | AB29: ='Budget Filing Data'!P23 -> 0 | AC29: ='Budget Filing Data'!Q23 -> 0 | AD29: ='Budget Filing Data'!R23 -> 0 | AE29: ='Budget Filing Data'!AE23 -> 0 | AF29: ='Budget Filing Data'!AF23 -> 0 | AG29: ='Budget Filing Data'!$S23 -> 0 | AH29: ='Budget Filing Data'!T23 -> 0 | AI29: ='Budget Filing Data'!$U23 -> 0 | AJ29: ='Budget Filing Data'!$V23 -> 0 | AK29: 0 | AL29: 0
C30: ='Budget Filing Data'!D24 -> PGE_Ind_001a | D30: ='Budget Filing Data'!E24 -> Industrial Strategic Energy Management - Food Processing | G30: ='Budget Filing Data'!J24 -> Third-Party Solicited | H30: ='Budget Filing Data'!H24 -> Local | I30: No | J30: ='Budget Filing Data'!G24 -> Industrial | K30: ='Budget Filing Data'!I24 -> Other | L30: ='Budget Filing Data'!K24 -> Resource | M30: ='Budget Filing Data'!B24 -> 2028 | N30: =SUM(O30:R30,U30) -> 5044208.9 | O30: ='Budget Filing Data'!AG24 -> 428052.64 | P30: ='Budget Filing Data'!AH24 -> 271654.68 | Q30: ='Budget Filing Data'!AI24 -> 3240185 | R30: ='Budget Filing Data'!AJ24 -> 0 | S30: ='Budget Filing Data'!AK24 -> 0 | T30: ='Budget Filing Data'!AL24 -> 0 | U30: ='Budget Filing Data'!AM24 -> 1104316.6 | V30: ='Budget Filing Data'!W24 -> 27448337 | W30: =IF('Budget Filing Data'!Z24<>0,('Budget Filing Data'!AB24+'Budget Filing Data'!AC24+'Budget Filing Data'!AR24+'Budget Filing Data'!AD24+'Budget Filing Data'!BK24)/'Budget Filing Data'!Z24,0) -> 3.774645 | X30: =IF('Budget Filing Data'!AA24<>0,('Budget Filing Data'!AB24+'Budget Filing Data'!AC24+'Budget Filing Data'!AR24+'Budget Filing Data'!AD24)/'Budget Filing Data'!AA24,0) -> 5.5082627 | Y30: =IF('Budget Filing Data'!BL24<>0,('Budget Filing Data'!AB24+'Budget Filing Data'!AC24+'Budget Filing Data'!AR24+'Budget Filing Data'!AD24+'Budget Filing Data'!AP24+'Budget Filing Data'!AQ24)/('Budget Filing Data'!BL24),0) -> 0.66756071 | Z30: =IF('Budget Filing Data'!BC24<>0,('Budget Filing Data'!BD24+'Budget Filing Data'!BE24+'Budget Filing Data'!BF24+'Budget Filing Data'!AD24)/'Budget Filing Data'!BC24,0) -> 5.0922204 | AA30: =IF('Budget Filing Data'!BG24<>0,('Budget Filing Data'!BH24+'Budget Filing Data'!BI24+'Budget Filing Data'!BJ24+'Budget Filing Data'!AD24)/'Budget Filing Data'!BG24,0) -> 5.1670341 | AB30: ='Budget Filing Data'!P24 -> 19000000 | AC30: ='Budget Filing Data'!Q24 -> 2168.85 | AD30: ='Budget Filing Data'!R24 -> 1920503.9 | AE30: ='Budget Filing Data'!AE24 -> 5849.9708 | AF30: ='Budget Filing Data'!AF24 -> 10197.875 | AG30: ='Budget Filing Data'!$S24 -> 95000000 | AH30: ='Budget Filing Data'!T24 -> 9602519.2 | AI30: ='Budget Filing Data'!$U24 -> 66146.545 | AJ30: ='Budget Filing Data'!$V24 -> 50989.377 | AK30: 0 | AL30: 0
C31: ='Budget Filing Data'!D25 -> PGE_Ind_001b | D31: ='Budget Filing Data'!E25 -> Industrial Strategic Energy Management - Manufacturing | G31: ='Budget Filing Data'!J25 -> Third-Party Solicited | H31: ='Budget Filing Data'!H25 -> Local | I31: No | J31: ='Budget Filing Data'!G25 -> Industrial | K31: ='Budget Filing Data'!I25 -> Other | L31: ='Budget Filing Data'!K25 -> Resource | M31: ='Budget Filing Data'!B25 -> 2028 | N31: =SUM(O31:R31,U31) -> 9765363.9 | O31: ='Budget Filing Data'!AG25 -> 3123457.6 | P31: ='Budget Filing Data'!AH25 -> 27380.785 | Q31: ='Budget Filing Data'!AI25 -> 2444152.5 | R31: ='Budget Filing Data'!AJ25 -> 0 | S31: ='Budget Filing Data'!AK25 -> 0 | T31: ='Budget Filing Data'!AL25 -> 0 | U31: ='Budget Filing Data'!AM25 -> 4170373 | V31: ='Budget Filing Data'!W25 -> 43161007 | W31: =IF('Budget Filing Data'!Z25<>0,('Budget Filing Data'!AB25+'Budget Filing Data'!AC25+'Budget Filing Data'!AR25+'Budget Filing Data'!AD25+'Budget Filing Data'!BK25)/'Budget Filing Data'!Z25,0) -> 4.5267445 | X31: =IF('Budget Filing Data'!AA25<>0,('Budget Filing Data'!AB25+'Budget Filing Data'!AC25+'Budget Filing Data'!AR25+'Budget Filing Data'!AD25)/'Budget Filing Data'!AA25,0) -> 4.5267445 | Y31: =IF('Budget Filing Data'!BL25<>0,('Budget Filing Data'!AB25+'Budget Filing Data'!AC25+'Budget Filing Data'!AR25+'Budget Filing Data'!AD25+'Budget Filing Data'!AP25+'Budget Filing Data'!AQ25)/('Budget Filing Data'!BL25),0) -> 0.59760779 | Z31: =IF('Budget Filing Data'!BC25<>0,('Budget Filing Data'!BD25+'Budget Filing Data'!BE25+'Budget Filing Data'!BF25+'Budget Filing Data'!AD25)/'Budget Filing Data'!BC25,0) -> 6.0527669 | AA31: =IF('Budget Filing Data'!BG25<>0,('Budget Filing Data'!BH25+'Budget Filing Data'!BI25+'Budget Filing Data'!BJ25+'Budget Filing Data'!AD25)/'Budget Filing Data'!BG25,0) -> 6.1569631 | AB31: ='Budget Filing Data'!P25 -> 36731704 | AC31: ='Budget Filing Data'!Q25 -> 5140.45 | AD31: ='Budget Filing Data'!R25 -> 2660712.5 | AE31: ='Budget Filing Data'!AE25 -> 11309.442 | AF31: ='Budget Filing Data'!AF25 -> 14128.383 | AG31: ='Budget Filing Data'!$S25 -> 183658522 | AH31: ='Budget Filing Data'!T25 -> 13303562 | AI31: ='Budget Filing Data'!$U25 -> 127877.65 | AJ31: ='Budget Filing Data'!$V25 -> 70641.917 | AK31: 0 | AL31: 0
C32: ='Budget Filing Data'!D26 -> PGE_Ind_003 | D32: ='Budget Filing Data'!E26 -> Manufacturing and Food Processing Efficiency Program | G32: ='Budget Filing Data'!J26 -> Third-Party Solicited | H32: ='Budget Filing Data'!H26 -> Local | I32: No | J32: ='Budget Filing Data'!G26 -> Industrial | K32: ='Budget Filing Data'!I26 -> Other | L32: ='Budget Filing Data'!K26 -> Resource | M32: ='Budget Filing Data'!B26 -> 2028 | N32: =SUM(O32:R32,U32) -> 3735998.2 | O32: ='Budget Filing Data'!AG26 -> 288714.64 | P32: ='Budget Filing Data'!AH26 -> 141039.48 | Q32: ='Budget Filing Data'!AI26 -> 2663015.6 | R32: ='Budget Filing Data'!AJ26 -> 0 | S32: ='Budget Filing Data'!AK26 -> 0 | T32: ='Budget Filing Data'!AL26 -> 0 | U32: ='Budget Filing Data'!AM26 -> 643228.5 | V32: ='Budget Filing Data'!W26 -> 6299916.6 | W32: =IF('Budget Filing Data'!Z26<>0,('Budget Filing Data'!AB26+'Budget Filing Data'!AC26+'Budget Filing Data'!AR26+'Budget Filing Data'!AD26+'Budget Filing Data'!BK26)/'Budget Filing Data'!Z26,0) -> 1.1541364 | X32: =IF('Budget Filing Data'!AA26<>0,('Budget Filing Data'!AB26+'Budget Filing Data'!AC26+'Budget Filing Data'!AR26+'Budget Filing Data'!AD26)/'Budget Filing Data'!AA26,0) -> 1.6729559 | Y32: =IF('Budget Filing Data'!BL26<>0,('Budget Filing Data'!AB26+'Budget Filing Data'!AC26+'Budget Filing Data'!AR26+'Budget Filing Data'!AD26+'Budget Filing Data'!AP26+'Budget Filing Data'!AQ26)/('Budget Filing Data'!BL26),0) -> 0.64943594 | Z32: =IF('Budget Filing Data'!BC26<>0,('Budget Filing Data'!BD26+'Budget Filing Data'!BE26+'Budget Filing Data'!BF26+'Budget Filing Data'!AD26)/'Budget Filing Data'!BC26,0) -> 1.7458005 | AA32: =IF('Budget Filing Data'!BG26<>0,('Budget Filing Data'!BH26+'Budget Filing Data'!BI26+'Budget Filing Data'!BJ26+'Budget Filing Data'!AD26)/'Budget Filing Data'!BG26,0) -> 1.767153 | AB32: ='Budget Filing Data'!P26 -> 2063280.8 | AC32: ='Budget Filing Data'!Q26 -> 654.316 | AD32: ='Budget Filing Data'!R26 -> 159659.41 | AE32: ='Budget Filing Data'!AE26 -> 722.71759 | AF32: ='Budget Filing Data'!AF26 -> 847.79147 | AG32: ='Budget Filing Data'!$S26 -> 18887287 | AH32: ='Budget Filing Data'!T26 -> 2710576 | AI32: ='Budget Filing Data'!$U26 -> 17807.064 | AJ32: ='Budget Filing Data'!$V26 -> 14393.158 | AK32: 0 | AL32: 0
C33: ='Budget Filing Data'!D27 -> PGE_MS_PortfolioSupport | D33: ='Budget Filing Data'!E27 -> Market Support Portfolio Support PA Costs | E33: Programs with enhanced budgets (>40% budget increase) | F33: Market Support percentage increased | G33: ='Budget Filing Data'!J27 -> Non-Program | H33: ='Budget Filing Data'!H27 -> PA Costs | I33: No | J33: ='Budget Filing Data'!G27 -> Portfolio Support | K33: ='Budget Filing Data'!I27 -> Other | L33: ='Budget Filing Data'!K27 -> Market Support | M33: ='Budget Filing Data'!B27 -> 2028 | N33: =SUM(O33:R33,U33) -> 4655251.2 | O33: ='Budget Filing Data'!AG27 -> 2848414 | P33: ='Budget Filing Data'!AH27 -> 1096792.7 | Q33: ='Budget Filing Data'!AI27 -> 710044.43 | R33: ='Budget Filing Data'!AJ27 -> 0 | S33: ='Budget Filing Data'!AK27 -> 0 | T33: ='Budget Filing Data'!AL27 -> 0 | U33: ='Budget Filing Data'!AM27 -> 0 | V33: ='Budget Filing Data'!W27 -> 0 | W33: =IF('Budget Filing Data'!Z27<>0,('Budget Filing Data'!AB27+'Budget Filing Data'!AC27+'Budget Filing Data'!AR27+'Budget Filing Data'!AD27+'Budget Filing Data'!BK27)/'Budget Filing Data'!Z27,0) -> 0 | X33: =IF('Budget Filing Data'!AA27<>0,('Budget Filing Data'!AB27+'Budget Filing Data'!AC27+'Budget Filing Data'!AR27+'Budget Filing Data'!AD27)/'Budget Filing Data'!AA27,0) -> 0 | Y33: =IF('Budget Filing Data'!BL27<>0,('Budget Filing Data'!AB27+'Budget Filing Data'!AC27+'Budget Filing Data'!AR27+'Budget Filing Data'!AD27+'Budget Filing Data'!AP27+'Budget Filing Data'!AQ27)/('Budget Filing Data'!BL27),0) -> 0 | Z33: =IF('Budget Filing Data'!BC27<>0,('Budget Filing Data'!BD27+'Budget Filing Data'!BE27+'Budget Filing Data'!BF27+'Budget Filing Data'!AD27)/'Budget Filing Data'!BC27,0) -> 0 | AA33: =IF('Budget Filing Data'!BG27<>0,('Budget Filing Data'!BH27+'Budget Filing Data'!BI27+'Budget Filing Data'!BJ27+'Budget Filing Data'!AD27)/'Budget Filing Data'!BG27,0) -> 0 | AB33: ='Budget Filing Data'!P27 -> 0 | AC33: ='Budget Filing Data'!Q27 -> 0 | AD33: ='Budget Filing Data'!R27 -> 0 | AE33: ='Budget Filing Data'!AE27 -> 0 | AF33: ='Budget Filing Data'!AF27 -> 0 | AG33: ='Budget Filing Data'!$S27 -> 0 | AH33: ='Budget Filing Data'!T27 -> 0 | AI33: ='Budget Filing Data'!$U27 -> 0 | AJ33: ='Budget Filing Data'!$V27 -> 0 | AK33: 0 | AL33: 0
C34: ='Budget Filing Data'!D28 -> PGE_OBFAP | D34: ='Budget Filing Data'!E28 -> On-Bill Financing Alternative Pathway | G34: ='Budget Filing Data'!J28 -> IOU Core | H34: ='Budget Filing Data'!H28 -> Local | I34: No | J34: ='Budget Filing Data'!G28 -> Cross-Cutting | K34: ='Budget Filing Data'!I28 -> Financing | L34: ='Budget Filing Data'!K28 -> Market Support | M34: ='Budget Filing Data'!B28 -> 2028 | N34: =SUM(O34:R34,U34) -> 1954151.9 | O34: ='Budget Filing Data'!AG28 -> 94851.273 | P34: ='Budget Filing Data'!AH28 -> 433993.18 | Q34: ='Budget Filing Data'!AI28 -> 1425307.5 | R34: ='Budget Filing Data'!AJ28 -> 0 | S34: ='Budget Filing Data'!AK28 -> 0 | T34: ='Budget Filing Data'!AL28 -> 0 | U34: ='Budget Filing Data'!AM28 -> 0 | V34: ='Budget Filing Data'!W28 -> 15871545 | W34: =IF('Budget Filing Data'!Z28<>0,('Budget Filing Data'!AB28+'Budget Filing Data'!AC28+'Budget Filing Data'!AR28+'Budget Filing Data'!AD28+'Budget Filing Data'!BK28)/'Budget Filing Data'!Z28,0) -> 0.56155264 | X34: =IF('Budget Filing Data'!AA28<>0,('Budget Filing Data'!AB28+'Budget Filing Data'!AC28+'Budget Filing Data'!AR28+'Budget Filing Data'!AD28)/'Budget Filing Data'!AA28,0) -> 3.4741189 | Y34: =IF('Budget Filing Data'!BL28<>0,('Budget Filing Data'!AB28+'Budget Filing Data'!AC28+'Budget Filing Data'!AR28+'Budget Filing Data'!AD28+'Budget Filing Data'!AP28+'Budget Filing Data'!AQ28)/('Budget Filing Data'!BL28),0) -> 0.61564746 | Z34: =IF('Budget Filing Data'!BC28<>0,('Budget Filing Data'!BD28+'Budget Filing Data'!BE28+'Budget Filing Data'!BF28+'Budget Filing Data'!AD28)/'Budget Filing Data'!BC28,0) -> 0.79051375 | AA34: =IF('Budget Filing Data'!BG28<>0,('Budget Filing Data'!BH28+'Budget Filing Data'!BI28+'Budget Filing Data'!BJ28+'Budget Filing Data'!AD28)/'Budget Filing Data'!BG28,0) -> 0.80152395 | AB34: ='Budget Filing Data'!P28 -> 7742912.4 | AC34: ='Budget Filing Data'!Q28 -> 3109.0988 | AD34: ='Budget Filing Data'!R28 -> 394898.33 | AE34: ='Budget Filing Data'!AE28 -> 2434.8827 | AF34: ='Budget Filing Data'!AF28 -> 2096.9101 | AG34: ='Budget Filing Data'!$S28 -> 74297519 | AH34: ='Budget Filing Data'!T28 -> 5553092.6 | AI34: ='Budget Filing Data'!$U28 -> 73693.146 | AJ34: ='Budget Filing Data'!$V28 -> 29486.922 | AK34: -1256.486 | AL34: 6363.1142
C35: ='Budget Filing Data'!D29 -> PGE_Pub_009 | D35: ='Budget Filing Data'!E29 -> Government and K-12 Comprehensive Program | G35: ='Budget Filing Data'!J29 -> Third-Party Solicited | H35: ='Budget Filing Data'!H29 -> Local | I35: No | J35: ='Budget Filing Data'!G29 -> Public | K35: ='Budget Filing Data'!I29 -> Other | L35: ='Budget Filing Data'!K29 -> Resource | M35: ='Budget Filing Data'!B29 -> 2028 | N35: =SUM(O35:R35,U35) -> 7723679.2 | O35: ='Budget Filing Data'!AG29 -> 513217.77 | P35: ='Budget Filing Data'!AH29 -> 421674.25 | Q35: ='Budget Filing Data'!AI29 -> 2872593.8 | R35: ='Budget Filing Data'!AJ29 -> 0 | S35: ='Budget Filing Data'!AK29 -> 0 | T35: ='Budget Filing Data'!AL29 -> 0 | U35: ='Budget Filing Data'!AM29 -> 3916193.4 | V35: ='Budget Filing Data'!W29 -> 8855155.4 | W35: =IF('Budget Filing Data'!Z29<>0,('Budget Filing Data'!AB29+'Budget Filing Data'!AC29+'Budget Filing Data'!AR29+'Budget Filing Data'!AD29+'Budget Filing Data'!BK29)/'Budget Filing Data'!Z29,0) -> 1.1237286 | X35: =IF('Budget Filing Data'!AA29<>0,('Budget Filing Data'!AB29+'Budget Filing Data'!AC29+'Budget Filing Data'!AR29+'Budget Filing Data'!AD29)/'Budget Filing Data'!AA29,0) -> 1.1057588 | Y35: =IF('Budget Filing Data'!BL29<>0,('Budget Filing Data'!AB29+'Budget Filing Data'!AC29+'Budget Filing Data'!AR29+'Budget Filing Data'!AD29+'Budget Filing Data'!AP29+'Budget Filing Data'!AQ29)/('Budget Filing Data'!BL29),0) -> 1.401003 | Z35: =IF('Budget Filing Data'!BC29<>0,('Budget Filing Data'!BD29+'Budget Filing Data'!BE29+'Budget Filing Data'!BF29+'Budget Filing Data'!AD29)/'Budget Filing Data'!BC29,0) -> 1.5736801 | AA35: =IF('Budget Filing Data'!BG29<>0,('Budget Filing Data'!BH29+'Budget Filing Data'!BI29+'Budget Filing Data'!BJ29+'Budget Filing Data'!AD29)/'Budget Filing Data'!BG29,0) -> 1.5774382 | AB35: ='Budget Filing Data'!P29 -> -3608580.6 | AC35: ='Budget Filing Data'!Q29 -> 52.328914 | AD35: ='Budget Filing Data'!R29 -> 605583.7 | AE35: ='Budget Filing Data'!AE29 -> -945.11542 | AF35: ='Budget Filing Data'!AF29 -> 3215.6495 | AG35: ='Budget Filing Data'!$S29 -> -47782345 | AH35: ='Budget Filing Data'!T29 -> 7100339.1 | AI35: ='Budget Filing Data'!$U29 -> -9894.5901 | AJ35: ='Budget Filing Data'!$V29 -> 37702.801 | AK35: 0 | AL35: 0
C36: ='Budget Filing Data'!D30 -> PGE_Pub_011 | D36: ='Budget Filing Data'!E30 -> California Analysis Tool for Locational Energy Assessment (CATALENA) | G36: ='Budget Filing Data'!J30 -> IOU Core | H36: ='Budget Filing Data'!H30 -> Local | I36: Yes | J36: ='Budget Filing Data'!G30 -> Public | K36: ='Budget Filing Data'!I30 -> Other | L36: ='Budget Filing Data'!K30 -> Market Support | M36: ='Budget Filing Data'!B30 -> 2028 | N36: =SUM(O36:R36,U36) -> 81960 | O36: ='Budget Filing Data'!AG30 -> 0 | P36: ='Budget Filing Data'!AH30 -> 0 | Q36: ='Budget Filing Data'!AI30 -> 81960 | R36: ='Budget Filing Data'!AJ30 -> 0 | S36: ='Budget Filing Data'!AK30 -> 0 | T36: ='Budget Filing Data'!AL30 -> 0 | U36: ='Budget Filing Data'!AM30 -> 0 | V36: ='Budget Filing Data'!W30 -> 0 | W36: =IF('Budget Filing Data'!Z30<>0,('Budget Filing Data'!AB30+'Budget Filing Data'!AC30+'Budget Filing Data'!AR30+'Budget Filing Data'!AD30+'Budget Filing Data'!BK30)/'Budget Filing Data'!Z30,0) -> 0 | X36: =IF('Budget Filing Data'!AA30<>0,('Budget Filing Data'!AB30+'Budget Filing Data'!AC30+'Budget Filing Data'!AR30+'Budget Filing Data'!AD30)/'Budget Filing Data'!AA30,0) -> 0 | Y36: =IF('Budget Filing Data'!BL30<>0,('Budget Filing Data'!AB30+'Budget Filing Data'!AC30+'Budget Filing Data'!AR30+'Budget Filing Data'!AD30+'Budget Filing Data'!AP30+'Budget Filing Data'!AQ30)/('Budget Filing Data'!BL30),0) -> 0 | Z36: =IF('Budget Filing Data'!BC30<>0,('Budget Filing Data'!BD30+'Budget Filing Data'!BE30+'Budget Filing Data'!BF30+'Budget Filing Data'!AD30)/'Budget Filing Data'!BC30,0) -> 0 | AA36: =IF('Budget Filing Data'!BG30<>0,('Budget Filing Data'!BH30+'Budget Filing Data'!BI30+'Budget Filing Data'!BJ30+'Budget Filing Data'!AD30)/'Budget Filing Data'!BG30,0) -> 0 | AB36: ='Budget Filing Data'!P30 -> 0 | AC36: ='Budget Filing Data'!Q30 -> 0 | AD36: ='Budget Filing Data'!R30 -> 0 | AE36: ='Budget Filing Data'!AE30 -> 0 | AF36: ='Budget Filing Data'!AF30 -> 0 | AG36: ='Budget Filing Data'!$S30 -> 0 | AH36: ='Budget Filing Data'!T30 -> 0 | AI36: ='Budget Filing Data'!$U30 -> 0 | AJ36: ='Budget Filing Data'!$V30 -> 0 | AK36: 0 | AL36: 0
C37: ='Budget Filing Data'!D31 -> PGE_RA_PortfolioSupport | D37: ='Budget Filing Data'!E31 -> Resource Acquisition Portfolio Support PA Costs | G37: ='Budget Filing Data'!J31 -> Non-Program | H37: ='Budget Filing Data'!H31 -> PA Costs | I37: No | J37: ='Budget Filing Data'!G31 -> Portfolio Support | K37: ='Budget Filing Data'!I31 -> Other | L37: ='Budget Filing Data'!K31 -> Resource | M37: ='Budget Filing Data'!B31 -> 2028 | N37: =SUM(O37:R37,U37) -> 10237118 | O37: ='Budget Filing Data'!AG31 -> 6263797.4 | P37: ='Budget Filing Data'!AH31 -> 2411899.1 | Q37: ='Budget Filing Data'!AI31 -> 1561421.3 | R37: ='Budget Filing Data'!AJ31 -> 0 | S37: ='Budget Filing Data'!AK31 -> 0 | T37: ='Budget Filing Data'!AL31 -> 0 | U37: ='Budget Filing Data'!AM31 -> 0 | V37: ='Budget Filing Data'!W31 -> 0 | W37: =IF('Budget Filing Data'!Z31<>0,('Budget Filing Data'!AB31+'Budget Filing Data'!AC31+'Budget Filing Data'!AR31+'Budget Filing Data'!AD31+'Budget Filing Data'!BK31)/'Budget Filing Data'!Z31,0) -> 0 | X37: =IF('Budget Filing Data'!AA31<>0,('Budget Filing Data'!AB31+'Budget Filing Data'!AC31+'Budget Filing Data'!AR31+'Budget Filing Data'!AD31)/'Budget Filing Data'!AA31,0) -> 0 | Y37: =IF('Budget Filing Data'!BL31<>0,('Budget Filing Data'!AB31+'Budget Filing Data'!AC31+'Budget Filing Data'!AR31+'Budget Filing Data'!AD31+'Budget Filing Data'!AP31+'Budget Filing Data'!AQ31)/('Budget Filing Data'!BL31),0) -> 0 | Z37: =IF('Budget Filing Data'!BC31<>0,('Budget Filing Data'!BD31+'Budget Filing Data'!BE31+'Budget Filing Data'!BF31+'Budget Filing Data'!AD31)/'Budget Filing Data'!BC31,0) -> 0 | AA37: =IF('Budget Filing Data'!BG31<>0,('Budget Filing Data'!BH31+'Budget Filing Data'!BI31+'Budget Filing Data'!BJ31+'Budget Filing Data'!AD31)/'Budget Filing Data'!BG31,0) -> 0 | AB37: ='Budget Filing Data'!P31 -> 0 | AC37: ='Budget Filing Data'!Q31 -> 0 | AD37: ='Budget Filing Data'!R31 -> 0 | AE37: ='Budget Filing Data'!AE31 -> 0 | AF37: ='Budget Filing Data'!AF31 -> 0 | AG37: ='Budget Filing Data'!$S31 -> 0 | AH37: ='Budget Filing Data'!T31 -> 0 | AI37: ='Budget Filing Data'!$U31 -> 0 | AJ37: ='Budget Filing Data'!$V31 -> 0 | AK37: 0 | AL37: 0
C38: ='Budget Filing Data'!D32 -> PGE_Res_001b | D38: ='Budget Filing Data'!E32 -> Virtual Energy Audit Program | G38: ='Budget Filing Data'!J32 -> Third-Party Solicited | H38: ='Budget Filing Data'!H32 -> Local | I38: No | J38: ='Budget Filing Data'!G32 -> Residential | K38: ='Budget Filing Data'!I32 -> Other | L38: ='Budget Filing Data'!K32 -> Resource | M38: ='Budget Filing Data'!B32 -> 2028 | N38: =SUM(O38:R38,U38) -> 3481436.5 | O38: ='Budget Filing Data'!AG32 -> 124785.04 | P38: ='Budget Filing Data'!AH32 -> 660270.41 | Q38: ='Budget Filing Data'!AI32 -> 2696381.1 | R38: ='Budget Filing Data'!AJ32 -> 0 | S38: ='Budget Filing Data'!AK32 -> 0 | T38: ='Budget Filing Data'!AL32 -> 0 | U38: ='Budget Filing Data'!AM32 -> 0 | V38: ='Budget Filing Data'!W32 -> 2278583.4 | W38: =IF('Budget Filing Data'!Z32<>0,('Budget Filing Data'!AB32+'Budget Filing Data'!AC32+'Budget Filing Data'!AR32+'Budget Filing Data'!AD32+'Budget Filing Data'!BK32)/'Budget Filing Data'!Z32,0) -> 0.65449519 | X38: =IF('Budget Filing Data'!AA32<>0,('Budget Filing Data'!AB32+'Budget Filing Data'!AC32+'Budget Filing Data'!AR32+'Budget Filing Data'!AD32)/'Budget Filing Data'!AA32,0) -> 0.65449519 | Y38: =IF('Budget Filing Data'!BL32<>0,('Budget Filing Data'!AB32+'Budget Filing Data'!AC32+'Budget Filing Data'!AR32+'Budget Filing Data'!AD32+'Budget Filing Data'!AP32+'Budget Filing Data'!AQ32)/('Budget Filing Data'!BL32),0) -> 0.29495719 | Z38: =IF('Budget Filing Data'!BC32<>0,('Budget Filing Data'!BD32+'Budget Filing Data'!BE32+'Budget Filing Data'!BF32+'Budget Filing Data'!AD32)/'Budget Filing Data'!BC32,0) -> 0.75476657 | AA38: =IF('Budget Filing Data'!BG32<>0,('Budget Filing Data'!BH32+'Budget Filing Data'!BI32+'Budget Filing Data'!BJ32+'Budget Filing Data'!AD32)/'Budget Filing Data'!BG32,0) -> 0.76009977 | AB38: ='Budget Filing Data'!P32 -> 3826620 | AC38: ='Budget Filing Data'!Q32 -> 1386 | AD38: ='Budget Filing Data'!R32 -> 218160 | AE38: ='Budget Filing Data'!AE32 -> 1119.4998 | AF38: ='Budget Filing Data'!AF32 -> 1158.4296 | AG38: ='Budget Filing Data'!$S32 -> 7653240 | AH38: ='Budget Filing Data'!T32 -> 436320 | AI38: ='Budget Filing Data'!$U32 -> 1939.1676 | AJ38: ='Budget Filing Data'!$V32 -> 2316.8592 | AK38: 0 | AL38: 0
C39: ='Budget Filing Data'!D33 -> PGE_Res_002a | D39: ='Budget Filing Data'!E33 -> Universal Audit Tool Program | G39: ='Budget Filing Data'!J33 -> Third-Party Solicited | H39: ='Budget Filing Data'!H33 -> Local | I39: No | J39: ='Budget Filing Data'!G33 -> Residential | K39: ='Budget Filing Data'!I33 -> Other | L39: ='Budget Filing Data'!K33 -> Resource | M39: ='Budget Filing Data'!B33 -> 2028 | N39: =SUM(O39:R39,U39) -> 2315835.1 | O39: ='Budget Filing Data'!AG33 -> 7904.2728 | P39: ='Budget Filing Data'!AH33 -> 449093.35 | Q39: ='Budget Filing Data'!AI33 -> 1858837.5 | R39: ='Budget Filing Data'!AJ33 -> 0 | S39: ='Budget Filing Data'!AK33 -> 0 | T39: ='Budget Filing Data'!AL33 -> 0 | U39: ='Budget Filing Data'!AM33 -> 0 | V39: ='Budget Filing Data'!W33 -> 2723613.9 | W39: =IF('Budget Filing Data'!Z33<>0,('Budget Filing Data'!AB33+'Budget Filing Data'!AC33+'Budget Filing Data'!AR33+'Budget Filing Data'!AD33+'Budget Filing Data'!BK33)/'Budget Filing Data'!Z33,0) -> 1.1760828 | X39: =IF('Budget Filing Data'!AA33<>0,('Budget Filing Data'!AB33+'Budget Filing Data'!AC33+'Budget Filing Data'!AR33+'Budget Filing Data'!AD33)/'Budget Filing Data'!AA33,0) -> 1.1760828 | Y39: =IF('Budget Filing Data'!BL33<>0,('Budget Filing Data'!AB33+'Budget Filing Data'!AC33+'Budget Filing Data'!AR33+'Budget Filing Data'!AD33+'Budget Filing Data'!AP33+'Budget Filing Data'!AQ33)/('Budget Filing Data'!BL33),0) -> 0.28561486 | Z39: =IF('Budget Filing Data'!BC33<>0,('Budget Filing Data'!BD33+'Budget Filing Data'!BE33+'Budget Filing Data'!BF33+'Budget Filing Data'!AD33)/'Budget Filing Data'!BC33,0) -> 1.3446523 | AA39: =IF('Budget Filing Data'!BG33<>0,('Budget Filing Data'!BH33+'Budget Filing Data'!BI33+'Budget Filing Data'!BJ33+'Budget Filing Data'!AD33)/'Budget Filing Data'!BG33,0) -> 1.3582055 | AB39: ='Budget Filing Data'!P33 -> 14155417 | AC39: ='Budget Filing Data'!Q33 -> 0 | AD39: ='Budget Filing Data'!R33 -> 521938.01 | AE39: ='Budget Filing Data'!AE33 -> 4233.6455 | AF39: ='Budget Filing Data'!AF33 -> 2771.4908 | AG39: ='Budget Filing Data'!$S33 -> 14155417 | AH39: ='Budget Filing Data'!T33 -> 521938.01 | AI39: ='Budget Filing Data'!$U33 -> 4233.6455 | AJ39: ='Budget Filing Data'!$V33 -> 2771.4908 | AK39: 0 | AL39: 0
C40: ='Budget Filing Data'!D34 -> PGE_Res_002d | D40: ='Budget Filing Data'!E34 -> Residential Behavioral Program | G40: ='Budget Filing Data'!J34 -> Third-Party Solicited | H40: ='Budget Filing Data'!H34 -> Local | I40: No | J40: ='Budget Filing Data'!G34 -> Residential | K40: ='Budget Filing Data'!I34 -> Other | L40: ='Budget Filing Data'!K34 -> Resource | M40: ='Budget Filing Data'!B34 -> 2028 | N40: =SUM(O40:R40,U40) -> 21302100 | O40: ='Budget Filing Data'!AG34 -> 39521.364 | P40: ='Budget Filing Data'!AH34 -> 109786.18 | Q40: ='Budget Filing Data'!AI34 -> 21152792 | R40: ='Budget Filing Data'!AJ34 -> 0 | S40: ='Budget Filing Data'!AK34 -> 0 | T40: ='Budget Filing Data'!AL34 -> 0 | U40: ='Budget Filing Data'!AM34 -> 0 | V40: ='Budget Filing Data'!W34 -> 46812860 | W40: =IF('Budget Filing Data'!Z34<>0,('Budget Filing Data'!AB34+'Budget Filing Data'!AC34+'Budget Filing Data'!AR34+'Budget Filing Data'!AD34+'Budget Filing Data'!BK34)/'Budget Filing Data'!Z34,0) -> 2.1975702 | X40: =IF('Budget Filing Data'!AA34<>0,('Budget Filing Data'!AB34+'Budget Filing Data'!AC34+'Budget Filing Data'!AR34+'Budget Filing Data'!AD34)/'Budget Filing Data'!AA34,0) -> 2.1975702 | Y40: =IF('Budget Filing Data'!BL34<>0,('Budget Filing Data'!AB34+'Budget Filing Data'!AC34+'Budget Filing Data'!AR34+'Budget Filing Data'!AD34+'Budget Filing Data'!AP34+'Budget Filing Data'!AQ34)/('Budget Filing Data'!BL34),0) -> 0.31717663 | Z40: =IF('Budget Filing Data'!BC34<>0,('Budget Filing Data'!BD34+'Budget Filing Data'!BE34+'Budget Filing Data'!BF34+'Budget Filing Data'!AD34)/'Budget Filing Data'!BC34,0) -> 2.4912654 | AA40: =IF('Budget Filing Data'!BG34<>0,('Budget Filing Data'!BH34+'Budget Filing Data'!BI34+'Budget Filing Data'!BJ34+'Budget Filing Data'!AD34)/'Budget Filing Data'!BG34,0) -> 2.5161625 | AB40: ='Budget Filing Data'!P34 -> 253000000 | AC40: ='Budget Filing Data'!Q34 -> 54500 | AD40: ='Budget Filing Data'!R34 -> 8350000 | AE40: ='Budget Filing Data'!AE34 -> 76481.151 | AF40: ='Budget Filing Data'!AF34 -> 44338.5 | AG40: ='Budget Filing Data'!$S34 -> 253000000 | AH40: ='Budget Filing Data'!T34 -> 8350000 | AI40: ='Budget Filing Data'!$U34 -> 76481.151 | AJ40: ='Budget Filing Data'!$V34 -> 44338.5 | AK40: 0 | AL40: 0
C41: ='Budget Filing Data'!D35 -> PGE_Res_002e | D41: ='Budget Filing Data'!E35 -> Online Marketplace Program | G41: ='Budget Filing Data'!J35 -> Third/Local Party | H41: ='Budget Filing Data'!H35 -> Local | I41: Yes | J41: ='Budget Filing Data'!G35 -> Residential | K41: ='Budget Filing Data'!I35 -> Other | L41: ='Budget Filing Data'!K35 -> Market Support | M41: ='Budget Filing Data'!B35 -> 2028 | N41: =SUM(O41:R41,U41) -> 982350.83 | O41: ='Budget Filing Data'!AG35 -> 3513.0101 | P41: ='Budget Filing Data'!AH35 -> 681120.73 | Q41: ='Budget Filing Data'!AI35 -> 297717.09 | R41: ='Budget Filing Data'!AJ35 -> 0 | S41: ='Budget Filing Data'!AK35 -> 0 | T41: ='Budget Filing Data'!AL35 -> 0 | U41: ='Budget Filing Data'!AM35 -> 0 | V41: ='Budget Filing Data'!W35 -> 0 | W41: =IF('Budget Filing Data'!Z35<>0,('Budget Filing Data'!AB35+'Budget Filing Data'!AC35+'Budget Filing Data'!AR35+'Budget Filing Data'!AD35+'Budget Filing Data'!BK35)/'Budget Filing Data'!Z35,0) -> 0 | X41: =IF('Budget Filing Data'!AA35<>0,('Budget Filing Data'!AB35+'Budget Filing Data'!AC35+'Budget Filing Data'!AR35+'Budget Filing Data'!AD35)/'Budget Filing Data'!AA35,0) -> 0 | Y41: =IF('Budget Filing Data'!BL35<>0,('Budget Filing Data'!AB35+'Budget Filing Data'!AC35+'Budget Filing Data'!AR35+'Budget Filing Data'!AD35+'Budget Filing Data'!AP35+'Budget Filing Data'!AQ35)/('Budget Filing Data'!BL35),0) -> 0 | Z41: =IF('Budget Filing Data'!BC35<>0,('Budget Filing Data'!BD35+'Budget Filing Data'!BE35+'Budget Filing Data'!BF35+'Budget Filing Data'!AD35)/'Budget Filing Data'!BC35,0) -> 0 | AA41: =IF('Budget Filing Data'!BG35<>0,('Budget Filing Data'!BH35+'Budget Filing Data'!BI35+'Budget Filing Data'!BJ35+'Budget Filing Data'!AD35)/'Budget Filing Data'!BG35,0) -> 0 | AB41: ='Budget Filing Data'!P35 -> 0 | AC41: ='Budget Filing Data'!Q35 -> 0 | AD41: ='Budget Filing Data'!R35 -> 0 | AE41: ='Budget Filing Data'!AE35 -> 0 | AF41: ='Budget Filing Data'!AF35 -> 0 | AG41: ='Budget Filing Data'!$S35 -> 0 | AH41: ='Budget Filing Data'!T35 -> 0 | AI41: ='Budget Filing Data'!$U35 -> 0 | AJ41: ='Budget Filing Data'!$V35 -> 0 | AK41: 0 | AL41: 0
C42: ='Budget Filing Data'!D36 -> PGE_Res_004a | D42: ='Budget Filing Data'!E36 -> Powerful Neighborhood ZE | E42: Programs with enhanced budgets (>40% budget increase) | F42: Expanding pilot to reach more targeted zones. | G42: ='Budget Filing Data'!J36 -> Third-Party Solicited | H42: ='Budget Filing Data'!H36 -> Local | I42: No | J42: ='Budget Filing Data'!G36 -> Residential | K42: ='Budget Filing Data'!I36 -> Other | L42: ='Budget Filing Data'!K36 -> Equity | M42: ='Budget Filing Data'!B36 -> 2028 | N42: =SUM(O42:R42,U42) -> 3749906.7 | O42: ='Budget Filing Data'!AG36 -> 25870.52 | P42: ='Budget Filing Data'!AH36 -> 272486.57 | Q42: ='Budget Filing Data'!AI36 -> 1918858.3 | R42: ='Budget Filing Data'!AJ36 -> 0 | S42: ='Budget Filing Data'!AK36 -> 0 | T42: ='Budget Filing Data'!AL36 -> 0 | U42: ='Budget Filing Data'!AM36 -> 1532691.3 | V42: ='Budget Filing Data'!W36 -> 0 | W42: =IF('Budget Filing Data'!Z36<>0,('Budget Filing Data'!AB36+'Budget Filing Data'!AC36+'Budget Filing Data'!AR36+'Budget Filing Data'!AD36+'Budget Filing Data'!BK36)/'Budget Filing Data'!Z36,0) -> 0 | X42: =IF('Budget Filing Data'!AA36<>0,('Budget Filing Data'!AB36+'Budget Filing Data'!AC36+'Budget Filing Data'!AR36+'Budget Filing Data'!AD36)/'Budget Filing Data'!AA36,0) -> 0 | Y42: =IF('Budget Filing Data'!BL36<>0,('Budget Filing Data'!AB36+'Budget Filing Data'!AC36+'Budget Filing Data'!AR36+'Budget Filing Data'!AD36+'Budget Filing Data'!AP36+'Budget Filing Data'!AQ36)/('Budget Filing Data'!BL36),0) -> 0 | Z42: =IF('Budget Filing Data'!BC36<>0,('Budget Filing Data'!BD36+'Budget Filing Data'!BE36+'Budget Filing Data'!BF36+'Budget Filing Data'!AD36)/'Budget Filing Data'!BC36,0) -> 0 | AA42: =IF('Budget Filing Data'!BG36<>0,('Budget Filing Data'!BH36+'Budget Filing Data'!BI36+'Budget Filing Data'!BJ36+'Budget Filing Data'!AD36)/'Budget Filing Data'!BG36,0) -> 0 | AB42: ='Budget Filing Data'!P36 -> 0 | AC42: ='Budget Filing Data'!Q36 -> 0 | AD42: ='Budget Filing Data'!R36 -> 0 | AE42: ='Budget Filing Data'!AE36 -> 0 | AF42: ='Budget Filing Data'!AF36 -> 0 | AG42: ='Budget Filing Data'!$S36 -> 0 | AH42: ='Budget Filing Data'!T36 -> 0 | AI42: ='Budget Filing Data'!$U36 -> 0 | AJ42: ='Budget Filing Data'!$V36 -> 0 | AK42: 0 | AL42: 0
C43: ='Budget Filing Data'!D37 -> PGE_Res_004b | D43: ='Budget Filing Data'!E37 -> Electrify My Block | G43: ='Budget Filing Data'!J37 -> Third-Party Solicited | H43: ='Budget Filing Data'!H37 -> Local | I43: No | J43: ='Budget Filing Data'!G37 -> Residential | K43: ='Budget Filing Data'!I37 -> Other | L43: ='Budget Filing Data'!K37 -> Equity | M43: ='Budget Filing Data'!B37 -> 2028 | N43: =SUM(O43:R43,U43) -> 3744788.7 | O43: ='Budget Filing Data'!AG37 -> 27644.713 | P43: ='Budget Filing Data'!AH37 -> 386446.16 | Q43: ='Budget Filing Data'!AI37 -> 1371253 | R43: ='Budget Filing Data'!AJ37 -> 0 | S43: ='Budget Filing Data'!AK37 -> 0 | T43: ='Budget Filing Data'!AL37 -> 0 | U43: ='Budget Filing Data'!AM37 -> 1959444.8 | V43: ='Budget Filing Data'!W37 -> 0 | W43: =IF('Budget Filing Data'!Z37<>0,('Budget Filing Data'!AB37+'Budget Filing Data'!AC37+'Budget Filing Data'!AR37+'Budget Filing Data'!AD37+'Budget Filing Data'!BK37)/'Budget Filing Data'!Z37,0) -> 0 | X43: =IF('Budget Filing Data'!AA37<>0,('Budget Filing Data'!AB37+'Budget Filing Data'!AC37+'Budget Filing Data'!AR37+'Budget Filing Data'!AD37)/'Budget Filing Data'!AA37,0) -> 0 | Y43: =IF('Budget Filing Data'!BL37<>0,('Budget Filing Data'!AB37+'Budget Filing Data'!AC37+'Budget Filing Data'!AR37+'Budget Filing Data'!AD37+'Budget Filing Data'!AP37+'Budget Filing Data'!AQ37)/('Budget Filing Data'!BL37),0) -> 0 | Z43: =IF('Budget Filing Data'!BC37<>0,('Budget Filing Data'!BD37+'Budget Filing Data'!BE37+'Budget Filing Data'!BF37+'Budget Filing Data'!AD37)/'Budget Filing Data'!BC37,0) -> 0 | AA43: =IF('Budget Filing Data'!BG37<>0,('Budget Filing Data'!BH37+'Budget Filing Data'!BI37+'Budget Filing Data'!BJ37+'Budget Filing Data'!AD37)/'Budget Filing Data'!BG37,0) -> 0 | AB43: ='Budget Filing Data'!P37 -> 0 | AC43: ='Budget Filing Data'!Q37 -> 0 | AD43: ='Budget Filing Data'!R37 -> 0 | AE43: ='Budget Filing Data'!AE37 -> 0 | AF43: ='Budget Filing Data'!AF37 -> 0 | AG43: ='Budget Filing Data'!$S37 -> 0 | AH43: ='Budget Filing Data'!T37 -> 0 | AI43: ='Budget Filing Data'!$U37 -> 0 | AJ43: ='Budget Filing Data'!$V37 -> 0 | AK43: 0 | AL43: 0
C44: ='Budget Filing Data'!D38 -> PGE_Res_005 | D44: ='Budget Filing Data'!E38 -> Residential Equity Program - Empower My Home | G44: ='Budget Filing Data'!J38 -> Third-Party Solicited | H44: ='Budget Filing Data'!H38 -> Local | I44: No | J44: ='Budget Filing Data'!G38 -> Residential | K44: ='Budget Filing Data'!I38 -> Other | L44: ='Budget Filing Data'!K38 -> Equity | M44: ='Budget Filing Data'!B38 -> 2028 | N44: =SUM(O44:R44,U44) -> 4247253.2 | O44: ='Budget Filing Data'!AG38 -> 32101.983 | P44: ='Budget Filing Data'!AH38 -> 225890.25 | Q44: ='Budget Filing Data'!AI38 -> 2500041.7 | R44: ='Budget Filing Data'!AJ38 -> 0 | S44: ='Budget Filing Data'!AK38 -> 0 | T44: ='Budget Filing Data'!AL38 -> 0 | U44: ='Budget Filing Data'!AM38 -> 1489219.2 | V44: ='Budget Filing Data'!W38 -> 0 | W44: =IF('Budget Filing Data'!Z38<>0,('Budget Filing Data'!AB38+'Budget Filing Data'!AC38+'Budget Filing Data'!AR38+'Budget Filing Data'!AD38+'Budget Filing Data'!BK38)/'Budget Filing Data'!Z38,0) -> 0 | X44: =IF('Budget Filing Data'!AA38<>0,('Budget Filing Data'!AB38+'Budget Filing Data'!AC38+'Budget Filing Data'!AR38+'Budget Filing Data'!AD38)/'Budget Filing Data'!AA38,0) -> 0 | Y44: =IF('Budget Filing Data'!BL38<>0,('Budget Filing Data'!AB38+'Budget Filing Data'!AC38+'Budget Filing Data'!AR38+'Budget Filing Data'!AD38+'Budget Filing Data'!AP38+'Budget Filing Data'!AQ38)/('Budget Filing Data'!BL38),0) -> 0 | Z44: =IF('Budget Filing Data'!BC38<>0,('Budget Filing Data'!BD38+'Budget Filing Data'!BE38+'Budget Filing Data'!BF38+'Budget Filing Data'!AD38)/'Budget Filing Data'!BC38,0) -> 0 | AA44: =IF('Budget Filing Data'!BG38<>0,('Budget Filing Data'!BH38+'Budget Filing Data'!BI38+'Budget Filing Data'!BJ38+'Budget Filing Data'!AD38)/'Budget Filing Data'!BG38,0) -> 0 | AB44: ='Budget Filing Data'!P38 -> 0 | AC44: ='Budget Filing Data'!Q38 -> 0 | AD44: ='Budget Filing Data'!R38 -> 0 | AE44: ='Budget Filing Data'!AE38 -> 0 | AF44: ='Budget Filing Data'!AF38 -> 0 | AG44: ='Budget Filing Data'!$S38 -> 0 | AH44: ='Budget Filing Data'!T38 -> 0 | AI44: ='Budget Filing Data'!$U38 -> 0 | AJ44: ='Budget Filing Data'!$V38 -> 0 | AK44: 0 | AL44: 0
C45: ='Budget Filing Data'!D39 -> PGE_Res_008 | D45: ='Budget Filing Data'!E39 -> Electrification Contractor Support Placeholder | E45: Programs that are new in 2028 or beyond | F45: See Chapter 6, Section B | G45: ='Budget Filing Data'!J39 -> Third-Party Solicited | H45: ='Budget Filing Data'!H39 -> Local | I45: Yes | J45: ='Budget Filing Data'!G39 -> Residential | K45: ='Budget Filing Data'!I39 -> Market Transformation | L45: ='Budget Filing Data'!K39 -> Market Support | M45: ='Budget Filing Data'!B39 -> 2028 | N45: =SUM(O45:R45,U45) -> 4614848.4 | O45: ='Budget Filing Data'!AG39 -> 461484.84 | P45: ='Budget Filing Data'!AH39 -> 450000 | Q45: ='Budget Filing Data'!AI39 -> 3703363.6 | R45: ='Budget Filing Data'!AJ39 -> 0 | S45: ='Budget Filing Data'!AK39 -> 0 | T45: ='Budget Filing Data'!AL39 -> 0 | U45: ='Budget Filing Data'!AM39 -> 0 | V45: ='Budget Filing Data'!W39 -> 0 | W45: =IF('Budget Filing Data'!Z39<>0,('Budget Filing Data'!AB39+'Budget Filing Data'!AC39+'Budget Filing Data'!AR39+'Budget Filing Data'!AD39+'Budget Filing Data'!BK39)/'Budget Filing Data'!Z39,0) -> 0 | X45: =IF('Budget Filing Data'!AA39<>0,('Budget Filing Data'!AB39+'Budget Filing Data'!AC39+'Budget Filing Data'!AR39+'Budget Filing Data'!AD39)/'Budget Filing Data'!AA39,0) -> 0 | Y45: =IF('Budget Filing Data'!BL39<>0,('Budget Filing Data'!AB39+'Budget Filing Data'!AC39+'Budget Filing Data'!AR39+'Budget Filing Data'!AD39+'Budget Filing Data'!AP39+'Budget Filing Data'!AQ39)/('Budget Filing Data'!BL39),0) -> 0 | Z45: =IF('Budget Filing Data'!BC39<>0,('Budget Filing Data'!BD39+'Budget Filing Data'!BE39+'Budget Filing Data'!BF39+'Budget Filing Data'!AD39)/'Budget Filing Data'!BC39,0) -> 0 | AA45: =IF('Budget Filing Data'!BG39<>0,('Budget Filing Data'!BH39+'Budget Filing Data'!BI39+'Budget Filing Data'!BJ39+'Budget Filing Data'!AD39)/'Budget Filing Data'!BG39,0) -> 0 | AB45: ='Budget Filing Data'!P39 -> 0 | AC45: ='Budget Filing Data'!Q39 -> 0 | AD45: ='Budget Filing Data'!R39 -> 0 | AE45: ='Budget Filing Data'!AE39 -> 0 | AF45: ='Budget Filing Data'!AF39 -> 0 | AG45: ='Budget Filing Data'!$S39 -> 0 | AH45: ='Budget Filing Data'!T39 -> 0 | AI45: ='Budget Filing Data'!$U39 -> 0 | AJ45: ='Budget Filing Data'!$V39 -> 0 | AK45: 0 | AL45: 0
C46: ='Budget Filing Data'!D40 -> PGE_Res_009 | D46: ='Budget Filing Data'!E40 -> Targeted Electrification Placeholder | E46: Programs that are new in 2028 or beyond | F46: See Chapter 6, Section B | G46: ='Budget Filing Data'!J40 -> Third-Party Solicited | H46: ='Budget Filing Data'!H40 -> Local | I46: No | J46: ='Budget Filing Data'!G40 -> Residential | K46: ='Budget Filing Data'!I40 -> Market Transformation | L46: ='Budget Filing Data'!K40 -> Market Support | M46: ='Budget Filing Data'!B40 -> 2028 | N46: =SUM(O46:R46,U46) -> 5114848.4 | O46: ='Budget Filing Data'!AG40 -> 511484.84 | P46: ='Budget Filing Data'!AH40 -> 500000 | Q46: ='Budget Filing Data'!AI40 -> 4103363.6 | R46: ='Budget Filing Data'!AJ40 -> 0 | S46: ='Budget Filing Data'!AK40 -> 0 | T46: ='Budget Filing Data'!AL40 -> 0 | U46: ='Budget Filing Data'!AM40 -> 0 | V46: ='Budget Filing Data'!W40 -> 0 | W46: =IF('Budget Filing Data'!Z40<>0,('Budget Filing Data'!AB40+'Budget Filing Data'!AC40+'Budget Filing Data'!AR40+'Budget Filing Data'!AD40+'Budget Filing Data'!BK40)/'Budget Filing Data'!Z40,0) -> 0 | X46: =IF('Budget Filing Data'!AA40<>0,('Budget Filing Data'!AB40+'Budget Filing Data'!AC40+'Budget Filing Data'!AR40+'Budget Filing Data'!AD40)/'Budget Filing Data'!AA40,0) -> 0 | Y46: =IF('Budget Filing Data'!BL40<>0,('Budget Filing Data'!AB40+'Budget Filing Data'!AC40+'Budget Filing Data'!AR40+'Budget Filing Data'!AD40+'Budget Filing Data'!AP40+'Budget Filing Data'!AQ40)/('Budget Filing Data'!BL40),0) -> 0 | Z46: =IF('Budget Filing Data'!BC40<>0,('Budget Filing Data'!BD40+'Budget Filing Data'!BE40+'Budget Filing Data'!BF40+'Budget Filing Data'!AD40)/'Budget Filing Data'!BC40,0) -> 0 | AA46: =IF('Budget Filing Data'!BG40<>0,('Budget Filing Data'!BH40+'Budget Filing Data'!BI40+'Budget Filing Data'!BJ40+'Budget Filing Data'!AD40)/'Budget Filing Data'!BG40,0) -> 0 | AB46: ='Budget Filing Data'!P40 -> 0 | AC46: ='Budget Filing Data'!Q40 -> 0 | AD46: ='Budget Filing Data'!R40 -> 0 | AE46: ='Budget Filing Data'!AE40 -> 0 | AF46: ='Budget Filing Data'!AF40 -> 0 | AG46: ='Budget Filing Data'!$S40 -> 0 | AH46: ='Budget Filing Data'!T40 -> 0 | AI46: ='Budget Filing Data'!$U40 -> 0 | AJ46: ='Budget Filing Data'!$V40 -> 0 | AK46: 0 | AL46: 0
C47: ='Budget Filing Data'!D41 -> PGE_Res_010 | D47: ='Budget Filing Data'!E41 -> Electrification Customer Experience Support Placeholder | E47: Programs that are new in 2028 or beyond | F47: See Chapter 6, Section B | G47: ='Budget Filing Data'!J41 -> IOU Core | H47: ='Budget Filing Data'!H41 -> Local | I47: Yes | J47: ='Budget Filing Data'!G41 -> Residential | K47: ='Budget Filing Data'!I41 -> Market Transformation | L47: ='Budget Filing Data'!K41 -> Market Support | M47: ='Budget Filing Data'!B41 -> 2028 | N47: =SUM(O47:R47,U47) -> 2114848.4 | O47: ='Budget Filing Data'!AG41 -> 211484.84 | P47: ='Budget Filing Data'!AH41 -> 200000 | Q47: ='Budget Filing Data'!AI41 -> 1703363.6 | R47: ='Budget Filing Data'!AJ41 -> 0 | S47: ='Budget Filing Data'!AK41 -> 0 | T47: ='Budget Filing Data'!AL41 -> 0 | U47: ='Budget Filing Data'!AM41 -> 0 | V47: ='Budget Filing Data'!W41 -> 0 | W47: =IF('Budget Filing Data'!Z41<>0,('Budget Filing Data'!AB41+'Budget Filing Data'!AC41+'Budget Filing Data'!AR41+'Budget Filing Data'!AD41+'Budget Filing Data'!BK41)/'Budget Filing Data'!Z41,0) -> 0 | X47: =IF('Budget Filing Data'!AA41<>0,('Budget Filing Data'!AB41+'Budget Filing Data'!AC41+'Budget Filing Data'!AR41+'Budget Filing Data'!AD41)/'Budget Filing Data'!AA41,0) -> 0 | Y47: =IF('Budget Filing Data'!BL41<>0,('Budget Filing Data'!AB41+'Budget Filing Data'!AC41+'Budget Filing Data'!AR41+'Budget Filing Data'!AD41+'Budget Filing Data'!AP41+'Budget Filing Data'!AQ41)/('Budget Filing Data'!BL41),0) -> 0 | Z47: =IF('Budget Filing Data'!BC41<>0,('Budget Filing Data'!BD41+'Budget Filing Data'!BE41+'Budget Filing Data'!BF41+'Budget Filing Data'!AD41)/'Budget Filing Data'!BC41,0) -> 0 | AA47: =IF('Budget Filing Data'!BG41<>0,('Budget Filing Data'!BH41+'Budget Filing Data'!BI41+'Budget Filing Data'!BJ41+'Budget Filing Data'!AD41)/'Budget Filing Data'!BG41,0) -> 0 | AB47: ='Budget Filing Data'!P41 -> 0 | AC47: ='Budget Filing Data'!Q41 -> 0 | AD47: ='Budget Filing Data'!R41 -> 0 | AE47: ='Budget Filing Data'!AE41 -> 0 | AF47: ='Budget Filing Data'!AF41 -> 0 | AG47: ='Budget Filing Data'!$S41 -> 0 | AH47: ='Budget Filing Data'!T41 -> 0 | AI47: ='Budget Filing Data'!$U41 -> 0 | AJ47: ='Budget Filing Data'!$V41 -> 0 | AK47: 0 | AL47: 0
C48: ='Budget Filing Data'!D42 -> PGE_Res_011 | D48: ='Budget Filing Data'!E42 -> Heat Pump Adoption Program Placeholder | E48: Programs that are new in 2028 or beyond | F48: See Chapter 6, Section B | G48: ='Budget Filing Data'!J42 -> Third-Party Solicited | H48: ='Budget Filing Data'!H42 -> Local | I48: No | J48: ='Budget Filing Data'!G42 -> Residential | K48: ='Budget Filing Data'!I42 -> Market Transformation | L48: ='Budget Filing Data'!K42 -> Resource | M48: ='Budget Filing Data'!B42 -> 2028 | N48: =SUM(O48:R48,U48) -> 3114848.4 | O48: ='Budget Filing Data'!AG42 -> 311484.84 | P48: ='Budget Filing Data'!AH42 -> 300000 | Q48: ='Budget Filing Data'!AI42 -> 2503363.6 | R48: ='Budget Filing Data'!AJ42 -> 0 | S48: ='Budget Filing Data'!AK42 -> 0 | T48: ='Budget Filing Data'!AL42 -> 0 | U48: ='Budget Filing Data'!AM42 -> 0 | V48: ='Budget Filing Data'!W42 -> 0 | W48: =IF('Budget Filing Data'!Z42<>0,('Budget Filing Data'!AB42+'Budget Filing Data'!AC42+'Budget Filing Data'!AR42+'Budget Filing Data'!AD42+'Budget Filing Data'!BK42)/'Budget Filing Data'!Z42,0) -> 0 | X48: =IF('Budget Filing Data'!AA42<>0,('Budget Filing Data'!AB42+'Budget Filing Data'!AC42+'Budget Filing Data'!AR42+'Budget Filing Data'!AD42)/'Budget Filing Data'!AA42,0) -> 0 | Y48: =IF('Budget Filing Data'!BL42<>0,('Budget Filing Data'!AB42+'Budget Filing Data'!AC42+'Budget Filing Data'!AR42+'Budget Filing Data'!AD42+'Budget Filing Data'!AP42+'Budget Filing Data'!AQ42)/('Budget Filing Data'!BL42),0) -> 0 | Z48: =IF('Budget Filing Data'!BC42<>0,('Budget Filing Data'!BD42+'Budget Filing Data'!BE42+'Budget Filing Data'!BF42+'Budget Filing Data'!AD42)/'Budget Filing Data'!BC42,0) -> 0 | AA48: =IF('Budget Filing Data'!BG42<>0,('Budget Filing Data'!BH42+'Budget Filing Data'!BI42+'Budget Filing Data'!BJ42+'Budget Filing Data'!AD42)/'Budget Filing Data'!BG42,0) -> 0 | AB48: ='Budget Filing Data'!P42 -> 0 | AC48: ='Budget Filing Data'!Q42 -> 0 | AD48: ='Budget Filing Data'!R42 -> 0 | AE48: ='Budget Filing Data'!AE42 -> 0 | AF48: ='Budget Filing Data'!AF42 -> 0 | AG48: ='Budget Filing Data'!$S42 -> 0 | AH48: ='Budget Filing Data'!T42 -> 0 | AI48: ='Budget Filing Data'!$U42 -> 0 | AJ48: ='Budget Filing Data'!$V42 -> 0 | AK48: 0 | AL48: 0
C49: ='Budget Filing Data'!D43 -> PGE_SW_CSA_Appl | D49: ='Budget Filing Data'!E43 -> State Appliance Standards Advocacy | E49: Programs with enhanced budgets (>40% budget increase) | F49: Shifted funds within SW CSA (overall SW CSA budget is unchanged) | G49: ='Budget Filing Data'!J43 -> Third-Party Solicited | H49: ='Budget Filing Data'!H43 -> SW - PGE Lead | I49: No | J49: ='Budget Filing Data'!G43 -> Cross-Cutting | K49: ='Budget Filing Data'!I43 -> Codes and Standards | L49: ='Budget Filing Data'!K43 -> C&S | M49: ='Budget Filing Data'!B43 -> 2028 | N49: =SUM(O49:R49,U49) -> 1812096.2 | O49: ='Budget Filing Data'!AG43 -> 0 | P49: ='Budget Filing Data'!AH43 -> 0 | Q49: ='Budget Filing Data'!AI43 -> 1812096.2 | R49: ='Budget Filing Data'!AJ43 -> 0 | S49: ='Budget Filing Data'!AK43 -> 0 | T49: ='Budget Filing Data'!AL43 -> 0 | U49: ='Budget Filing Data'!AM43 -> 0 | V49: ='Budget Filing Data'!W43 -> 88970079 | W49: =IF('Budget Filing Data'!Z43<>0,('Budget Filing Data'!AB43+'Budget Filing Data'!AC43+'Budget Filing Data'!AR43+'Budget Filing Data'!AD43+'Budget Filing Data'!BK43)/'Budget Filing Data'!Z43,0) -> 6.2117397 | X49: =IF('Budget Filing Data'!AA43<>0,('Budget Filing Data'!AB43+'Budget Filing Data'!AC43+'Budget Filing Data'!AR43+'Budget Filing Data'!AD43)/'Budget Filing Data'!AA43,0) -> 49.097879 | Y49: =IF('Budget Filing Data'!BL43<>0,('Budget Filing Data'!AB43+'Budget Filing Data'!AC43+'Budget Filing Data'!AR43+'Budget Filing Data'!AD43+'Budget Filing Data'!AP43+'Budget Filing Data'!AQ43)/('Budget Filing Data'!BL43),0) -> 0.38468742 | Z49: =IF('Budget Filing Data'!BC43<>0,('Budget Filing Data'!BD43+'Budget Filing Data'!BE43+'Budget Filing Data'!BF43+'Budget Filing Data'!AD43)/'Budget Filing Data'!BC43,0) -> 8.6622441 | AA49: =IF('Budget Filing Data'!BG43<>0,('Budget Filing Data'!BH43+'Budget Filing Data'!BI43+'Budget Filing Data'!BJ43+'Budget Filing Data'!AD43)/'Budget Filing Data'!BG43,0) -> 8.8499833 | AB49: ='Budget Filing Data'!P43 -> 75656485 | AC49: ='Budget Filing Data'!Q43 -> 9784.0348 | AD49: ='Budget Filing Data'!R43 -> 1081103.1 | AE49: ='Budget Filing Data'!AE43 -> 19907.678 | AF49: ='Budget Filing Data'!AF43 -> 5740.6574 | AG49: ='Budget Filing Data'!$S43 -> 9.7136274e+08 | AH49: ='Budget Filing Data'!T43 -> 11553306 | AI49: ='Budget Filing Data'!$U43 -> 201427.13 | AJ49: ='Budget Filing Data'!$V43 -> 61348.054 | AK49: 0 | AL49: 0
C50: ='Budget Filing Data'!D44 -> PGE_SW_CSA_Appl_PA | D50: ='Budget Filing Data'!E44 -> State Appliance Standards Advocacy PA Costs | G50: ='Budget Filing Data'!J44 -> IOU Core | H50: ='Budget Filing Data'!H44 -> SW - PGE Lead | I50: No | J50: ='Budget Filing Data'!G44 -> Cross-Cutting | K50: ='Budget Filing Data'!I44 -> Codes and Standards | L50: ='Budget Filing Data'!K44 -> C&S | M50: ='Budget Filing Data'!B44 -> 2028 | N50: =SUM(O50:R50,U50) -> 2465141.6 | O50: ='Budget Filing Data'!AG44 -> 12705.387 | P50: ='Budget Filing Data'!AH44 -> 0 | Q50: ='Budget Filing Data'!AI44 -> 2452436.2 | R50: ='Budget Filing Data'!AJ44 -> 0 | S50: ='Budget Filing Data'!AK44 -> 0 | T50: ='Budget Filing Data'!AL44 -> 0 | U50: ='Budget Filing Data'!AM44 -> 0 | V50: ='Budget Filing Data'!W44 -> 0 | W50: =IF('Budget Filing Data'!Z44<>0,('Budget Filing Data'!AB44+'Budget Filing Data'!AC44+'Budget Filing Data'!AR44+'Budget Filing Data'!AD44+'Budget Filing Data'!BK44)/'Budget Filing Data'!Z44,0) -> 0 | X50: =IF('Budget Filing Data'!AA44<>0,('Budget Filing Data'!AB44+'Budget Filing Data'!AC44+'Budget Filing Data'!AR44+'Budget Filing Data'!AD44)/'Budget Filing Data'!AA44,0) -> 0 | Y50: =IF('Budget Filing Data'!BL44<>0,('Budget Filing Data'!AB44+'Budget Filing Data'!AC44+'Budget Filing Data'!AR44+'Budget Filing Data'!AD44+'Budget Filing Data'!AP44+'Budget Filing Data'!AQ44)/('Budget Filing Data'!BL44),0) -> 0 | Z50: =IF('Budget Filing Data'!BC44<>0,('Budget Filing Data'!BD44+'Budget Filing Data'!BE44+'Budget Filing Data'!BF44+'Budget Filing Data'!AD44)/'Budget Filing Data'!BC44,0) -> 0 | AA50: =IF('Budget Filing Data'!BG44<>0,('Budget Filing Data'!BH44+'Budget Filing Data'!BI44+'Budget Filing Data'!BJ44+'Budget Filing Data'!AD44)/'Budget Filing Data'!BG44,0) -> 0 | AB50: ='Budget Filing Data'!P44 -> 0 | AC50: ='Budget Filing Data'!Q44 -> 0 | AD50: ='Budget Filing Data'!R44 -> 0 | AE50: ='Budget Filing Data'!AE44 -> 0 | AF50: ='Budget Filing Data'!AF44 -> 0 | AG50: ='Budget Filing Data'!$S44 -> 0 | AH50: ='Budget Filing Data'!T44 -> 0 | AI50: ='Budget Filing Data'!$U44 -> 0 | AJ50: ='Budget Filing Data'!$V44 -> 0 | AK50: 0 | AL50: 0
C51: ='Budget Filing Data'!D45 -> PGE_SW_CSA_Bldg | D51: ='Budget Filing Data'!E45 -> State Building Codes Advocacy | G51: ='Budget Filing Data'!J45 -> Third-Party Solicited | H51: ='Budget Filing Data'!H45 -> SW - PGE Lead | I51: No | J51: ='Budget Filing Data'!G45 -> Cross-Cutting | K51: ='Budget Filing Data'!I45 -> Codes and Standards | L51: ='Budget Filing Data'!K45 -> C&S | M51: ='Budget Filing Data'!B45 -> 2028 | N51: =SUM(O51:R51,U51) -> 3806691.5 | O51: ='Budget Filing Data'!AG45 -> 0 | P51: ='Budget Filing Data'!AH45 -> 0 | Q51: ='Budget Filing Data'!AI45 -> 3806691.5 | R51: ='Budget Filing Data'!AJ45 -> 0 | S51: ='Budget Filing Data'!AK45 -> 0 | T51: ='Budget Filing Data'!AL45 -> 0 | U51: ='Budget Filing Data'!AM45 -> 0 | V51: ='Budget Filing Data'!W45 -> 7.7533476e+08 | W51: =IF('Budget Filing Data'!Z45<>0,('Budget Filing Data'!AB45+'Budget Filing Data'!AC45+'Budget Filing Data'!AR45+'Budget Filing Data'!AD45+'Budget Filing Data'!BK45)/'Budget Filing Data'!Z45,0) -> 1.5528132 | X51: =IF('Budget Filing Data'!AA45<>0,('Budget Filing Data'!AB45+'Budget Filing Data'!AC45+'Budget Filing Data'!AR45+'Budget Filing Data'!AD45)/'Budget Filing Data'!AA45,0) -> 203.67681 | Y51: =IF('Budget Filing Data'!BL45<>0,('Budget Filing Data'!AB45+'Budget Filing Data'!AC45+'Budget Filing Data'!AR45+'Budget Filing Data'!AD45+'Budget Filing Data'!AP45+'Budget Filing Data'!AQ45)/('Budget Filing Data'!BL45),0) -> 0.53042612 | Z51: =IF('Budget Filing Data'!BC45<>0,('Budget Filing Data'!BD45+'Budget Filing Data'!BE45+'Budget Filing Data'!BF45+'Budget Filing Data'!AD45)/'Budget Filing Data'!BC45,0) -> 2.2728568 | AA51: =IF('Budget Filing Data'!BG45<>0,('Budget Filing Data'!BH45+'Budget Filing Data'!BI45+'Budget Filing Data'!BJ45+'Budget Filing Data'!AD45)/'Budget Filing Data'!BG45,0) -> 2.2967316 | AB51: ='Budget Filing Data'!P45 -> 4.258259e+08 | AC51: ='Budget Filing Data'!Q45 -> 77775.642 | AD51: ='Budget Filing Data'!R45 -> 14746666 | AE51: ='Budget Filing Data'!AE45 -> 100866.05 | AF51: ='Budget Filing Data'!AF45 -> 78304.799 | AG51: ='Budget Filing Data'!$S45 -> 6.3911169e+09 | AH51: ='Budget Filing Data'!T45 -> 2.2933119e+08 | AI51: ='Budget Filing Data'!$U45 -> 1069701.7 | AJ51: ='Budget Filing Data'!$V45 -> 1217748.6 | AK51: 0 | AL51: 0
C52: ='Budget Filing Data'!D46 -> PGE_SW_CSA_Bldg_PA | D52: ='Budget Filing Data'!E46 -> State Building Codes Advocacy PA Costs | G52: ='Budget Filing Data'!J46 -> IOU Core | H52: ='Budget Filing Data'!H46 -> SW - PGE Lead | I52: No | J52: ='Budget Filing Data'!G46 -> Cross-Cutting | K52: ='Budget Filing Data'!I46 -> Codes and Standards | L52: ='Budget Filing Data'!K46 -> C&S | M52: ='Budget Filing Data'!B46 -> 2028 | N52: =SUM(O52:R52,U52) -> 722977.31 | O52: ='Budget Filing Data'!AG46 -> 20697.485 | P52: ='Budget Filing Data'!AH46 -> 0 | Q52: ='Budget Filing Data'!AI46 -> 702279.83 | R52: ='Budget Filing Data'!AJ46 -> 0 | S52: ='Budget Filing Data'!AK46 -> 0 | T52: ='Budget Filing Data'!AL46 -> 0 | U52: ='Budget Filing Data'!AM46 -> 0 | V52: ='Budget Filing Data'!W46 -> 0 | W52: =IF('Budget Filing Data'!Z46<>0,('Budget Filing Data'!AB46+'Budget Filing Data'!AC46+'Budget Filing Data'!AR46+'Budget Filing Data'!AD46+'Budget Filing Data'!BK46)/'Budget Filing Data'!Z46,0) -> 0 | X52: =IF('Budget Filing Data'!AA46<>0,('Budget Filing Data'!AB46+'Budget Filing Data'!AC46+'Budget Filing Data'!AR46+'Budget Filing Data'!AD46)/'Budget Filing Data'!AA46,0) -> 0 | Y52: =IF('Budget Filing Data'!BL46<>0,('Budget Filing Data'!AB46+'Budget Filing Data'!AC46+'Budget Filing Data'!AR46+'Budget Filing Data'!AD46+'Budget Filing Data'!AP46+'Budget Filing Data'!AQ46)/('Budget Filing Data'!BL46),0) -> 0 | Z52: =IF('Budget Filing Data'!BC46<>0,('Budget Filing Data'!BD46+'Budget Filing Data'!BE46+'Budget Filing Data'!BF46+'Budget Filing Data'!AD46)/'Budget Filing Data'!BC46,0) -> 0 | AA52: =IF('Budget Filing Data'!BG46<>0,('Budget Filing Data'!BH46+'Budget Filing Data'!BI46+'Budget Filing Data'!BJ46+'Budget Filing Data'!AD46)/'Budget Filing Data'!BG46,0) -> 0 | AB52: ='Budget Filing Data'!P46 -> 0 | AC52: ='Budget Filing Data'!Q46 -> 0 | AD52: ='Budget Filing Data'!R46 -> 0 | AE52: ='Budget Filing Data'!AE46 -> 0 | AF52: ='Budget Filing Data'!AF46 -> 0 | AG52: ='Budget Filing Data'!$S46 -> 0 | AH52: ='Budget Filing Data'!T46 -> 0 | AI52: ='Budget Filing Data'!$U46 -> 0 | AJ52: ='Budget Filing Data'!$V46 -> 0 | AK52: 0 | AL52: 0
C53: ='Budget Filing Data'!D47 -> PGE_SW_CSA_Natl | D53: ='Budget Filing Data'!E47 -> National Codes & Standards Advocacy | G53: ='Budget Filing Data'!J47 -> Third-Party Solicited | H53: ='Budget Filing Data'!H47 -> SW - PGE Lead | I53: No | J53: ='Budget Filing Data'!G47 -> Cross-Cutting | K53: ='Budget Filing Data'!I47 -> Codes and Standards | L53: ='Budget Filing Data'!K47 -> C&S | M53: ='Budget Filing Data'!B47 -> 2028 | N53: =SUM(O53:R53,U53) -> 2306256.4 | O53: ='Budget Filing Data'!AG47 -> 0 | P53: ='Budget Filing Data'!AH47 -> 0 | Q53: ='Budget Filing Data'!AI47 -> 2306256.4 | R53: ='Budget Filing Data'!AJ47 -> 0 | S53: ='Budget Filing Data'!AK47 -> 0 | T53: ='Budget Filing Data'!AL47 -> 0 | U53: ='Budget Filing Data'!AM47 -> 0 | V53: ='Budget Filing Data'!W47 -> 1.9297792e+08 | W53: =IF('Budget Filing Data'!Z47<>0,('Budget Filing Data'!AB47+'Budget Filing Data'!AC47+'Budget Filing Data'!AR47+'Budget Filing Data'!AD47+'Budget Filing Data'!BK47)/'Budget Filing Data'!Z47,0) -> 1.6581621 | X53: =IF('Budget Filing Data'!AA47<>0,('Budget Filing Data'!AB47+'Budget Filing Data'!AC47+'Budget Filing Data'!AR47+'Budget Filing Data'!AD47)/'Budget Filing Data'!AA47,0) -> 83.675833 | Y53: =IF('Budget Filing Data'!BL47<>0,('Budget Filing Data'!AB47+'Budget Filing Data'!AC47+'Budget Filing Data'!AR47+'Budget Filing Data'!AD47+'Budget Filing Data'!AP47+'Budget Filing Data'!AQ47)/('Budget Filing Data'!BL47),0) -> 0.39422275 | Z53: =IF('Budget Filing Data'!BC47<>0,('Budget Filing Data'!BD47+'Budget Filing Data'!BE47+'Budget Filing Data'!BF47+'Budget Filing Data'!AD47)/'Budget Filing Data'!BC47,0) -> 2.3320337 | AA53: =IF('Budget Filing Data'!BG47<>0,('Budget Filing Data'!BH47+'Budget Filing Data'!BI47+'Budget Filing Data'!BJ47+'Budget Filing Data'!AD47)/'Budget Filing Data'!BG47,0) -> 2.3827568 | AB53: ='Budget Filing Data'!P47 -> 1.873426e+08 | AC53: ='Budget Filing Data'!Q47 -> 59798.605 | AD53: ='Budget Filing Data'!R47 -> 839940.63 | AE53: ='Budget Filing Data'!AE47 -> 47130.272 | AF53: ='Budget Filing Data'!AF47 -> 4460.0848 | AG53: ='Budget Filing Data'!$S47 -> 2.5536378e+09 | AH53: ='Budget Filing Data'!T47 -> 16794283 | AI53: ='Budget Filing Data'!$U47 -> 485173.87 | AJ53: ='Budget Filing Data'!$V47 -> 89177.642 | AK53: 0 | AL53: 0
C54: ='Budget Filing Data'!D48 -> PGE_SW_CSA_Natl_PA | D54: ='Budget Filing Data'!E48 -> National Codes & Standards Advocacy PA Costs | G54: ='Budget Filing Data'!J48 -> IOU Core | H54: ='Budget Filing Data'!H48 -> SW - PGE Lead | I54: No | J54: ='Budget Filing Data'!G48 -> Cross-Cutting | K54: ='Budget Filing Data'!I48 -> Codes and Standards | L54: ='Budget Filing Data'!K48 -> C&S | M54: ='Budget Filing Data'!B48 -> 2028 | N54: =SUM(O54:R54,U54) -> 284770.9 | O54: ='Budget Filing Data'!AG48 -> 26845.252 | P54: ='Budget Filing Data'!AH48 -> 0 | Q54: ='Budget Filing Data'!AI48 -> 257925.65 | R54: ='Budget Filing Data'!AJ48 -> 0 | S54: ='Budget Filing Data'!AK48 -> 0 | T54: ='Budget Filing Data'!AL48 -> 0 | U54: ='Budget Filing Data'!AM48 -> 0 | V54: ='Budget Filing Data'!W48 -> 0 | W54: =IF('Budget Filing Data'!Z48<>0,('Budget Filing Data'!AB48+'Budget Filing Data'!AC48+'Budget Filing Data'!AR48+'Budget Filing Data'!AD48+'Budget Filing Data'!BK48)/'Budget Filing Data'!Z48,0) -> 0 | X54: =IF('Budget Filing Data'!AA48<>0,('Budget Filing Data'!AB48+'Budget Filing Data'!AC48+'Budget Filing Data'!AR48+'Budget Filing Data'!AD48)/'Budget Filing Data'!AA48,0) -> 0 | Y54: =IF('Budget Filing Data'!BL48<>0,('Budget Filing Data'!AB48+'Budget Filing Data'!AC48+'Budget Filing Data'!AR48+'Budget Filing Data'!AD48+'Budget Filing Data'!AP48+'Budget Filing Data'!AQ48)/('Budget Filing Data'!BL48),0) -> 0 | Z54: =IF('Budget Filing Data'!BC48<>0,('Budget Filing Data'!BD48+'Budget Filing Data'!BE48+'Budget Filing Data'!BF48+'Budget Filing Data'!AD48)/'Budget Filing Data'!BC48,0) -> 0 | AA54: =IF('Budget Filing Data'!BG48<>0,('Budget Filing Data'!BH48+'Budget Filing Data'!BI48+'Budget Filing Data'!BJ48+'Budget Filing Data'!AD48)/'Budget Filing Data'!BG48,0) -> 0 | AB54: ='Budget Filing Data'!P48 -> 0 | AC54: ='Budget Filing Data'!Q48 -> 0 | AD54: ='Budget Filing Data'!R48 -> 0 | AE54: ='Budget Filing Data'!AE48 -> 0 | AF54: ='Budget Filing Data'!AF48 -> 0 | AG54: ='Budget Filing Data'!$S48 -> 0 | AH54: ='Budget Filing Data'!T48 -> 0 | AI54: ='Budget Filing Data'!$U48 -> 0 | AJ54: ='Budget Filing Data'!$V48 -> 0 | AK54: 0 | AL54: 0
C55: ='Budget Filing Data'!D49 -> PGE_SW_FS | D55: ='Budget Filing Data'!E49 -> Food Service POS | G55: ='Budget Filing Data'!J49 -> Third-Party Solicited | H55: ='Budget Filing Data'!H49 -> SW - Other IOU Lead | I55: No | J55: ='Budget Filing Data'!G49 -> Commercial | K55: ='Budget Filing Data'!I49 -> Other | L55: ='Budget Filing Data'!K49 -> Resource | M55: ='Budget Filing Data'!B49 -> 2028 | N55: =SUM(O55:R55,U55) -> 7037600 | O55: ='Budget Filing Data'!AG49 -> 655698.72 | P55: ='Budget Filing Data'!AH49 -> 489098.59 | Q55: ='Budget Filing Data'!AI49 -> 2808559.7 | R55: ='Budget Filing Data'!AJ49 -> 0 | S55: ='Budget Filing Data'!AK49 -> 0 | T55: ='Budget Filing Data'!AL49 -> 0 | U55: ='Budget Filing Data'!AM49 -> 3084243 | V55: ='Budget Filing Data'!W49 -> 15237039 | W55: =IF('Budget Filing Data'!Z49<>0,('Budget Filing Data'!AB49+'Budget Filing Data'!AC49+'Budget Filing Data'!AR49+'Budget Filing Data'!AD49+'Budget Filing Data'!BK49)/'Budget Filing Data'!Z49,0) -> 1.5792385 | X55: =IF('Budget Filing Data'!AA49<>0,('Budget Filing Data'!AB49+'Budget Filing Data'!AC49+'Budget Filing Data'!AR49+'Budget Filing Data'!AD49)/'Budget Filing Data'!AA49,0) -> 2.2140148 | Y55: =IF('Budget Filing Data'!BL49<>0,('Budget Filing Data'!AB49+'Budget Filing Data'!AC49+'Budget Filing Data'!AR49+'Budget Filing Data'!AD49+'Budget Filing Data'!AP49+'Budget Filing Data'!AQ49)/('Budget Filing Data'!BL49),0) -> 0.58518148 | Z55: =IF('Budget Filing Data'!BC49<>0,('Budget Filing Data'!BD49+'Budget Filing Data'!BE49+'Budget Filing Data'!BF49+'Budget Filing Data'!AD49)/'Budget Filing Data'!BC49,0) -> 2.2175139 | AA55: =IF('Budget Filing Data'!BG49<>0,('Budget Filing Data'!BH49+'Budget Filing Data'!BI49+'Budget Filing Data'!BJ49+'Budget Filing Data'!AD49)/'Budget Filing Data'!BG49,0) -> 2.2208081 | AB55: ='Budget Filing Data'!P49 -> 2942939.4 | AC55: ='Budget Filing Data'!Q49 -> 349.06706 | AD55: ='Budget Filing Data'!R49 -> 652783.48 | AE55: ='Budget Filing Data'!AE49 -> 503.03696 | AF55: ='Budget Filing Data'!AF49 -> 3466.2803 | AG55: ='Budget Filing Data'!$S49 -> 35418665 | AH55: ='Budget Filing Data'!T49 -> 7542207.5 | AI55: ='Budget Filing Data'!$U49 -> 4927.9581 | AJ55: ='Budget Filing Data'!$V49 -> 40049.122 | AK55: 0 | AL55: 0
